Workbook

Sheet Introduction
A1: KWAZULU-NATAL METRO, DISTRICT AND LOCAL MUNICIPAL FINANCES
C4: SUMMARY – KWAZULU-NATAL, 2003/04 – 2012/13
C6: Total Income and Expenditure per Catogory as a percentage of Total Income and Expenditure | K6: Analysis of sources of revenue
C8: Year-on-Year Growth Rate in Revenue and Expenditure
C10: Total Municipal Income and Expenditure - 2003 to 2013
K11: OPEX 2008/09
C12: Municipal Income and Expenditure as a % of Total Income and Expenditure | K12: OPEX 2009/10
C14: Municipal Ratings based on Income and Expenditure
C16: Correlation Matrix
C18: 2003/04 | G18: Conditional Grants
C19: 2004/05 | G19: Conditional Grants
C20: 2005/06
C21: 2006/07
C22: 2007/08
C23: 2008/09
C24: 2009/10
C25: 2010/11- Medium-Term Estimates
C26: 2011/12- Medium-Term Estimates
C27: 2012/13- Medium-Term Estimates

Sheet Revenue
A1: Analysis of sources of revenue
C3: 2009/10 Quarter 3: Results | H3: 2009/10 Quarter 1: Results | N3: 2008/09 Quarter 3: Results | S3: 2008/09 Quarter 1: Results | Y3: Increase/Decrease 2009/10 Quarter 1 to 3 | Z3: Increase/Decrease 2009/10 Quarter 3 Annual | AA3: Increase/Decrease 2009/10: Quarter 1 Annual
C4: Own Revenue | F4: Grants Revenue | G4: Total | H4: Own Revenue | K4: Grants Revenue | L4: Total | N4: Own Revenue | Q4: Grants Revenue | R4: Total | S4: Own Revenue | V4: Grants Revenue | W4: Total
C5: Property Rates | D5: Service Charges | E5: Other | H5: Property Rates | I5: Service Charges | J5: Other | N5: Property Rates | O5: Service Charges | P5: Other | S5: Property Rates | T5: Service Charges | U5: Other
B7: KwaZulu-Natal
A9: A | B9: eThekwini | C9: 1130600.3 | D9: 1993272.5 | E9: 576371.8 | F9: 1096054 | G9: 4796298.6 | H9: 966499.54 | I9: 2080815 | J9: =L9-(H9+I9+K9) -> 765911.32 | K9: 862336 | L9: 4675561.9 | N9: 1076890.1 | O9: 1630822.3 | P9: -41715.418 | Q9: 1666108 | R9: 4332104.9 | S9: 652169 | T9: 1772904 | U9: =W9-(S9+T9+V9) -> 130693 | V9: 823527 | W9: 3379293 | Y9: =(G9-L9)/L9 -> 0.02582293 | Z9: =(G9-R9)/R9 -> 0.10715198 | AA9: =(L9-W9)/L9 -> 0.27724344
B11: Ugu Municipalities
A12: B | B12: Vulamehlo | C12: 0 | D12: 0 | E12: -2241.551 | F12: 3070 | G12: 828.449 | H12: 0.15 | I12: 0 | J12: =L12-(H12+I12+K12) -> 12781.855 | K12: 1735 | L12: 14517.005 | N12: 0 | O12: 0 | P12: 6356.767 | Q12: 1235 | R12: 7591.767 | S12: 0 | T12: 0 | U12: =W12-(S12+T12+V12) -> 649 | V12: 1235 | W12: 1884 | Y12: =(G12-L12)/L12 -> -0.94293251 | Z12: =(G12-R12)/R12 -> -0.89087534 | AA12: =(L12-W12)/L12 -> 0.87022116
A13: B | B13: Umdoni | C13: 903.851 | D13: 129.494 | E13: -3060.128 | F13: 12085 | G13: 10058.217 | H13: -27.239 | I13: 106.079 | J13: =L13-(H13+I13+K13) -> 12594.624 | K13: 750 | L13: 13423.464 | N13: 1430.653 | O13: 75.222 | P13: 111.559 | Q13: 900 | R13: 2517.434 | S13: 44962 | T13: 6210 | U13: =W13-(S13+T13+V13) -> 11546 | V13: 900 | W13: 63618 | Y13: =(G13-L13)/L13 -> -0.25069885 | Z13: =(G13-R13)/R13 -> 2.9954243 | AA13: =(L13-W13)/L13 -> -3.7393132
A14: B | B14: Umzumbe | C14: 0 | D14: 0 | E14: 4339.385 | F14: 3541 | G14: 7880.385 | H14: 0 | I14: 0 | J14: =L14-(H14+I14+K14) -> 22297.104 | K14: 1000 | L14: 23297.104 | N14: 0 | O14: 0 | P14: 10487.937 | Q14: 985 | R14: 11472.937 | S14: 0 | T14: 0 | U14: =W14-(S14+T14+V14) -> 12994 | V14: 735 | W14: 13729 | Y14: =(G14-L14)/L14 -> -0.66174401 | Z14: =(G14-R14)/R14 -> -0.31313272 | AA14: =(L14-W14)/L14 -> 0.41069929
A15: B | B15: uMuziwabantu | C15: 1304.971 | D15: 3349.846 | E15: -1387.959 | F15: 3063 | G15: 6329.858 | H15: 986.978 | I15: 3789.508 | J15: =L15-(H15+I15+K15) -> 248.983 | K15: 1400 | L15: 6425.469 | N15: 4164.119 | O15: 2389.492 | P15: 12342.331 | Q15: 900 | R15: 19795.942 | S15: 23 | T15: 2950 | U15: =W15-(S15+T15+V15) -> 6718 | V15: 400 | W15: 10091 | Y15: =(G15-L15)/L15 -> -0.014880003 | Z15: =(G15-R15)/R15 -> -0.68024467 | AA15: =(L15-W15)/L15 -> -0.57046902
A16: B | B16: Ezinqolweni | C16: 20.27 | D16: 0 | E16: -1690.219 | F16: 1735 | G16: 65.051 | H16: 12.462 | I16: 0 | J16: =L16-(H16+I16+K16) -> 6629.552 | K16: 1000 | L16: 7642.014 | N16: 0.854 | O16: 1 | P16: 4546.511 | Q16: 985 | R16: 5533.365 | S16: 0 | T16: 51 | U16: =W16-(S16+T16+V16) -> 4384 | V16: 985 | W16: 5420 | Y16: =(G16-L16)/L16 -> -0.99148772 | Z16: =(G16-R16)/R16 -> -0.98824386 | AA16: =(L16-W16)/L16 -> 0.29076288
A17: B | B17: Hibiscus Coast | C17: 0 | D17: 0 | E17: -1479 | F17: 1479 | G17: 0 | H17: 83601.251 | I17: 23532.104 | J17: =L17-(H17+I17+K17) -> 31569.122 | K17: 750 | L17: 139452.48 | N17: 60527.207 | O17: 16395.666 | P17: 49606.491 | Q17: 900 | R17: 127429.36 | S17: 75896 | T17: 17607 | U17: =W17-(S17+T17+V17) -> 22847 | V17: 400 | W17: 116750 | Z17: =(G17-R17)/R17 -> -1 | AA17: =(L17-W17)/L17 -> 0.16279723
A18: C | B18: Ugu District Municipality | C18: 0 | D18: 75489.66 | E18: 96482.664 | F18: 11001 | G18: 182973.32 | H18: 0 | I18: 72464.471 | J18: =L18-(H18+I18+K18) -> 125073.74 | K18: 2095 | L18: 199633.22 | N18: 0 | O18: 51582.143 | P18: 148863.79 | Q18: 12776 | R18: 213221.94 | S18: 0 | T18: 53581 | U18: =W18-(S18+T18+V18) -> 53711 | V18: 1305 | W18: 108597 | Y18: =(G18-L18)/L18 -> -0.083452505 | Z18: =(G18-R18)/R18 -> -0.14186445 | AA18: =(L18-W18)/L18 -> 0.45601738
B20: uMgungundlovu Municipalities
A21: B | B21: uMshwathi | C21: 7152.089 | D21: 348.892 | E21: 11394.556 | F21: 2103 | G21: 20998.537 | H21: 7076.703 | I21: 361.235 | J21: =L21-(H21+I21+K21) -> 13547.993 | K21: 1500 | L21: 22485.931 | N21: 6708.999 | O21: 337.112 | P21: 10015.318 | Q21: 2735 | R21: 19796.429 | S21: 6542 | T21: 341 | U21: =W21-(S21+T21+V21) -> 9753 | V21: 1235 | W21: 17871 | Y21: =(G21-L21)/L21 -> -0.066147761 | Z21: =(G21-R21)/R21 -> 0.060723477 | AA21: =(L21-W21)/L21 -> 0.20523638
A22: B | B22: uMngeni | C22: 3476.983 | D22: 9452.294 | E22: -9256.639 | F22: 22106 | G22: 25778.638 | H22: 75886.967 | I22: 11200.699 | J22: =L22-(H22+I22+K22) -> 3589.875 | K22: 7778 | L22: 98455.541 | N22: 35776.25 | O22: 13517.446 | P22: 7092.761 | Q22: 5052 | R22: 61438.457 | S22: 71929 | T22: 15682 | U22: =W22-(S22+T22+V22) -> 7233 | V22: 2052 | W22: 96896 | Y22: =(G22-L22)/L22 -> -0.73816976 | Z22: =(G22-R22)/R22 -> -0.58041528 | AA22: =(L22-W22)/L22 -> 0.015840053
A23: B | B23: Mpofana | C23: 1477.377 | D23: 1930.759 | E23: -549.468 | F23: 2235 | G23: 5093.668 | H23: 1012.202 | I23: 5317.685 | J23: =L23-(H23+I23+K23) -> 7196.119 | K23: 1500 | L23: 15026.006 | N23: 3027.818 | O23: 5719.177 | P23: 2812.652 | Q23: 985 | R23: 12544.647 | S23: 2940 | T23: 4319 | U23: =W23-(S23+T23+V23) -> 1742 | V23: 735 | W23: 9736 | Y23: =(G23-L23)/L23 -> -0.66100985 | Z23: =(G23-R23)/R23 -> -0.59395685 | AA23: =(L23-W23)/L23 -> 0.35205669
A24: B | B24: Impendle | C24: 59.6 | D24: 0 | E24: 1506.325 | F24: 1799 | G24: 3364.925 | H24: 0 | I24: 0 | J24: =L24-(H24+I24+K24) -> -1735 | K24: 1735 | L24: 0 | N24: 26.601 | O24: 14.842 | P24: 6500.244 | Q24: 1235 | R24: 7776.687 | S24: 3 | T24: 27 | U24: =W24-(S24+T24+V24) -> 3427 | V24: 1235 | W24: 4692 | Z24: =(G24-R24)/R24 -> -0.5673061
A25: B | B25: Msunduzi | C25: 108995.66 | D25: 279247.81 | E25: 85286.225 | F25: 14272 | G25: 487801.7 | H25: 112231.34 | I25: 301208.72 | J25: =L25-(H25+I25+K25) -> 117282.59 | K25: 1150 | L25: 531872.65 | N25: 96886.582 | O25: 231288.63 | P25: 235460.25 | Q25: 3530 | R25: 567165.46 | S25: 98596 | T25: 247755 | U25: =W25-(S25+T25+V25) -> 68831 | V25: 2936 | W25: 418118 | Y25: =(G25-L25)/L25 -> -0.08285997 | Z25: =(G25-R25)/R25 -> -0.13993052 | AA25: =(L25-W25)/L25 -> 0.21387573
A26: B | B26: Mkhambathini | C26: 868.935 | D26: 0 | E26: -219.881 | F26: 2505 | G26: 3154.054 | H26: 836.161 | I26: 0 | J26: =L26-(H26+I26+K26) -> 7195.822 | K26: 1500 | L26: 9531.983 | N26: 3634.014 | O26: 0 | P26: 27000.509 | Q26: 2735 | R26: 33369.523 | S26: 1158 | T26: 1670 | U26: =W26-(S26+T26+V26) -> 3551 | V26: 735 | W26: 7114 | Y26: =(G26-L26)/L26 -> -0.66910831 | Z26: =(G26-R26)/R26 -> -0.905481 | AA26: =(L26-W26)/L26 -> 0.25367051
A27: B | B27: Richmond | C27: 1050.099 | D27: 310.134 | E27: 3037.109 | F27: 31450 | G27: 35847.342 | H27: 1388.808 | I27: 257.885 | J27: =L27-(H27+I27+K27) -> 8258.215 | K27: 1735 | L27: 11639.908 | N27: 964.563 | O27: 548.464 | P27: 7946.04 | Q27: 985 | R27: 10444.067 | S27: 309 | T27: 547 | U27: =W27-(S27+T27+V27) -> 5615 | V27: 735 | W27: 7206 | Y27: =(G27-L27)/L27 -> 2.0796929 | Z27: =(G27-R27)/R27 -> 2.4323164 | AA27: =(L27-W27)/L27 -> 0.38092294
A28: C | B28: uMgungundlovu District Municipality | C28: 0 | D28: 5302.968 | E28: 57338.308 | F28: 1485 | G28: 64126.276 | H28: 0 | I28: 2853.347 | J28: =L28-(H28+I28+K28) -> 231758.47 | K28: 1485 | L28: 236096.82 | N28: 0 | O28: 0 | P28: 80778.9 | Q28: 4277 | R28: 85055.9 | S28: 0 | T28: 0 | U28: =W28-(S28+T28+V28) -> -1235 | V28: 1235 | W28: 0 | Y28: =(G28-L28)/L28 -> -0.72838992 | Z28: =(G28-R28)/R28 -> -0.24606904
B30: Total:Uthukela Municipalities
A31: B | B31: Emnambithi/Ladysmith | C31: 2149.243 | D31: 30763.35 | E31: 22601.029 | F31: 6128 | G31: 61641.622 | H31: 92574.726 | I31: 40883.586 | J31: =L31-(H31+I31+K31) -> 30169.545 | K31: 1485 | L31: 165112.86 | N31: 1849.601 | O31: 26794.022 | P31: 38490.833 | Q31: 3156 | R31: 70290.456 | S31: 157947 | T31: 51482 | U31: =W31-(S31+T31+V31) -> 30045 | V31: 1500 | W31: 240974 | Y31: =(G31-L31)/L31 -> -0.62666976 | Z31: =(G31-R31)/R31 -> -0.12304422 | AA31: =(L31-W31)/L31 -> -0.45945025
A32: B | B32: Indaka | C32: 0 | D32: 11.725 | E32: 16390.965 | F32: 3278 | G32: 19680.69 | H32: 0 | I32: 29.065 | J32: =L32-(H32+I32+K32) -> 19459.251 | K32: 1000 | L32: 20488.316 | N32: 0 | O32: 16.673 | P32: 21011.521 | Q32: 985 | R32: 22013.194 | S32: 0 | T32: 11 | U32: =W32-(S32+T32+V32) -> 16028 | V32: 735 | W32: 16774 | Y32: =(G32-L32)/L32 -> -0.039418857 | Z32: =(G32-R32)/R32 -> -0.10595936 | AA32: =(L32-W32)/L32 -> 0.18128947
A33: B | B33: Umtshezi | C33: 8964.74 | D33: 24517.829 | E33: 13885.528 | F33: 2526 | G33: 49894.097 | H33: 6864.329 | I33: 28830.562 | J33: =L33-(H33+I33+K33) -> 17814.316 | K33: 750 | L33: 54259.207 | N33: 6253.841 | O33: 14335.52 | P33: 9017.047 | Q33: 2435 | R33: 32041.408 | S33: 5667 | T33: 16719 | U33: =W33-(S33+T33+V33) -> 8040 | V33: 1535 | W33: 31961 | Y33: =(G33-L33)/L33 -> -0.080449204 | Z33: =(G33-R33)/R33 -> 0.55717555 | AA33: =(L33-W33)/L33 -> 0.41095711
A34: B | B34: Okhahlamba | C34: 3770.598 | D34: 132.118 | E34: -15396.044 | F34: 28874 | G34: 17380.672 | H34: 82.77 | I34: 53.701 | J34: =L34-(H34+I34+K34) -> 15400.264 | K34: 750 | L34: 16286.735 | N34: 873.034 | O34: 110.597 | P34: 36825.37 | Q34: 985 | R34: 38794.001 | S34: 1416 | T34: 113 | U34: =W34-(S34+T34+V34) -> 8057 | V34: 985 | W34: 10571 | Y34: =(G34-L34)/L34 -> 0.06716736 | Z34: =(G34-R34)/R34 -> -0.55197527 | AA34: =(L34-W34)/L34 -> 0.35094419
A35: B | B35: Imbabazane | C35: 4.984 | D35: 0 | E35: -1928.108 | F35: 2289 | G35: 365.876 | H35: 222.797 | I35: 0 | J35: =L35-(H35+I35+K35) -> 23199.858 | K35: 1500 | L35: 24922.655 | N35: 0 | O35: 0 | P35: 27452.289 | Q35: 985 | R35: 28437.289 | S35: 0 | T35: 0 | U35: =W35-(S35+T35+V35) -> 10842 | V35: 985 | W35: 11827 | Y35: =(G35-L35)/L35 -> -0.98531954 | Z35: =(G35-R35)/R35 -> -0.98713394 | AA35: =(L35-W35)/L35 -> 0.52545184
A36: C | B36: Uthukela District Municipality | C36: 0 | D36: 25826.089 | E36: 89429.969 | F36: 7445 | G36: 122701.06 | H36: 193.663 | I36: 26357.129 | J36: =L36-(H36+I36+K36) -> 104137.53 | K36: 1962 | L36: 132650.32 | N36: 0 | O36: 24242.221 | P36: 3179.826 | Q36: 8176 | R36: 35598.047 | S36: 0 | T36: 16615 | U36: =W36-(S36+T36+V36) -> 57317 | V36: 1378 | W36: 75310 | Y36: =(G36-L36)/L36 -> -0.075003658 | Z36: =(G36-R36)/R36 -> 2.446848 | AA36: =(L36-W36)/L36 -> 0.43226672
B38: Umzinyathi Municipalities
A39: B | B39: Endumeni | C39: 11485.197 | D39: 0 | E39: 16530.663 | F39: 1485 | G39: 29500.86 | H39: 11340.563 | I39: 0 | J39: =L39-(H39+I39+K39) -> 17705.646 | K39: 1485 | L39: 30531.209 | N39: 10344.993 | O39: 0 | P39: 10986.531 | Q39: 1235 | R39: 22566.524 | S39: 0 | T39: 0 | U39: =W39-(S39+T39+V39) -> -1235 | V39: 1235 | W39: 0 | Y39: =(G39-L39)/L39 -> -0.033747403 | Z39: =(G39-R39)/R39 -> 0.30728419 | AA39: =(L39-W39)/L39 -> 1
A40: B | B40: Nquthu | C40: 0 | D40: 641.47 | E40: -3709.878 | F40: 6883 | G40: 3814.592 | H40: 0 | I40: 994.893 | J40: =L40-(H40+I40+K40) -> -1735 | K40: 1735 | L40: 994.893 | N40: 36.897 | O40: 462.61 | P40: -1204.39 | Q40: 1235 | R40: 530.117 | S40: 0 | T40: 620 | U40: =W40-(S40+T40+V40) -> 8640 | V40: 1235 | W40: 10495 | Y40: =(G40-L40)/L40 -> 2.8341731 | Z40: =(G40-R40)/R40 -> 6.1957549 | AA40: =(L40-W40)/L40 -> -9.5488731
A41: B | B41: Msinga | C41: 110.259 | D41: 5.235 | E41: -4302.688 | F41: 11170 | G41: 6982.806 | H41: 110.259 | I41: 5.235 | J41: =L41-(H41+I41+K41) -> 5867.312 | K41: 1000 | L41: 6982.806 | N41: 110.259 | O41: 5.235 | P41: 5632.312 | Q41: 1235 | R41: 6982.806 | S41: 110 | T41: 5 | U41: =W41-(S41+T41+V41) -> 6133 | V41: 735 | W41: 6983 | Y41: =(G41-L41)/L41 -> 0 | Z41: =(G41-R41)/R41 -> 0 | AA41: =(L41-W41)/L41 -> -2.7782528e-05
A42: B | B42: Umvoti | C42: 5508.311 | D42: 7871.884 | E42: 21523.674 | F42: 756 | G42: 35659.869 | H42: 5311.924 | I42: 8385.606 | J42: =L42-(H42+I42+K42) -> 17155.28 | K42: 750 | L42: 31602.81 | N42: 1525.656 | O42: 2033.525 | P42: 3609.629 | Q42: 1235 | R42: 8403.81 | S42: 4565 | T42: 6158 | U42: =W42-(S42+T42+V42) -> 10042 | V42: 1235 | W42: 22000 | Y42: =(G42-L42)/L42 -> 0.12837653 | Z42: =(G42-R42)/R42 -> 3.2432979 | AA42: =(L42-W42)/L42 -> 0.30385937
A43: C | B43: Umzinyathi District Municipality | C43: 0 | D43: 0 | E43: 32135.472 | F43: 4285 | G43: 36420.472 | H43: 0 | I43: 0 | J43: =L43-(H43+I43+K43) -> 91590.946 | K43: 2069 | L43: 93659.946 | N43: 0 | O43: 0 | P43: 69574.883 | Q43: 17824 | R43: 87398.883 | S43: 0 | T43: 0 | U43: =W43-(S43+T43+V43) -> 64631 | V43: 1186 | W43: 65817 | Y43: =(G43-L43)/L43 -> -0.61114144 | Z43: =(G43-R43)/R43 -> -0.58328447 | AA43: =(L43-W43)/L43 -> 0.29727698
B45: Amajuba Municipalities
A46: B | B46: Newcastle | C46: 30982.337 | D46: 130992.91 | E46: 61302.349 | F46: 1298 | G46: 224575.6 | H46: 27294.387 | I46: 120422.64 | J46: =L46-(H46+I46+K46) -> 60438.76 | K46: 750 | L46: 208905.79 | N46: 41263.972 | O46: 98069.58 | P46: 30840.233 | Q46: 7900 | R46: 178073.79 | S46: 40575 | T46: 114148 | U46: =W46-(S46+T46+V46) -> 45034 | V46: 900 | W46: 200657 | Y46: =(G46-L46)/L46 -> 0.07500897 | Z46: =(G46-R46)/R46 -> 0.26113789 | AA46: =(L46-W46)/L46 -> 0.039485689
A47: B | B47: eMadlangeni | C47: 870.809 | D47: 61.202 | E47: 903.169 | F47: 1883 | G47: 3718.18 | H47: 0 | I47: 0 | J47: =L47-(H47+I47+K47) -> -1735 | K47: 1735 | L47: 0 | N47: 0 | O47: 0 | P47: -1340.411 | Q47: 2485 | R47: 1144.589 | S47: 255 | T47: 7 | U47: =W47-(S47+T47+V47) -> 6807 | V47: 985 | W47: 8054 | Z47: =(G47-R47)/R47 -> 2.2484848
A48: B | B48: Dannhauser | C48: 806.571 | D48: 37.933 | E48: 5808.868 | F48: 3485 | G48: 10138.372 | H48: 942.275 | I48: 13.14 | J48: =L48-(H48+I48+K48) -> 8927.294 | K48: 2750 | L48: 12632.709 | N48: 870.722 | O48: 101.943 | P48: 11587.801 | Q48: 1985 | R48: 14545.466 | S48: 223 | T48: 25 | U48: =W48-(S48+T48+V48) -> 8750 | V48: 1985 | W48: 10983 | Y48: =(G48-L48)/L48 -> -0.19745068 | Z48: =(G48-R48)/R48 -> -0.30298747 | AA48: =(L48-W48)/L48 -> 0.13059028
A49: C | B49: Amajuba District Municipality | C49: 0 | D49: 93.22 | E49: 24852.48 | F49: 11191 | G49: 36136.7 | H49: 0 | I49: 0 | J49: =L49-(H49+I49+K49) -> 10656.373 | K49: 915 | L49: 11571.373 | N49: 0 | O49: 0 | P49: 12650.549 | Q49: 13554 | R49: 26204.549 | S49: 0 | T49: 0 | U49: =W49-(S49+T49+V49) -> 21815 | V49: 956 | W49: 22771 | Y49: =(G49-L49)/L49 -> 2.1229397 | Z49: =(G49-R49)/R49 -> 0.37902392 | AA49: =(L49-W49)/L49 -> -0.96787365
B51: Zululand Municipalities
A52: B | B52: eDumbe | C52: 14901.717 | D52: 1043.942 | E52: -5598.223 | F52: 18041 | G52: 28388.436 | H52: 0 | I52: 0 | J52: =L52-(H52+I52+K52) -> -750 | K52: 750 | L52: 0 | N52: 260.405 | O52: 584.807 | P52: 12588.944 | Q52: 900 | R52: 14334.156 | S52: 717 | T52: 1117 | U52: =W52-(S52+T52+V52) -> 8737 | V52: 900 | W52: 11471 | Z52: =(G52-R52)/R52 -> 0.98047489
A53: B | B53: uPhongolo | C53: 3494.367 | D53: 1699.435 | E53: -12269.038 | F53: 17508 | G53: 10432.764 | H53: 427.795 | I53: 1088.812 | J53: =L53-(H53+I53+K53) -> 17496.947 | K53: 1735 | L53: 20748.554 | N53: 2119.448 | O53: 0 | P53: 16263.739 | Q53: 900 | R53: 19283.187 | S53: 0 | T53: 0 | U53: =W53-(S53+T53+V53) -> 21057 | V53: 400 | W53: 21457 | Y53: =(G53-L53)/L53 -> -0.49718115 | Z53: =(G53-R53)/R53 -> -0.45897097 | AA53: =(L53-W53)/L53 -> -0.034144355
A54: B | B54: Abaqulusi | C54: 6491.38 | D54: 31679.808 | E54: -880.879 | F54: 17642 | G54: 54932.309 | H54: 6460.13 | I54: 32664.028 | J54: =L54-(H54+I54+K54) -> 21114.471 | K54: 1000 | L54: 61238.629 | N54: 5955.634 | O54: 22590.891 | P54: 9594.342 | Q54: 11835 | R54: 49975.867 | S54: 5853 | T54: 25114 | U54: =W54-(S54+T54+V54) -> 10750 | V54: 4610 | W54: 46327 | Y54: =(G54-L54)/L54 -> -0.10297944 | Z54: =(G54-R54)/R54 -> 0.099176709 | AA54: =(L54-W54)/L54 -> 0.24350037
A55: B | B55: Nongoma | C55: 699.61 | D55: 108.083 | E55: -26714.99 | F55: 50769 | G55: 24861.703 | H55: 115.069 | I55: 54.019 | J55: =L55-(H55+I55+K55) -> -272.382 | K55: 750 | L55: 646.706 | N55: 47.412 | O55: 0 | P55: 2998.213 | Q55: 2221 | R55: 5266.625 | S55: 315 | T55: 0 | U55: =W55-(S55+T55+V55) -> 10583 | V55: 735 | W55: 11633 | Y55: =(G55-L55)/L55 -> 37.443594 | Z55: =(G55-R55)/R55 -> 3.7206139 | AA55: =(L55-W55)/L55 -> -16.988081
A56: B | B56: Ulundi | C56: 28971.947 | D56: 7110.091 | E56: 20665.409 | F56: 8287 | G56: 65034.447 | H56: 1831.705 | I56: 6444.371 | J56: =L56-(H56+I56+K56) -> 16741.297 | K56: 2848 | L56: 27865.373 | N56: 4297.973 | O56: 3623.87 | P56: 15813.413 | Q56: 1235 | R56: 24970.256 | S56: 6327 | T56: 5627 | U56: =W56-(S56+T56+V56) -> 13623 | V56: 1235 | W56: 26812 | Y56: =(G56-L56)/L56 -> 1.3338804 | Z56: =(G56-R56)/R56 -> 1.6044766 | AA56: =(L56-W56)/L56 -> 0.037802221
A57: C | B57: Zululand District Municipality | C57: 0 | D57: 2406.198 | E57: 78824.005 | F57: 36168 | G57: 117398.2 | H57: 0 | I57: 5228.061 | J57: =L57-(H57+I57+K57) -> 137529.96 | K57: 3288 | L57: 146046.02 | N57: 0 | O57: 4887.388 | P57: 73852.574 | Q57: 31118 | R57: 109857.96 | S57: 0 | T57: 7600 | U57: =W57-(S57+T57+V57) -> 91469 | V57: 8048 | W57: 107117 | Y57: =(G57-L57)/L57 -> -0.19615611 | Z57: =(G57-R57)/R57 -> 0.068636272 | AA57: =(L57-W57)/L57 -> 0.26655311
B59: Umkhanyakude Municipalities
A60: B | B60: Umhlabuyalingana | C60: 0 | D60: 0 | E60: 20792.295 | F60: 2330 | G60: 23122.295 | H60: 0 | I60: 0 | J60: =L60-(H60+I60+K60) -> 14052.699 | K60: 750 | L60: 14802.699 | N60: 0 | O60: 0 | P60: 12622.266 | Q60: 985 | R60: 13607.266 | S60: 0 | T60: 0 | U60: =W60-(S60+T60+V60) -> 8964 | V60: 735 | W60: 9699 | Y60: =(G60-L60)/L60 -> 0.56203237 | Z60: =(G60-R60)/R60 -> 0.69926089 | AA60: =(L60-W60)/L60 -> 0.34478165
A61: B | B61: Jozini | C61: 3598.277 | D61: 316.404 | E61: 4696.349 | F61: 3108 | G61: 11719.03 | H61: 462.974 | I61: 159.642 | J61: =L61-(H61+I61+K61) -> 16732.171 | K61: 1000 | L61: 18354.787 | N61: 484.061 | O61: 235.258 | P61: 15403.291 | Q61: 1235 | R61: 17357.61 | S61: 397 | T61: 172 | U61: =W61-(S61+T61+V61) -> 11016 | V61: 735 | W61: 12320 | Y61: =(G61-L61)/L61 -> -0.36152732 | Z61: =(G61-R61)/R61 -> -0.32484772 | AA61: =(L61-W61)/L61 -> 0.32878546
A62: B | B62: The Big Five False Bay | C62: 654.867 | D62: 293.449 | E62: 1044.741 | F62: 1735 | G62: 3728.057 | H62: 193.363 | I62: 0 | J62: =L62-(H62+I62+K62) -> 4743.351 | K62: 1000 | L62: 5936.714 | N62: 473.522 | O62: 0 | P62: 9378.525 | Q62: 1235 | R62: 11087.047 | S62: 136 | T62: 0 | U62: =W62-(S62+T62+V62) -> 5767 | V62: 1235 | W62: 7138 | Y62: =(G62-L62)/L62 -> -0.37203359 | Z62: =(G62-R62)/R62 -> -0.66374662 | AA62: =(L62-W62)/L62 -> -0.20234864
A63: B | B63: Hlabisa | C63: 401.531 | D63: 697.095 | E63: 19827.954 | F63: 2820 | G63: 23746.58 | H63: 18.664 | I63: 0 | J63: =L63-(H63+I63+K63) -> 17528.178 | K63: 1735 | L63: 19281.842 | N63: 121.865 | O63: 13.636 | P63: 11493.684 | Q63: 1235 | R63: 12864.185 | S63: 29 | T63: 0 | U63: =W63-(S63+T63+V63) -> 10596 | V63: 1235 | W63: 11860 | Y63: =(G63-L63)/L63 -> 0.23155143 | Z63: =(G63-R63)/R63 -> 0.84594516 | AA63: =(L63-W63)/L63 -> 0.38491354
A64: B | B64: Mtubatuba | C64: 4445.251 | D64: 951.648 | E64: 1154.064 | F64: 4107 | G64: 10657.963 | H64: 1651.322 | I64: 547.347 | J64: =L64-(H64+I64+K64) -> 1764.732 | K64: 3485 | L64: 7448.401 | N64: 2751.874 | O64: 674.44 | P64: 1547.922 | Q64: 1985 | R64: 6959.236 | S64: 4224 | T64: 981 | U64: =W64-(S64+T64+V64) -> 4042 | V64: 1985 | W64: 11232 | Y64: =(G64-L64)/L64 -> 0.43090618 | Z64: =(G64-R64)/R64 -> 0.53148463 | AA64: =(L64-W64)/L64 -> -0.50797466
A65: C | B65: Umkhanyakude District Municipality | C65: 223.335 | D65: 8129.843 | E65: 22748.366 | F65: 27259 | G65: 58360.544 | H65: 0 | I65: 0 | J65: =L65-(H65+I65+K65) -> -1543 | K65: 1543 | L65: 0 | N65: 0 | O65: 10626.247 | P65: 16343.662 | Q65: 17080 | R65: 44049.909 | S65: 0 | T65: 4565 | U65: =W65-(S65+T65+V65) -> 31606 | V65: 2304 | W65: 38475 | Z65: =(G65-R65)/R65 -> 0.3248732
B67: uThungulu Municipalities
A68: B | B68: Mbonambi | C68: 1123.521 | D68: 65.298 | E68: -13848.619 | F68: 36248 | G68: 23588.2 | H68: 0 | I68: 0 | J68: =L68-(H68+I68+K68) -> -1485 | K68: 1485 | L68: 0 | N68: 0 | O68: 0 | P68: -1235 | Q68: 1235 | R68: 0 | S68: 596 | T68: 31 | U68: =W68-(S68+T68+V68) -> 7812 | V68: 735 | W68: 9174
A69: B | B69: uMhlathuze | C69: 22152.052 | D69: 199019.4 | E69: 57041.92 | F69: 5100 | G69: 283313.37 | H69: 55592.796 | I69: 223302.06 | J69: =L69-(H69+I69+K69) -> 53012.874 | K69: 1150 | L69: 333057.73 | N69: 31601.479 | O69: 156106.56 | P69: 66367.509 | Q69: 2100 | R69: 256175.55 | S69: 41662 | T69: 180858 | U69: =W69-(S69+T69+V69) -> 65446 | V69: 400 | W69: 288366 | Y69: =(G69-L69)/L69 -> -0.14935657 | Z69: =(G69-R69)/R69 -> 0.10593448 | AA69: =(L69-W69)/L69 -> 0.13418615
A70: B | B70: Ntambanana | C70: 18.373 | D70: 0 | E70: -14400.824 | F70: 20068 | G70: 5685.549 | H70: 98.803 | I70: 0 | J70: =L70-(H70+I70+K70) -> 2023.111 | K70: 15385 | L70: 17506.914 | N70: 126.332 | O70: 0 | P70: 5326.449 | Q70: 1235 | R70: 6687.781 | S70: 25 | T70: 0 | U70: =W70-(S70+T70+V70) -> 4665 | V70: 735 | W70: 5425 | Y70: =(G70-L70)/L70 -> -0.67523979 | Z70: =(G70-R70)/R70 -> -0.14986017 | AA70: =(L70-W70)/L70 -> 0.69012243
A71: B | B71: Umlalazi | C71: 6684.5 | D71: 9181.03 | E71: 3757.466 | F71: 14469 | G71: 34091.996 | H71: 11942.061 | I71: 9947.68 | J71: =L71-(H71+I71+K71) -> 15791.5 | K71: 1735 | L71: 39416.241 | N71: 5420.186 | O71: 7847.595 | P71: 19914.816 | Q71: 1235 | R71: 34417.597 | S71: 5956 | T71: 7218 | U71: =W71-(S71+T71+V71) -> 15174 | V71: 735 | W71: 29083 | Y71: =(G71-L71)/L71 -> -0.13507744 | Z71: =(G71-R71)/R71 -> -0.009460306 | AA71: =(L71-W71)/L71 -> 0.26215694
A72: B | B72: Mthonjaneni | C72: 893.514 | D72: 2515.564 | E72: -45172.201 | F72: 55717 | G72: 13953.877 | H72: 1761.68 | I72: 2816.05 | J72: =L72-(H72+I72+K72) -> 14162.925 | K72: 1485 | L72: 20225.655 | N72: 939.869 | O72: 2299.414 | P72: 7561.643 | Q72: 1235 | R72: 12035.926 | S72: 1190 | T72: 1948 | U72: =W72-(S72+T72+V72) -> 9917 | V72: 1235 | W72: 14290 | Y72: =(G72-L72)/L72 -> -0.31009023 | Z72: =(G72-R72)/R72 -> 0.15935218 | AA72: =(L72-W72)/L72 -> 0.29347158
A73: B | B73: Nkandla | C73: 25.19 | D73: 4.24 | E73: 23001.312 | F73: 5243 | G73: 28273.742 | H73: 78.147 | I73: 2.818 | J73: =L73-(H73+I73+K73) -> 12349.418 | K73: 2235 | L73: 14665.383 | N73: 27.127 | O73: 0 | P73: 12394.146 | Q73: 1235 | R73: 13656.273 | S73: 0 | T73: 0 | U73: =W73-(S73+T73+V73) -> -1235 | V73: 1235 | W73: 0 | Y73: =(G73-L73)/L73 -> 0.92792387 | Z73: =(G73-R73)/R73 -> 1.0703849 | AA73: =(L73-W73)/L73 -> 1
A74: C | B74: uThungulu District Municipality | C74: 0 | D74: 7406.252 | E74: 89137.755 | F74: 3664 | G74: 100208.01 | H74: 0 | I74: 9461.725 | J74: =L74-(H74+I74+K74) -> 147470.66 | K74: 1549 | L74: 158481.38 | N74: 0 | O74: 6457.639 | P74: 71055.697 | Q74: 33230 | R74: 110743.34 | S74: 0 | T74: 8253 | U74: =W74-(S74+T74+V74) -> 75463 | V74: 16481 | W74: 100197 | Y74: =(G74-L74)/L74 -> -0.36769856 | Z74: =(G74-R74)/R74 -> -0.095132848 | AA74: =(L74-W74)/L74 -> 0.36776801
B76: iLembe Municipalities
A77: B | B77: Mandeni | C77: 6779.851 | D77: 3236.869 | E77: -4945.741 | F77: 16190 | G77: 21260.979 | H77: 4416.335 | I77: 3058.797 | J77: =L77-(H77+I77+K77) -> 17093.746 | K77: 1250 | L77: 25818.878 | N77: 4583.874 | O77: 1249.395 | P77: 13853.062 | Q77: 945 | R77: 20631.331 | S77: 198 | T77: 3722 | U77: =W77-(S77+T77+V77) -> 20899 | V77: 445 | W77: 25264 | Y77: =(G77-L77)/L77 -> -0.17653358 | Z77: =(G77-R77)/R77 -> 0.03051902 | AA77: =(L77-W77)/L77 -> 0.021491174
A78: B | B78: KwaDukuza | C78: 97930.75 | D78: 75691.176 | E78: 28060.665 | F78: 5485 | G78: 207167.59 | H78: 87234.329 | I78: 62457.989 | J78: =L78-(H78+I78+K78) -> 24187.435 | K78: 1485 | L78: 175364.75 | N78: 91930.128 | O78: 56079.683 | P78: 24890.698 | Q78: 5400 | R78: 178300.51 | S78: 76377 | T78: 51970 | U78: =W78-(S78+T78+V78) -> 26166 | V78: 3000 | W78: 157513 | Y78: =(G78-L78)/L78 -> 0.18135251 | Z78: =(G78-R78)/R78 -> 0.16190129 | AA78: =(L78-W78)/L78 -> 0.10179784
A79: B | B79: Ndwedwe | C79: 3998.858 | D79: 0 | E79: 10418.667 | F79: 3129 | G79: 17546.525 | H79: 61.853 | I79: 0 | J79: =L79-(H79+I79+K79) -> 24086.035 | K79: 1735 | L79: 25882.888 | N79: 0 | O79: 0 | P79: 15680.14 | Q79: 2676 | R79: 18356.14 | S79: 0 | T79: 0 | U79: =W79-(S79+T79+V79) -> 13005 | V79: 1589 | W79: 14594 | Y79: =(G79-L79)/L79 -> -0.32208009 | Z79: =(G79-R79)/R79 -> -0.04410595 | AA79: =(L79-W79)/L79 -> 0.43615257
A80: B | B80: Maphumulo | C80: 495.739 | D80: 0 | E80: 6656.376 | F80: 3373 | G80: 10525.115 | H80: 0 | I80: 0 | J80: =L80-(H80+I80+K80) -> 10619.036 | K80: 750 | L80: 11369.036 | N80: 0 | O80: 0 | P80: 11934.093 | Q80: 1235 | R80: 13169.093 | S80: 0 | T80: 0 | U80: =W80-(S80+T80+V80) -> 15140 | V80: 1235 | W80: 16375 | Y80: =(G80-L80)/L80 -> -0.074229776 | Z80: =(G80-R80)/R80 -> -0.20077146 | AA80: =(L80-W80)/L80 -> -0.44031561
A81: C | B81: iLembe District Municipality | C81: 0 | D81: 24701.91 | E81: 34036.462 | F81: 2571 | G81: 61309.372 | H81: 0 | I81: 25013.758 | J81: =L81-(H81+I81+K81) -> 6967.942 | K81: 1485 | L81: 33466.7 | N81: 0 | O81: 20969.286 | P81: 51659.945 | Q81: 7946 | R81: 80575.231 | S81: 5853 | T81: 25114 | U81: =W81-(S81+T81+V81) -> 14625 | V81: 735 | W81: 46327 | Y81: =(G81-L81)/L81 -> 0.83195152 | Z81: =(G81-R81)/R81 -> -0.23910399 | AA81: =(L81-W81)/L81 -> -0.38427153
B83: Sisonke Municipalities
A84: B | B84: Ingwe | C84: 261.926 | D84: 74.91 | E84: 16392.108 | F84: 1683 | G84: 18411.944 | H84: 0 | I84: 0 | J84: =L84-(H84+I84+K84) -> -1250 | K84: 1250 | L84: 0 | N84: 175.855 | O84: 39.3 | P84: 13312.808 | Q84: 985 | R84: 14512.963 | S84: 0 | T84: 0 | U84: =W84-(S84+T84+V84) -> -735 | V84: 735 | W84: 0
A85: B | B85: Kwa Sani | C85: 1995.871 | D85: 410.062 | E85: 292.925 | F85: 3235 | G85: 5933.858 | H85: 2002.05 | I85: 426.166 | J85: =L85-(H85+I85+K85) -> -263.044 | K85: 3235 | L85: 5400.172 | N85: 1873.607 | O85: 409.466 | P85: -149.846 | Q85: 2485 | R85: 4618.227 | S85: 6897 | T85: 1559 | U85: =W85-(S85+T85+V85) -> -823 | V85: 985 | W85: 8618 | Y85: =(G85-L85)/L85 -> 0.098827593 | Z85: =(G85-R85)/R85 -> 0.28487794 | AA85: =(L85-W85)/L85 -> -0.59587509
A86: B | B86: Greater Kokstad | C86: 9709.352 | D86: 28785.576 | E86: -4709.342 | F86: 14081 | G86: 47866.586 | H86: 51898.431 | I86: 15055.512 | J86: =L86-(H86+I86+K86) -> -13970.001 | K86: 14081 | L86: 67064.942 | N86: 14543.681 | O86: 5523.969 | P86: 9843.424 | Q86: 5163 | R86: 35074.074 | S86: 26839 | T86: 677 | U86: =W86-(S86+T86+V86) -> 6375 | V86: 1985 | W86: 35876 | Y86: =(G86-L86)/L86 -> -0.28626515 | Z86: =(G86-R86)/R86 -> 0.36472843 | AA86: =(L86-W86)/L86 -> 0.46505583
A87: B | B87: Ubuhlebezwe | C87: 158.847 | D87: 283.686 | E87: 29583.802 | F87: 1749 | G87: 31775.335 | H87: 7377.606 | I87: 113.201 | J87: =L87-(H87+I87+K87) -> 10477.186 | K87: 1500 | L87: 19467.993 | N87: 120.077 | O87: 254.725 | P87: 9353.873 | Q87: 1235 | R87: 10963.675 | S87: 0 | T87: 0 | U87: =W87-(S87+T87+V87) -> -735 | V87: 735 | W87: 0 | Y87: =(G87-L87)/L87 -> 0.6321834 | Z87: =(G87-R87)/R87 -> 1.8982376 | AA87: =(L87-W87)/L87 -> 1
A88: B | B88: Umzimkhulu | C88: 366.36 | D88: 221.273 | E88: 4950.522 | F88: 18810 | G88: 24348.155 | H88: 151.005 | I88: 46.958 | J88: =L88-(H88+I88+K88) -> 30944.044 | K88: 1550 | L88: 32692.007 | N88: 496.984 | O88: 0 | P88: 44360.309 | Q88: 1050 | R88: 45907.293 | S88: 127 | T88: 0 | U88: =W88-(S88+T88+V88) -> 18802 | V88: 1050 | W88: 19979 | Y88: =(G88-L88)/L88 -> -0.25522606 | Z88: =(G88-R88)/R88 -> -0.46962338 | AA88: =(L88-W88)/L88 -> 0.38887203
A89: C | B89: Sisonke District Municipality | C89: 69.243 | D89: 6031.639 | E89: 137456.7 | F89: 2842 | G89: 146399.58 | H89: 0 | I89: 0 | J89: =L89-(H89+I89+K89) -> -1735 | K89: 1735 | L89: 0 | N89: 0 | O89: 5595.387 | P89: 64352.641 | Q89: 13503 | R89: 83451.028 | S89: 0 | T89: 13716 | U89: =W89-(S89+T89+V89) -> 32186 | V89: 3720 | W89: 49622
C90: 0 | D90: 0 | E90: 0 | F90: 0 | G90: 0
A91: =COUNTIF(A7:A90,"A")+COUNTIF(A7:A90,"b")+COUNTIF(A7:A90,"c") -> 61 | B91: Total: KZN Municipalities | C91: =SUM(C84:C89,C77:C81,C68:C74,C60:C65,C52:C57,C46:C49,C39:C43,C31:C36,C21:C28,C12:C18,C9) -> 1537109.4 | D91: =SUM(D84:D89,D77:D81,D68:D74,D60:D65,D52:D57,D46:D49,D39:D43,D31:D36,D21:D28,D12:D18,D9) -> 3001854.2 | E91: =SUM(E84:E89,E77:E81,E68:E74,E60:E65,E52:E57,E46:E49,E39:E43,E31:E36,E21:E28,E12:E18,E9) -> 1577899 | F91: =SUM(F84:F89,F77:F81,F68:F74,F60:F65,F52:F57,F46:F49,F39:F43,F31:F36,F21:F28,F12:F18,F9) -> 1706390 | G91: =SUM(G84:G89,G77:G81,G68:G74,G60:G65,G52:G57,G46:G49,G39:G43,G31:G36,G21:G28,G12:G18,G9) -> 7823252.6 | H91: =SUM(H84:H89,H77:H81,H68:H74,H60:H65,H52:H57,H46:H49,H39:H43,H31:H36,H21:H28,H12:H18,H9) -> 1628219.1 | I91: =SUM(I84:I89,I77:I81,I68:I74,I60:I65,I52:I57,I46:I49,I39:I43,I31:I36,I21:I28,I12:I18,I9) -> 3125771.3 | J91: =SUM(J84:J89,J77:J81,J68:J74,J60:J65,J52:J57,J46:J49,J39:J43,J31:J36,J21:J28,J12:J18,J9) -> 2378874 | ... L91: =SUM(L84:L89,L77:L81,L68:L74,L60:L65,L52:L57,L46:L49,L39:L43,L31:L36,L21:L28,L12:L18,L9) -> 8117913.5 | N91: =SUM(N84:N89,N77:N81,N68:N74,N60:N65,N52:N57,N46:N49,N39:N43,N31:N36,N21:N28,N12:N18,N9) -> 1521518.1 | O91: =SUM(O84:O89,O77:O81,O68:O74,O60:O65,O52:O57,O46:O49,O39:O43,O31:O36,O21:O28,O12:O18,O9) -> 2424932.4 | P91: =SUM(P84:P89,P77:P81,P68:P74,P60:P65,P52:P57,P46:P49,P39:P43,P31:P36,P21:P28,P12:P18,P9) -> 1484897.6 | Q91: =SUM(Q84:Q89,Q77:Q81,Q68:Q74,Q60:Q65,Q52:Q57,Q46:Q49,Q39:Q43,Q31:Q36,Q21:Q28,Q12:Q18,Q9) -> 1927825 | R91: =SUM(R84:R89,R77:R81,R68:R74,R60:R65,R52:R57,R46:R49,R39:R43,R31:R36,R21:R28,R12:R18,R9) -> 7359173.1 | S91: =SUM(S84:S89,S77:S81,S68:S74,S60:S65,S52:S57,S46:S49,S39:S43,S31:S36,S21:S28,S12:S18,S9) -> 1349003 | T91: =SUM(T84:T89,T77:T81,T68:T74,T60:T65,T52:T57,T46:T49,T39:T43,T31:T36,T21:T28,T12:T18,T9) -> 2669789 | U91: =SUM(U84:U89,U77:U81,U68:U74,U60:U65,U52:U57,U46:U49,U39:U43,U31:U36,U21:U28,U12:U18,U9) -> 1193762 | ... W91: =SUM(W84:W89,W77:W81,W68:W74,W60:W65,W52:W57,W46:W49,W39:W43,W31:W36,W21:W28,W12:W18,W9) -> 6132436 | Y91: =(G91-L91)/L91 -> -0.036297616 | Z91: =(G91-R91)/R91 -> 0.063061359 | AA91: =(L91-W91)/L91 -> 0.24457978

Sheet KZN
A1: SUMMARY-KZN
B3: 2003/04. | C3: 2004/05. | D3: 2005/06. | E3: 2006/07 | F3: 2007/08 | G3: 2008/09 | H3: 2009/10 | I3: 2010/11 | J3: 2011/12 | K3: 2012/13 | M3: Total
A4: R thousands | B4: Outcome | C4: Outcome | D4: Outcome | E4: Outcome | F4: Outcome | G4: Outcome | H4: Outcome | I4: Medium-term estimates
A6: Operating Revenue and Expenditure
A7: Operating Revenue | B7: =SUM(B8:B14) -> 13462781 | C7: =SUM(C8:C14) -> 15652853 | D7: =SUM(D8:D14) -> 17865624 | E7: =SUM(E8:E14) -> 20511458 | F7: =SUM(F8:F14) -> 24531931 | G7: =SUM(G8:G14) -> 28404557 | H7: =SUM(H8:H14) -> 32969856 | I7: =SUM(I8:I14) -> 36822413 | ... K7: =SUM(K8:K14) -> 45534197 | M7: =SUM(B7:L7) -> 2.7614902e+08
A8: Property rates | B8: ='2003'!B8 -> 3201323 | C8: ='2004'!B8 -> 3995220 | D8: ='2005'!B8 -> 4284428 | E8: ='2006'!B8 -> 4720846 | F8: ='2007'!B8 -> 5236265 | G8: ='2008'!B8 -> 5502934 | H8: ='2009'!B8 -> 5996993.6 | I8: ='2010'!B8 -> 6224958.6 | J8: ='2011'!B8 -> 6645488.7 | K8: ='2012'!B8 -> 7143958.1 | M8: =SUM(B8:L8) -> 52952415
A9: Service charges | B9: ='2003'!B9 -> 6010112 | C9: ='2004'!B9 -> 6558894 | D9: ='2005'!B9 -> 7352819 | E9: ='2006'!B9 -> 7812834 | F9: ='2007'!B9 -> 8394640 | G9: ='2008'!B9 -> 9795971 | H9: ='2009'!B9 -> 12062549 | I9: ='2010'!B9 -> 15210923 | J9: ='2011'!B9 -> 18071545 | K9: ='2012'!B9 -> 21308064 | M9: =SUM(B9:L9) -> 1.1257835e+08
A10: Regional Service Levies | B10: ='2003'!B10 -> 264508 | C10: ='2004'!B10 -> 797677 | D10: ='2005'!B10 -> 865288 | E10: ='2006'!B10 -> 37122 | F10: ='2007'!B10 -> 9715 | G10: ='2008'!B10 -> 662 | H10: ='2009'!B10 -> 0 | I10: ='2010'!B10 -> 0 | J10: ='2011'!B10 -> 0 | K10: ='2012'!B10 -> 0 | M10: =SUM(B10:L10) -> 1974972
A11: Investment revenue | B11: ='2003'!B11 -> 618536 | C11: ='2004'!B11 -> 329280 | D11: ='2005'!B11 -> 543168 | E11: ='2006'!B11 -> 463569 | F11: ='2007'!B11 -> 702484 | G11: ='2008'!B11 -> 903810 | H11: ='2009'!B11 -> 440968 | I11: ='2010'!B11 -> 0 | J11: ='2011'!B11 -> 0 | K11: ='2012'!B11 -> 0 | M11: =SUM(B11:L11) -> 4001815
A12: Government grants | B12: ='2003'!B12 -> 1822198 | C12: ='2004'!B12 -> 2625526 | D12: ='2005'!B12 -> 3514352 | E12: ='2006'!B12 -> 5345794 | F12: ='2007'!B12 -> 7134527 | G12: ='2008'!B12 -> 9008043.4 | H12: ='2009'!B12 -> 9832648.7 | I12: ='2010'!B12 -> 9348965 | J12: ='2011'!B12 -> 8944639 | K12: ='2012'!B12 -> 9337838.9 | M12: =SUM(B12:L12) -> 66914532
A13: Public contributions and donations | B13: ='2003'!B13 -> 219 | C13: ='2004'!B13 -> 10642 | D13: ='2005'!B13 -> 15982 | E13: ='2006'!B13 -> 15382 | F13: ='2007'!B13 -> 798091 | G13: ='2008'!B13 -> 19492 | H13: ='2009'!B13 -> 36200 | I13: ='2010'!B13 -> 0 | J13: ='2011'!B13 -> 0 | K13: ='2012'!B13 -> 0 | M13: =SUM(B13:L13) -> 896008
A14: Other own revenue | B14: ='2003'!B14 -> 1545885 | C14: ='2004'!B14 -> 1335614 | D14: ='2005'!B14 -> 1289587 | E14: ='2006'!B14 -> 2115911 | F14: ='2007'!B14 -> 2256209 | G14: ='2008'!B14 -> 3173644.2 | H14: ='2009'!B14 -> 4600497.1 | I14: ='2010'!B14 -> 6037566.2 | J14: ='2011'!B14 -> 6731681.8 | K14: ='2012'!B14 -> 7744335.6 | M14: =SUM(B14:L14) -> 36830931
K15: ='2012'!B15 -> 0
A16: Operating Expenditure | B16: =SUM(B17:B24) -> 13118974 | C16: =SUM(C17:C24) -> 15075235 | D16: =SUM(D17:D24) -> 16297858 | E16: =SUM(E17:E24) -> 18939471 | F16: =SUM(F17:F24) -> 19902725 | G16: =SUM(G17:G24) -> 25537738 | H16: =SUM(H17:H24) -> 30689425 | I16: =SUM(I17:I24) -> 33799974 | ... K16: =SUM(K17:K24) -> 41585941 | M16: =SUM(B16:L16) -> 2.5211205e+08
A17: Employee costs | B17: ='2003'!B17 -> 4022149 | C17: ='2004'!B17 -> 4351702 | D17: ='2005'!B17 -> 4364023 | E17: ='2006'!B17 -> 5313480 | F17: ='2007'!B17 -> 5620335 | G17: ='2008'!B17 -> 6924988.3 | H17: ='2009'!B17 -> 7836512.4 | I17: ='2010'!B17 -> 8918730.1 | J17: ='2011'!B17 -> 9482559.5 | K17: ='2012'!B17 -> 10314786 | M17: =SUM(B17:L17) -> 67149266
A18: Remuneration of Councillors | B18: ='2003'!B18 -> 124999 | C18: ='2004'!B18 -> 144145 | D18: ='2005'!B18 -> 176637 | E18: ='2006'!B18 -> 307841 | F18: ='2007'!B18 -> 322255 | G18: ='2008'!B18 -> 369640 | H18: ='2009'!B18 -> 387875 | I18: ='2010'!B18 -> 0 | J18: ='2011'!B18 -> 0 | K18: ='2012'!B18 -> 0 | M18: =SUM(B18:L18) -> 1833392
A19: Repairs and maintenance | B19: ='2003'!B19 -> 1124783 | C19: ='2004'!B19 -> 1071001 | D19: ='2005'!B19 -> 1194885 | E19: ='2006'!B19 -> 1244165 | F19: ='2007'!B19 -> 1597727 | G19: ='2008'!B19 -> 2052078 | H19: ='2009'!B19 -> 2503748 | I19: ='2010'!B19 -> 0 | J19: ='2011'!B19 -> 0 | K19: ='2012'!B19 -> 0 | M19: =SUM(B19:L19) -> 10788387
A20: Depreciation and amortisation | B20: ='2003'!B20 -> 213593 | C20: ='2004'!B20 -> 701788 | D20: ='2005'!B20 -> 1265312 | E20: ='2006'!B20 -> 1491319 | F20: ='2007'!B20 -> 1255152 | G20: ='2008'!B20 -> 1902794 | H20: ='2009'!B20 -> 2462584 | I20: ='2010'!B20 -> 0 | J20: ='2011'!B20 -> 0 | K20: ='2012'!B20 -> 0 | M20: =SUM(B20:L20) -> 9292542
A21: Finance charges | B21: ='2003'!B21 -> 1416990 | C21: ='2004'!B21 -> 987879 | D21: ='2005'!B21 -> 762884 | E21: ='2006'!B21 -> 778178 | F21: ='2007'!B21 -> 796287 | G21: ='2008'!B21 -> 905647 | H21: ='2009'!B21 -> 728642 | I21: ='2010'!B21 -> 1187048.9 | J21: ='2011'!B21 -> 1287739.3 | K21: ='2012'!B21 -> 1355197.9 | M21: =SUM(B21:L21) -> 10206493
A22: Materials and bulk purchases | B22: ='2003'!B22 -> 3430456 | C22: ='2004'!B22 -> 3451865 | D22: ='2005'!B22 -> 3812014 | E22: ='2006'!B22 -> 4255979 | F22: ='2007'!B22 -> 4264351 | G22: ='2008'!B22 -> 5496002 | H22: ='2009'!B22 -> 6950831 | I22: ='2010'!B22 -> 8485767.1 | J22: ='2011'!B22 -> 10586305 | K22: ='2012'!B22 -> 13142036 | M22: =SUM(B22:L22) -> 63875607
A23: Grants and subsidies | B23: ='2003'!B23 -> 192184 | C23: ='2004'!B23 -> 502887 | D23: ='2005'!B23 -> 293726 | E23: ='2006'!B23 -> 251013 | F23: ='2007'!B23 -> 346581 | G23: ='2008'!B23 -> 540692 | H23: ='2009'!B23 -> 753897 | I23: ='2010'!B23 -> 0 | J23: ='2011'!B23 -> 0 | K23: ='2012'!B23 -> 0 | M23: =SUM(B23:L23) -> 2880980
A24: Other expenditure | B24: ='2003'!B24 -> 2593820 | C24: ='2004'!B24 -> 3863968 | D24: ='2005'!B24 -> 4428377 | E24: ='2006'!B24 -> 5297496 | F24: ='2007'!B24 -> 5700037 | G24: ='2008'!B24 -> 7345896.7 | H24: ='2009'!B24 -> 9065335.1 | I24: ='2010'!B24 -> 15208428 | J24: ='2011'!B24 -> 15808106 | K24: ='2012'!B24 -> 16773920 | M24: =SUM(B24:L24) -> 86085383
A26: Surplus/(Deficit) | B26: =SUM(B7-B16) -> 343807 | C26: =SUM(C7-C16) -> 577618 | D26: =SUM(D7-D16) -> 1567766 | E26: =SUM(E7-E16) -> 1571987 | F26: ='2007'!B26 -> 4629206 | G26: ='2007'!C26 -> 4065931 | H26: ='2007'!D26 -> -2315 | I26: ='2007'!E26 -> 2856 | J26: ='2007'!F26 -> 11565 | K26: ='2007'!G26 -> 10287 | M26: =SUM(B26:L26) -> 12778708
A28: Capital Revenue and Expenditure
A29: Source of Finance | B29: =SUM(B30:B33) -> 2646078 | C29: =SUM(C30:C33) -> 3116337 | D29: =SUM(D30:D33) -> 4428394 | E29: =SUM(E30:E33) -> 4394927 | F29: =SUM(F30:F33) -> 6712980.8 | G29: =SUM(G30:G33) -> 8663850.3 | H29: =SUM(H30:H33) -> 9611629.7 | I29: =SUM(I30:I33) -> 9705679 | ... K29: =SUM(K30:K33) -> 8561998.9 | M29: =SUM(B29:L29) -> 66199475
A30: External Loans | B30: ='2003'!B30 -> 426347 | C30: ='2004'!B30 -> 564352 | D30: ='2005'!B30 -> 1536884 | E30: ='2006'!B30 -> 1097278 | F30: ='2007'!B30 -> 1193037 | G30: ='2008'!B30 -> 1153742 | H30: ='2009'!B30 -> 1267815 | I30: ='2010'!B30 -> 597324.84 | J30: ='2011'!B30 -> 409605.21 | K30: ='2012'!B30 -> 520845.26 | M30: =SUM(B30:L30) -> 8767230.3
A31: Public Contributions and Donations | B31: ='2003'!B31 -> 596 | C31: ='2004'!B31 -> 27189 | D31: ='2005'!B31 -> 51570 | E31: ='2006'!B31 -> 4971 | F31: ='2007'!B31 -> 37692 | G31: ='2008'!B31 -> 55223 | H31: ='2009'!B31 -> 4971 | I31: ='2010'!B31 -> 33539 | J31: ='2011'!B31 -> 47550 | K31: ='2012'!B31 -> 51223 | M31: =SUM(B31:L31) -> 314524
A32: Grants and subsidies | B32: ='2003'!B32 -> 1073097 | C32: ='2004'!B32 -> 1063371 | D32: ='2005'!B32 -> 1977245 | E32: ='2006'!B32 -> 2482700 | F32: ='2007'!B32 -> 3337608 | G32: ='2008'!B32 -> 4694947 | H32: ='2009'!B32 -> 4705821 | I32: ='2010'!B32 -> 5608282.1 | J32: ='2011'!B32 -> 4459568.2 | K32: ='2012'!B32 -> 4930323.7 | M32: =SUM(B32:L32) -> 34332963
A33: Other | B33: ='2003'!B33 -> 1146038 | C33: ='2004'!B33 -> 1461425 | D33: ='2005'!B33 -> 862695 | E33: ='2006'!B33 -> 809978 | F33: ='2007'!B33 -> 2144643.8 | G33: ='2008'!B33 -> 2759938.3 | H33: ='2009'!B33 -> 3633022.7 | I33: ='2010'!B33 -> 3466533 | J33: ='2011'!B33 -> 3440877.3 | K33: ='2012'!B33 -> 3059606.9 | M33: =SUM(B33:L33) -> 22784758
A35: Capital Expenditure | B35: =SUM(B36:B40) -> 2646078 | C35: =SUM(C36:C40) -> 3116337.2 | D35: =SUM(D36:D40) -> 4428394 | E35: =SUM(E36:E40) -> 4394943 | F35: =SUM(F36:F40) -> 6751656.4 | G35: =SUM(G36:G40) -> 8687795 | H35: =SUM(H36:H40) -> 9614262.7 | I35: =SUM(I36:I40) -> 10123966 | ... K35: =SUM(K36:K40) -> 8901803.6 | M35: =SUM(B35:L35) -> 67572195
A36: Water and Sanitation | B36: ='2003'!B36 -> 708241 | C36: ='2004'!B36 -> 667494.04 | D36: ='2005'!B36 -> 1410417 | E36: ='2006'!B36 -> 1417137 | F36: ='2007'!B36 -> 1874209 | G36: ='2008'!B36 -> 2774075 | H36: ='2009'!B36 -> 3280885 | I36: ='2010'!B36 -> 3317850.1 | J36: ='2011'!B36 -> 3237446.6 | K36: ='2012'!B36 -> 3260481.2 | M36: =SUM(B36:L36) -> 21948236
A37: Electricity | B37: ='2003'!B37 -> 267093 | C37: ='2004'!B37 -> 316543.92 | D37: ='2005'!B37 -> 405381 | E37: ='2006'!B37 -> 488691 | F37: ='2007'!B37 -> 591917 | G37: ='2008'!B37 -> 724199 | H37: ='2009'!B37 -> 788966.83 | I37: ='2010'!B37 -> 1191368 | J37: ='2011'!B37 -> 1170936 | K37: ='2012'!B37 -> 1065157 | M37: =SUM(B37:L37) -> 7010252.8
A38: Housing | B38: ='2003'!B38 -> 34403 | C38: ='2004'!B38 -> 38645.267 | D38: ='2005'!B38 -> 36793 | E38: ='2006'!B38 -> 137696 | F38: ='2007'!B38 -> 860523 | G38: ='2008'!B38 -> 330344 | H38: ='2009'!B38 -> 182466 | I38: ='2010'!B38 -> 1482290.1 | J38: ='2011'!B38 -> 1470732.6 | K38: ='2012'!B38 -> 1597647 | M38: =SUM(B38:L38) -> 6171540
A39: Roads and storm water | B39: ='2003'!B39 -> 85893 | C39: ='2004'!B39 -> 93730 | D39: ='2005'!B39 -> 464819 | E39: ='2006'!B39 -> 618670 | F39: ='2007'!B39 -> 903408 | G39: ='2008'!B39 -> 1288564 | H39: ='2009'!B39 -> 2037691 | I39: ='2010'!B39 -> 1682586.7 | J39: ='2011'!B39 -> 1303903.1 | K39: ='2012'!B39 -> 1355677.4 | M39: =SUM(B39:L39) -> 9834942.2
A40: Other | B40: ='2003'!B40 -> 1550448 | C40: ='2004'!B40 -> 1999924 | D40: ='2005'!B40 -> 2110984 | E40: ='2006'!B40 -> 1732749 | F40: ='2007'!B40 -> 2521599.4 | G40: ='2008'!B40 -> 3570613 | H40: ='2009'!B40 -> 3324253.9 | I40: ='2010'!B40 -> 2449871.3 | J40: ='2011'!B40 -> 1723940.1 | K40: ='2012'!B40 -> 1622841.1 | M40: =SUM(B40:L40) -> 22607224
A42: Capital and Operating Expenditure | B42: =SUM(B43:B44) -> 15765052 | C42: =SUM(C43:C44) -> 18191572 | D42: =SUM(D43:D44) -> 20726252 | E42: =SUM(E43:E44) -> 23334414 | F42: =SUM(F43:F44) -> 26654381 | G42: =SUM(G43:G44) -> 34225533 | H42: =SUM(H43:H44) -> 40303687 | I42: =SUM(I43:I44) -> 43923940 | ... K42: =SUM(K43:K44) -> 50487744
A43: Operating Expenditure | B43: ='2003'!B43 -> 13118974 | C43: ='2004'!B43 -> 15075235 | D43: ='2005'!B43 -> 16297858 | E43: ='2006'!B43 -> 18939471 | F43: ='2007'!B43 -> 19902725 | G43: ='2008'!B43 -> 25537738 | H43: ='2009'!B43 -> 30689425 | I43: ='2010'!B43 -> 33799974 | J43: ='2011'!B43 -> 37164710 | K43: ='2012'!B43 -> 41585941 | M43: =SUM(B43:L43) -> 2.5211205e+08
A44: Capital Expenditure | B44: ='2003'!B44 -> 2646078 | C44: ='2004'!B44 -> 3116337.2 | D44: ='2005'!B44 -> 4428394 | E44: ='2006'!B44 -> 4394943 | F44: ='2007'!B44 -> 6751656.4 | G44: ='2008'!B44 -> 8687795 | H44: ='2009'!B44 -> 9614262.7 | I44: ='2010'!B44 -> 10123966 | J44: ='2011'!B44 -> 8906958.5 | K44: ='2012'!B44 -> 8901803.6 | M44: =SUM(B44:L44) -> 67572195
A46: Total | B46: =SUM(B43:B44) -> 15765052 | C46: =SUM(C43:C44) -> 18191572 | D46: =SUM(D43:D44) -> 20726252 | E46: =SUM(E43:E44) -> 23334414 | F46: =SUM(F43:F44) -> 26654381 | G46: =SUM(G43:G44) -> 34225533 | H46: =SUM(H43:H44) -> 40303687 | I46: =SUM(I43:I44) -> 43923940 | ... K46: =SUM(K43:K44) -> 50487744 | M46: =SUM(B46:L46) -> 3.1968424e+08
A47: Notes:
A48: - The 2003/04 to 2005/06 numbers were obtained from the audited annual financial statements and, where applicable, the consolidated annual financial statements of the municipalities and municipal entities.
A49: - The 2006/07 numbers were obtained from two sources, namely (i) the audited annual financial statements of municipalities and (ii) the pre-audit in-year results submitted to Councils and National Treasury as part of the monitoring on budget
A50: implementation where the annual financial statements have not been finalised.
A51: - The Medium Term Revenue and Expenditure Framework (MTREF) estimates are based on the budget and related documents of municipalities and their entities as approved by respective municipal Councils and municipal entities Boards.
A52: Source: National Treasury local government database

Sheet KZN Structure
A1: SUMMARY – KWAZULU-NATAL, 2003/04 – 2012/13 | B1: Each Catogory Item as a percentage of Catogory Total
B3: 2003/04. | C3: 2004/05. | D3: 2005/06. | E3: 2006/07 | F3: 2007/08 | G3: 2008/09 | H3: 2009/10 | I3: 2010/11 | J3: 2011/12 | K3: 2012/13 | M3: Average Structure | N3: Range | O3: Trend
A4: R thousands | B4: Outcome | C4: Outcome | D4: Outcome | E4: Outcome | F4: Outcome | G4: Outcome | H4: Outcome | I4: Medium-term estimates
A6: Operating Revenue and Expenditure
A7: Operating Revenue | B7: =KZN!B7 -> 13462781 | C7: =KZN!C7 -> 15652853 | D7: =KZN!D7 -> 17865624 | E7: =KZN!E7 -> 20511458 | F7: =KZN!F7 -> 24531931 | G7: =KZN!G7 -> 28404557 | H7: =KZN!K7 -> 45534197 | I7: =KZN!I7 -> 36822413 | J7: =KZN!J7 -> 40393354 | K7: =KZN!K7 -> 45534197 | M7: 100 | N7: =MAX(B7:K7)-MIN(B7:K7) -> 32071416 | O7: =K7-B7 -> 32071416
A8: Property rates | B8: =KZN!B8/KZN!B7*100 -> 23.779062 | C8: =KZN!C8/KZN!C7*100 -> 25.523909 | D8: =KZN!D8/KZN!D7*100 -> 23.981407 | E8: =KZN!E8/KZN!E7*100 -> 23.015653 | F8: =KZN!F8/KZN!F7*100 -> 21.344692 | G8: =KZN!G8/KZN!G7*100 -> 19.37342 | H8: =KZN!H8/KZN!H7*100 -> 18.189323 | I8: =KZN!I8/KZN!I7*100 -> 16.905352 | ... K8: =KZN!K8/KZN!K7*100 -> 15.689215 | M8: =AVERAGE(B8:K8) -> 20.425397 | N8: =MAX(B8:K8)-MIN(B8:K8) -> 9.8346941 | O8: =K8-B8 -> -8.0898466
A9: Service charges | B9: =KZN!B9/KZN!B7*100 -> 44.642426 | C9: =KZN!C9/KZN!C7*100 -> 41.902227 | D9: =KZN!D9/KZN!D7*100 -> 41.156239 | E9: =KZN!E9/KZN!E7*100 -> 38.090096 | F9: =KZN!F9/KZN!F7*100 -> 34.219239 | G9: =KZN!G9/KZN!G7*100 -> 34.487322 | H9: =KZN!H9/KZN!H7*100 -> 36.586599 | I9: =KZN!I9/KZN!I7*100 -> 41.308871 | ... K9: =KZN!K9/KZN!K7*100 -> 46.79574 | M9: =AVERAGE(B9:K9) -> 40.392766 | N9: =MAX(B9:K9)-MIN(B9:K9) -> 12.576501 | O9: =K9-B9 -> 2.1533139
A10: Regional Service Levies | B10: =KZN!B10/KZN!B7*100 -> 1.9647352 | C10: =KZN!C10/KZN!C7*100 -> 5.0960486 | D10: =KZN!D10/KZN!D7*100 -> 4.8433125 | E10: =KZN!E10/KZN!E7*100 -> 0.18098177 | F10: =KZN!F10/KZN!F7*100 -> 0.039601448 | G10: =KZN!G10/KZN!G7*100 -> 0.002330612 | M10: =AVERAGE(B10:K10) -> 2.0211684 | N10: =MAX(B10:K10)-MIN(B10:K10) -> 5.093718 | O10: =K10-B10 -> -1.9647352
A11: Investment revenue | B11: =KZN!B11/KZN!B7*100 -> 4.5944148 | C11: =KZN!C11/KZN!C7*100 -> 2.1036421 | D11: =KZN!D11/KZN!D7*100 -> 3.0402968 | E11: =KZN!E11/KZN!E7*100 -> 2.260049 | F11: =KZN!F11/KZN!F7*100 -> 2.8635496 | G11: =KZN!G11/KZN!G7*100 -> 3.1819191 | H11: =KZN!H11/KZN!H7*100 -> 1.3374884 | M11: =AVERAGE(B11:K11) -> 2.7687657 | N11: =MAX(B11:K11)-MIN(B11:K11) -> 3.2569264 | O11: =K11-B11 -> -4.5944148
A12: Government grants | B12: =KZN!B12/KZN!B7*100 -> 13.535079 | C12: =KZN!C12/KZN!C7*100 -> 16.773466 | D12: =KZN!D12/KZN!D7*100 -> 19.671029 | E12: =KZN!E12/KZN!E7*100 -> 26.062477 | F12: =KZN!F12/KZN!F7*100 -> 29.082615 | G12: =KZN!G12/KZN!G7*100 -> 31.713375 | H12: =KZN!H12/KZN!H7*100 -> 29.823147 | I12: =KZN!I12/KZN!I7*100 -> 25.389333 | ... K12: =KZN!K12/KZN!K7*100 -> 20.50731 | M12: =AVERAGE(B12:K12) -> 23.470167 | N12: =MAX(B12:K12)-MIN(B12:K12) -> 18.178296 | O12: =K12-B12 -> 6.9722314
A13: Public contributions and donations | B13: =KZN!B13/KZN!B7*100 -> 0.001626707 | C13: =KZN!C13/KZN!C7*100 -> 0.067987606 | D13: =KZN!D13/KZN!D7*100 -> 0.089456713 | E13: =KZN!E13/KZN!E7*100 -> 0.074992231 | F13: =KZN!F13/KZN!F7*100 -> 3.2532743 | G13: =KZN!G13/KZN!G7*100 -> 0.068622793 | H13: =KZN!H13/KZN!H7*100 -> 0.10979726 | M13: =AVERAGE(B13:K13) -> 0.52367966 | N13: =MAX(B13:K13)-MIN(B13:K13) -> 3.2516476 | O13: =K13-B13 -> -0.001626707
A14: Other own revenue | B14: =KZN!B14/KZN!B7*100 -> 11.482657 | C14: =KZN!C14/KZN!C7*100 -> 8.5327192 | D14: =KZN!D14/KZN!D7*100 -> 7.2182589 | E14: =KZN!E14/KZN!E7*100 -> 10.315751 | F14: =KZN!F14/KZN!F7*100 -> 9.1970298 | G14: =KZN!G14/KZN!G7*100 -> 11.173011 | H14: =KZN!H14/KZN!H7*100 -> 13.953646 | I14: =KZN!I14/KZN!I7*100 -> 16.396444 | ... K14: =KZN!K14/KZN!K7*100 -> 17.007735 | M14: =AVERAGE(B14:K14) -> 12.194257 | N14: =MAX(B14:K14)-MIN(B14:K14) -> 9.7894763 | O14: =K14-B14 -> 5.525078
A16: Operating Expenditure | B16: =KZN!B16 -> 13118974 | C16: =KZN!C16 -> 15075235 | D16: =KZN!D16 -> 16297858 | E16: =KZN!E16 -> 18939471 | F16: =KZN!F16 -> 19902725 | G16: =KZN!G16 -> 25537738 | H16: =KZN!K16 -> 41585941 | I16: =KZN!J16 -> 37164710 | J16: =KZN!K16 -> 41585941 | K16: =KZN!K16 -> 41585941 | M16: 100 | N16: =MAX(B16:K16)-MIN(B16:K16) -> 28466967 | O16: =K16-B16 -> 28466967
A17: Employee costs | B17: =KZN!B17/KZN!B16*100 -> 30.659021 | C17: =KZN!C17/KZN!C16*100 -> 28.866562 | D17: =KZN!D17/KZN!D16*100 -> 26.776666 | E17: =KZN!E17/KZN!E16*100 -> 28.05506 | F17: =KZN!F17/KZN!F16*100 -> 28.239023 | G17: =KZN!G17/KZN!G16*100 -> 27.116686 | H17: =KZN!H17/KZN!H16*100 -> 25.534895 | I17: =KZN!I17/KZN!I16*100 -> 26.386796 | ... K17: =KZN!K17/KZN!K16*100 -> 24.803542 | M17: =AVERAGE(B17:K17) -> 27.195321 | N17: =MAX(B17:K17)-MIN(B17:K17) -> 5.8554787 | O17: =K17-B17 -> -5.8554787
A18: Remuneration of Councillors | B18: =KZN!B18/KZN!B16*100 -> 0.95281079 | C18: =KZN!C18/KZN!C16*100 -> 0.95617083 | D18: =KZN!D18/KZN!D16*100 -> 1.083805 | E18: =KZN!E18/KZN!E16*100 -> 1.6253939 | F18: =KZN!F18/KZN!F16*100 -> 1.6191501 | G18: =KZN!G18/KZN!G16*100 -> 1.4474265 | H18: =KZN!H18/KZN!H16*100 -> 1.2638719 | M18: =AVERAGE(B18:K18) -> 1.2783756 | N18: =MAX(B18:K18)-MIN(B18:K18) -> 0.67258308 | O18: =K18-B18 -> -0.95281079
A19: Repairs and maintenance | B19: =KZN!B19/KZN!B16*100 -> 8.5737116 | C19: =KZN!C19/KZN!C16*100 -> 7.1043735 | D19: =KZN!D19/KZN!D16*100 -> 7.3315463 | E19: =KZN!E19/KZN!E16*100 -> 6.5691645 | F19: =KZN!F19/KZN!F16*100 -> 8.0276796 | G19: =KZN!G19/KZN!G16*100 -> 8.0354728 | H19: =KZN!H19/KZN!H16*100 -> 8.1583413 | M19: =AVERAGE(B19:K19) -> 7.6857557 | N19: =MAX(B19:K19)-MIN(B19:K19) -> 2.0045472 | O19: =K19-B19 -> -8.5737116
A20: Depreciation and amortisation | B20: =KZN!B20/KZN!B16*100 -> 1.6281227 | C20: =KZN!C20/KZN!C16*100 -> 4.6552375 | D20: =KZN!D20/KZN!D16*100 -> 7.7636705 | E20: =KZN!E20/KZN!E16*100 -> 7.8741323 | F20: =KZN!F20/KZN!F16*100 -> 6.3064329 | G20: =KZN!G20/KZN!G16*100 -> 7.4509105 | H20: =KZN!H20/KZN!H16*100 -> 8.0242104 | M20: =AVERAGE(B20:K20) -> 6.2432453 | N20: =MAX(B20:K20)-MIN(B20:K20) -> 6.3960877 | O20: =K20-B20 -> -1.6281227
A21: Finance charges | B21: =KZN!B21/KZN!B16*100 -> 10.801073 | C21: =KZN!C21/KZN!C16*100 -> 6.5529924 | D21: =KZN!D21/KZN!D16*100 -> 4.6808851 | E21: =KZN!E21/KZN!E16*100 -> 4.1087631 | F21: =KZN!F21/KZN!F16*100 -> 4.0008943 | G21: =KZN!G21/KZN!G16*100 -> 3.5463086 | H21: =KZN!H21/KZN!H16*100 -> 2.3742446 | I21: =KZN!I21/KZN!I16*100 -> 3.5119817 | ... K21: =KZN!K21/KZN!K16*100 -> 3.2587886 | M21: =AVERAGE(B21:K21) -> 4.6300884 | N21: =MAX(B21:K21)-MIN(B21:K21) -> 8.4268287 | O21: =K21-B21 -> -7.5422847
A22: Materials and bulk purchases | B22: =KZN!B22/KZN!B16*100 -> 26.148813 | C22: =KZN!C22/KZN!C16*100 -> 22.897587 | D22: =KZN!D22/KZN!D16*100 -> 23.389663 | E22: =KZN!E22/KZN!E16*100 -> 22.471478 | F22: =KZN!F22/KZN!F16*100 -> 21.425966 | G22: =KZN!G22/KZN!G16*100 -> 21.521099 | H22: =KZN!H22/KZN!H16*100 -> 22.648945 | I22: =KZN!I22/KZN!I16*100 -> 25.105839 | ... K22: =KZN!K22/KZN!K16*100 -> 31.602114 | M22: =AVERAGE(B22:K22) -> 24.569634 | N22: =MAX(B22:K22)-MIN(B22:K22) -> 10.176149 | O22: =K22-B22 -> 5.453301
A23: Grants and subsidies | B23: =KZN!B23/KZN!B16*100 -> 1.4649316 | C23: =KZN!C23/KZN!C16*100 -> 3.3358485 | D23: =KZN!D23/KZN!D16*100 -> 1.8022368 | E23: =KZN!E23/KZN!E16*100 -> 1.3253432 | F23: =KZN!F23/KZN!F16*100 -> 1.7413746 | G23: =KZN!G23/KZN!G16*100 -> 2.1172275 | H23: =KZN!H23/KZN!H16*100 -> 2.4565368 | M23: =AVERAGE(B23:K23) -> 2.0347856 | N23: =MAX(B23:K23)-MIN(B23:K23) -> 2.0105052 | O23: =K23-B23 -> -1.4649316
A24: Other expenditure | B24: =KZN!B24/KZN!B16*100 -> 19.771516 | C24: =KZN!C24/KZN!C16*100 -> 25.631229 | D24: =KZN!D24/KZN!D16*100 -> 27.171528 | E24: =KZN!E24/KZN!E16*100 -> 27.970665 | F24: =KZN!F24/KZN!F16*100 -> 28.63948 | G24: =KZN!G24/KZN!G16*100 -> 28.764868 | H24: =KZN!H24/KZN!H16*100 -> 29.538954 | I24: =KZN!I24/KZN!I16*100 -> 44.995383 | ... K24: =KZN!K24/KZN!K16*100 -> 40.335555 | M24: =AVERAGE(B24:K24) -> 31.535444 | N24: =MAX(B24:K24)-MIN(B24:K24) -> 25.223867 | O24: =K24-B24 -> 20.564039
A26: Surplus/(Deficit) as a % of Revenue | B26: =(B7-B16)/B7*100 -> 2.5537591 | C26: =(C7-C16)/C7*100 -> 3.6901771 | D26: =(D7-D16)/D7*100 -> 8.7753218 | E26: =(E7-E16)/E7*100 -> 7.6639457 | F26: =(F7-F16)/F7*100 -> 18.870125 | G26: =(G7-G16)/G7*100 -> 10.092812 | H26: =(H7-H16)/H7*100 -> 8.6709691 | I26: =(I7-I16)/I7*100 -> -0.92958772 | ... K26: =(K7-K16)/K7*100 -> 8.6709691
A28: Capital Revenue and Expenditure
A29: Source of Finance | B29: =KZN!B29 -> 2646078 | C29: =KZN!C29 -> 3116337 | D29: =KZN!D29 -> 4428394 | E29: =KZN!E29 -> 4394927 | F29: =KZN!F29 -> 6712980.8 | G29: =KZN!G29 -> 8663850.3 | H29: =KZN!K29 -> 8561998.9 | I29: =KZN!I29 -> 9705679 | J29: =KZN!M29 -> 66199475 | K29: =KZN!K29 -> 8561998.9 | M29: 100 | N29: =MAX(B29:H29)-MIN(B29:H29) -> 6017772.3 | O29: =K29-B29 -> 5915920.9
A30: External Loans | B30: =KZN!B30/KZN!B29*100 -> 16.112412 | C30: =KZN!C30/KZN!C29*100 -> 18.109466 | D30: =KZN!D30/KZN!D29*100 -> 34.705223 | E30: =KZN!E30/KZN!E29*100 -> 24.966922 | F30: =KZN!F30/KZN!F29*100 -> 17.77209 | G30: =KZN!G30/KZN!G29*100 -> 13.316735 | H30: =KZN!H30/KZN!H29*100 -> 13.190427 | I30: =KZN!I30/KZN!I29*100 -> 6.1543849 | ... K30: =KZN!K30/KZN!K29*100 -> 6.0832203 | M30: =AVERAGE(B30:K30) -> 15.531187 | N30: =MAX(B30:K30)-MIN(B30:K30) -> 29.804232 | O30: =K30-B30 -> -10.029192
A31: Public Contributions and Donations | B31: =KZN!B31/KZN!B29*100 -> 0.022523901 | D31: =KZN!D31/KZN!D29*100 -> 1.1645305 | E31: =KZN!E31/KZN!E29*100 -> 0.11310768 | F31: =KZN!F31/KZN!F29*100 -> 0.56147934 | G31: =KZN!G31/KZN!G29*100 -> 0.63739559 | H31: =KZN!H31/KZN!H29*100 -> 0.051718597 | I31: =KZN!I31/KZN!I29*100 -> 0.34556057 | J31: =KZN!J31/KZN!J29*100 -> 0.56894319 | K31: =KZN!K31/KZN!K29*100 -> 0.59825983 | M31: =AVERAGE(B31:K31) -> 0.45150214 | N31: =MAX(B31:K31)-MIN(B31:K31) -> 1.1420066 | O31: =K31-B31 -> 0.57573593
A32: Grants and subsidies | B32: =KZN!B32/KZN!B29*100 -> 40.554247 | C32: =KZN!C32/KZN!C29*100 -> 34.122465 | D32: =KZN!D32/KZN!D29*100 -> 44.649257 | E32: =KZN!E32/KZN!E29*100 -> 56.490131 | F32: =KZN!F32/KZN!F29*100 -> 49.718718 | G32: =KZN!G32/KZN!G29*100 -> 54.190075 | H32: =KZN!H32/KZN!H29*100 -> 48.959658 | I32: =KZN!I32/KZN!I29*100 -> 57.783512 | ... K32: =KZN!K32/KZN!K29*100 -> 57.583793 | M32: =AVERAGE(B32:K32) -> 49.741129 | N32: =MAX(B32:K32)-MIN(B32:K32) -> 23.661047 | O32: =K32-B32 -> 17.029546
A33: Other | B33: =KZN!B33/KZN!B29*100 -> 43.310817 | C33: =KZN!C33/KZN!C29*100 -> 46.895602 | D33: =KZN!D33/KZN!D29*100 -> 19.48099 | E33: =KZN!E33/KZN!E29*100 -> 18.42984 | F33: =KZN!F33/KZN!F29*100 -> 31.947712 | G33: =KZN!G33/KZN!G29*100 -> 31.855794 | H33: =KZN!H33/KZN!H29*100 -> 37.798197 | I33: =KZN!I33/KZN!I29*100 -> 35.716543 | ... K33: =KZN!K33/KZN!K29*100 -> 35.734727 | M33: =AVERAGE(B33:K33) -> 34.234086 | N33: =MAX(B33:K33)-MIN(B33:K33) -> 28.465762 | O33: =K33-B33 -> -7.5760899
A35: Capital Expenditure | B35: =KZN!B35 -> 2646078 | C35: =KZN!C35 -> 3116337.2 | D35: =KZN!D35 -> 4428394 | E35: =KZN!E35 -> 4394943 | F35: =KZN!F35 -> 6751656.4 | G35: =KZN!G35 -> 8687795 | H35: =KZN!K35 -> 8901803.6 | I35: =KZN!I35 -> 10123966 | J35: =KZN!M35 -> 67572195 | K35: =KZN!K35 -> 8901803.6 | M35: 100 | N35: =MAX(B35:K35)-MIN(B35:K35) -> 64926117 | O35: =K35-B35 -> 6255725.6
A36: Water and Sanitation | B36: =KZN!B36/KZN!B35*100 -> 26.765689 | C36: =KZN!C36/KZN!C35*100 -> 21.419185 | D36: =KZN!D36/KZN!D35*100 -> 31.849402 | E36: =KZN!E36/KZN!E35*100 -> 32.244719 | F36: =KZN!F36/KZN!F35*100 -> 27.759247 | G36: =KZN!G36/KZN!G35*100 -> 31.930714 | H36: =KZN!H36/KZN!H35*100 -> 34.125186 | I36: =KZN!I36/KZN!I35*100 -> 32.772236 | ... K36: =KZN!K36/KZN!K35*100 -> 36.627197 | M36: =AVERAGE(B36:K36) -> 31.184096 | N36: =MAX(B36:K36)-MIN(B36:K36) -> 15.208012 | O36: =K36-B36 -> 9.8615085
A37: Electricity | B37: =KZN!B37/KZN!B35*100 -> 10.09392 | C37: =KZN!C37/KZN!C35*100 -> 10.157563 | D37: =KZN!D37/KZN!D35*100 -> 9.1541313 | E37: =KZN!E37/KZN!E35*100 -> 11.119393 | F37: =KZN!F37/KZN!F35*100 -> 8.7669894 | G37: =KZN!G37/KZN!G35*100 -> 8.3358205 | H37: =KZN!H37/KZN!H35*100 -> 8.2062125 | I37: =KZN!I37/KZN!I35*100 -> 11.767799 | ... K37: =KZN!K37/KZN!K35*100 -> 11.965631 | M37: =AVERAGE(B37:K37) -> 10.271377 | N37: =MAX(B37:K37)-MIN(B37:K37) -> 4.9400933 | O37: =K37-B37 -> 1.8717112
A38: Housing | B38: =KZN!B38/KZN!B35*100 -> 1.3001506 | D38: =KZN!D38/KZN!D35*100 -> 0.83084296 | E38: =KZN!E38/KZN!E35*100 -> 3.1330554 | F38: =KZN!F38/KZN!F35*100 -> 12.745361 | G38: =KZN!G38/KZN!G35*100 -> 3.8023917 | H38: =KZN!H38/KZN!H35*100 -> 1.8978678 | I38: =KZN!I38/KZN!I35*100 -> 14.641397 | J38: =KZN!J38/KZN!J35*100 -> 16.512176 | K38: =KZN!K38/KZN!K35*100 -> 17.947453 | M38: =AVERAGE(B38:K38) -> 8.0900773 | N38: =MAX(B38:K38)-MIN(B38:K38) -> 17.11661 | O38: =K38-B38 -> 16.647302
A39: Roads and storm water | B39: =KZN!B39/KZN!B35*100 -> 3.2460494 | D39: =KZN!D39/KZN!D35*100 -> 10.496333 | E39: =KZN!E39/KZN!E35*100 -> 14.076861 | F39: =KZN!F39/KZN!F35*100 -> 13.380539 | G39: =KZN!G39/KZN!G35*100 -> 14.831888 | H39: =KZN!H39/KZN!H35*100 -> 21.194459 | I39: =KZN!I39/KZN!I35*100 -> 16.619838 | J39: =KZN!J39/KZN!J35*100 -> 14.639151 | K39: =KZN!K39/KZN!K35*100 -> 15.229244 | M39: =AVERAGE(B39:K39) -> 13.74604 | N39: =MAX(B39:K39)-MIN(B39:K39) -> 17.94841 | O39: =K39-B39 -> 11.983194
A40: Other | B40: =KZN!B40/KZN!B35*100 -> 58.594191 | C40: =KZN!C40/KZN!C35*100 -> 64.175468 | D40: =KZN!D40/KZN!D35*100 -> 47.66929 | E40: =KZN!E40/KZN!E35*100 -> 39.425972 | F40: =KZN!F40/KZN!F35*100 -> 37.347863 | G40: =KZN!G40/KZN!G35*100 -> 41.099186 | H40: =KZN!H40/KZN!H35*100 -> 34.576275 | I40: =KZN!I40/KZN!I35*100 -> 24.19873 | ... K40: =KZN!K40/KZN!K35*100 -> 18.230475 | M40: =AVERAGE(B40:K40) -> 38.467243 | N40: =MAX(B40:K40)-MIN(B40:K40) -> 45.944993 | O40: =K40-B40 -> -40.363716
A42: Capital and Operating Expenditure
A43: Operating Expenditure | B43: =KZN!B43/KZN!B46*100 -> 83.215545 | C43: =KZN!C43/KZN!C46*100 -> 82.869335 | D43: =KZN!D43/KZN!D46*100 -> 78.633889 | E43: =KZN!E43/KZN!E46*100 -> 81.165402 | F43: =KZN!F43/KZN!F46*100 -> 74.669619 | G43: =KZN!G43/KZN!G46*100 -> 74.616042 | H43: =KZN!H43/KZN!H46*100 -> 76.145451 | I43: =KZN!I43/KZN!I46*100 -> 76.951143 | ... K43: =KZN!K43/KZN!K46*100 -> 82.368387 | M43: =AVERAGE(B43:K43) -> 79.130198 | N43: =MAX(B43:K43)-MIN(B43:K43) -> 8.5995036 | O43: =K43-B43 -> -0.84715819
A44: Capital Expenditure | B44: =KZN!B44/KZN!B46*100 -> 16.784455 | C44: =KZN!C44/KZN!C46*100 -> 17.130665 | D44: =KZN!D44/KZN!D46*100 -> 21.366111 | E44: =KZN!E44/KZN!E46*100 -> 18.834598 | F44: =KZN!F44/KZN!F46*100 -> 25.330381 | G44: =KZN!G44/KZN!G46*100 -> 25.383958 | H44: =KZN!H44/KZN!H46*100 -> 23.854549 | I44: =KZN!I44/KZN!I46*100 -> 23.048857 | ... K44: =KZN!K44/KZN!K46*100 -> 17.631613 | M44: =AVERAGE(B44:K44) -> 20.869802 | N44: =MAX(B44:K44)-MIN(B44:K44) -> 8.5995036 | O44: =K44-B44 -> 0.84715819
A46: Total | B46: =KZN!B46 -> 15765052 | C46: =KZN!C46 -> 18191572 | D46: =KZN!D46 -> 20726252 | E46: =KZN!E46 -> 23334414 | F46: =KZN!F46 -> 26654381 | G46: =KZN!G46 -> 34225533 | H46: =KZN!K46 -> 50487744 | I46: =KZN!I46 -> 43923940 | J46: =KZN!J46 -> 46071668 | K46: =KZN!K46 -> 50487744 | M46: 100 | N46: =MAX(B46:K46)-MIN(B46:K46) -> 34722692 | O46: =K46-B46 -> 34722692

Sheet KZN Growth
A1: SUMMARY – KWAZULU-NATAL, 2003/04 – 2012/13 | B1: Year-on-Year Growth Rate
B3: 2004/05. | C3: 2005/06. | D3: 2006/07 | E3: 2007/08 | F3: 2008/09 | G3: 2009/10 | H3: 2010/11 | I3: 2011/12 | J3: 2012/13 | L3: Average Growth | M3: Range | N3: Trend
A4: R thousands | B4: Outcome | C4: Outcome | D4: Outcome | E4: Outcome | F4: Outcome | G4: Outcome | H4: Medium-Term Estimates
A6: Operating Revenue and Expenditure
A7: Operating Revenue | B7: =(KZN!C7-KZN!B7)/KZN!B7*100 -> 16.267605 | C7: =(KZN!D7-KZN!C7)/KZN!C7*100 -> 14.136535 | D7: =(KZN!E7-KZN!D7)/KZN!D7*100 -> 14.809637 | E7: =(KZN!F7-KZN!E7)/KZN!E7*100 -> 19.601108 | F7: =(KZN!G7-KZN!F7)/KZN!F7*100 -> 15.786061 | G7: =(KZN!H7-KZN!G7)/KZN!G7*100 -> 16.072421 | H7: =(KZN!I7-KZN!H7)/KZN!H7*100 -> 11.685087 | I7: =(KZN!J7-KZN!I7)/KZN!I7*100 -> 9.6977388 | J7: =(KZN!K7-KZN!J7)/KZN!J7*100 -> 12.726951 | L7: =AVERAGE(B7:J7) -> 14.53146 | M7: =MAX(B7:J7)-MIN(B7:G7) -> 5.4645731 | N7: =J7-B7 -> -3.5406536
A8: Property rates | B8: =(KZN!C8-KZN!B8)/KZN!B8*100 -> 24.799028 | C8: =(KZN!D8-KZN!C8)/KZN!C8*100 -> 7.2388504 | D8: =(KZN!E8-KZN!D8)/KZN!D8*100 -> 10.186144 | E8: =(KZN!F8-KZN!E8)/KZN!E8*100 -> 10.917937 | F8: =(KZN!G8-KZN!F8)/KZN!F8*100 -> 5.0927331 | G8: =(KZN!H8-KZN!G8)/KZN!G8*100 -> 8.9781129 | H8: =(KZN!I8-KZN!H8)/KZN!H8*100 -> 3.8013215 | I8: =(KZN!J8-KZN!I8)/KZN!I8*100 -> 6.7555483 | J8: =(KZN!K8-KZN!J8)/KZN!J8*100 -> 7.5008685 | L8: =AVERAGE(B8:J8) -> 9.4745049 | M8: =MAX(B8:J8)-MIN(B8:G8) -> 19.706295 | N8: =J8-B8 -> -17.29816
A9: Service charges | B9: =(KZN!C9-KZN!B9)/KZN!B9*100 -> 9.1309779 | C9: =(KZN!D9-KZN!C9)/KZN!C9*100 -> 12.104556 | D9: =(KZN!E9-KZN!D9)/KZN!D9*100 -> 6.256308 | E9: =(KZN!F9-KZN!E9)/KZN!E9*100 -> 7.4467984 | F9: =(KZN!G9-KZN!F9)/KZN!F9*100 -> 16.693164 | G9: =(KZN!H9-KZN!G9)/KZN!G9*100 -> 23.137859 | H9: =(KZN!I9-KZN!H9)/KZN!H9*100 -> 26.100404 | I9: =(KZN!J9-KZN!I9)/KZN!I9*100 -> 18.806366 | J9: =(KZN!K9-KZN!J9)/KZN!J9*100 -> 17.909477 | L9: =AVERAGE(B9:J9) -> 15.287323 | M9: =MAX(B9:J9)-MIN(B9:G9) -> 19.844096 | N9: =J9-B9 -> 8.7784995
A10: Regional Service Levies | B10: =(KZN!C10-KZN!B10)/KZN!B10*100 -> 201.57008 | C10: =(KZN!D10-KZN!C10)/KZN!C10*100 -> 8.4759871 | D10: =(KZN!E10-KZN!D10)/KZN!D10*100 -> -95.709868 | E10: =(KZN!F10-KZN!E10)/KZN!E10*100 -> -73.829535 | F10: =(KZN!G10-KZN!F10)/KZN!F10*100 -> -93.185795 | G10: =(KZN!H10-KZN!G10)/KZN!G10*100 -> -100 | L10: =AVERAGE(B10:J10) -> -25.446521 | M10: =MAX(B10:J10)-MIN(B10:G10) -> 301.57008 | N10: =J10-B10 -> -201.57008
A11: Investment revenue | B11: =(KZN!C11-KZN!B11)/KZN!B11*100 -> -46.764618 | C11: =(KZN!D11-KZN!C11)/KZN!C11*100 -> 64.956268 | D11: =(KZN!E11-KZN!D11)/KZN!D11*100 -> -14.654582 | E11: =(KZN!F11-KZN!E11)/KZN!E11*100 -> 51.538174 | F11: =(KZN!G11-KZN!F11)/KZN!F11*100 -> 28.659158 | G11: =(KZN!H11-KZN!G11)/KZN!G11*100 -> -51.210099 | L11: =AVERAGE(B11:J11) -> 5.4207168 | M11: =MAX(B11:J11)-MIN(B11:G11) -> 116.16637 | N11: =J11-B11 -> 46.764618
A12: Government grants | B12: =(KZN!C12-KZN!B12)/KZN!B12*100 -> 44.085659 | C12: =(KZN!D12-KZN!C12)/KZN!C12*100 -> 33.853255 | D12: =(KZN!E12-KZN!D12)/KZN!D12*100 -> 52.11322 | E12: =(KZN!F12-KZN!E12)/KZN!E12*100 -> 33.460567 | F12: =(KZN!G12-KZN!F12)/KZN!F12*100 -> 26.259855 | G12: =(KZN!H12-KZN!G12)/KZN!G12*100 -> 9.1540998 | H12: =(KZN!I12-KZN!H12)/KZN!H12*100 -> -4.9191596 | I12: =(KZN!J12-KZN!I12)/KZN!I12*100 -> -4.324822 | J12: =(KZN!K12-KZN!J12)/KZN!J12*100 -> 4.3959288 | L12: =AVERAGE(B12:J12) -> 21.564289 | M12: =MAX(B12:J12)-MIN(B12:G12) -> 42.959121 | N12: =J12-B12 -> -39.68973
A13: Public contributions and donations | B13: =(KZN!C13-KZN!B13)/KZN!B13*100 -> 4759.3607 | C13: =(KZN!D13-KZN!C13)/KZN!C13*100 -> 50.178538 | D13: =(KZN!E13-KZN!D13)/KZN!D13*100 -> -3.7542235 | E13: =(KZN!F13-KZN!E13)/KZN!E13*100 -> 5088.4735 | F13: =(KZN!G13-KZN!F13)/KZN!F13*100 -> -97.557672 | G13: =(KZN!H13-KZN!G13)/KZN!G13*100 -> 85.717217 | L13: =AVERAGE(B13:J13) -> 1647.0697 | M13: =MAX(B13:J13)-MIN(B13:G13) -> 5186.0312 | N13: =J13-B13 -> -4759.3607
A14: Other own revenue | B14: =(KZN!C14-KZN!B14)/KZN!B14*100 -> -13.601982 | C14: =(KZN!D14-KZN!C14)/KZN!C14*100 -> -3.4461304 | D14: =(KZN!E14-KZN!D14)/KZN!D14*100 -> 64.076638 | E14: =(KZN!F14-KZN!E14)/KZN!E14*100 -> 6.6306192 | F14: =(KZN!G14-KZN!F14)/KZN!F14*100 -> 40.662685 | G14: =(KZN!H14-KZN!G14)/KZN!G14*100 -> 44.959448 | H14: =(KZN!I14-KZN!H14)/KZN!H14*100 -> 31.237258 | I14: =(KZN!J14-KZN!I14)/KZN!I14*100 -> 11.496612 | J14: =(KZN!K14-KZN!J14)/KZN!J14*100 -> 15.043104 | L14: =AVERAGE(B14:J14) -> 21.895361 | M14: =MAX(B14:J14)-MIN(B14:G14) -> 77.678621 | N14: =J14-B14 -> 28.645086
A16: Operating Expenditure | B16: =(KZN!C16-KZN!B16)/KZN!B16*100 -> 14.911692 | C16: =(KZN!D16-KZN!C16)/KZN!C16*100 -> 8.1101422 | D16: =(KZN!E16-KZN!D16)/KZN!D16*100 -> 16.208345 | E16: =(KZN!F16-KZN!E16)/KZN!E16*100 -> 5.0859604 | F16: =(KZN!G16-KZN!F16)/KZN!F16*100 -> 28.312771 | G16: =(KZN!H16-KZN!G16)/KZN!G16*100 -> 20.172838 | H16: =(KZN!I16-KZN!H16)/KZN!H16*100 -> 10.135573 | I16: =(KZN!J16-KZN!I16)/KZN!I16*100 -> 9.9548476 | J16: =(KZN!K16-KZN!J16)/KZN!J16*100 -> 11.896316 | L16: =AVERAGE(B16:J16) -> 13.865387 | M16: =MAX(B16:J16)-MIN(B16:G16) -> 23.226811 | N16: =J16-B16 -> -3.0153764
A17: Employee costs | B17: =(KZN!C17-KZN!B17)/KZN!B17*100 -> 8.1934558 | C17: =(KZN!D17-KZN!C17)/KZN!C17*100 -> 0.2831306 | D17: =(KZN!E17-KZN!D17)/KZN!D17*100 -> 21.756462 | E17: =(KZN!F17-KZN!E17)/KZN!E17*100 -> 5.7750288 | F17: =(KZN!G17-KZN!F17)/KZN!F17*100 -> 23.213089 | G17: =(KZN!H17-KZN!G17)/KZN!G17*100 -> 13.162825 | H17: =(KZN!I17-KZN!H17)/KZN!H17*100 -> 13.80994 | I17: =(KZN!J17-KZN!I17)/KZN!I17*100 -> 6.3218578 | J17: =(KZN!K17-KZN!J17)/KZN!J17*100 -> 8.7763951 | L17: =AVERAGE(B17:J17) -> 11.254687 | M17: =MAX(B17:J17)-MIN(B17:G17) -> 22.929958 | N17: =J17-B17 -> 0.58293928
A18: Remuneration of Councillors | B18: =(KZN!C18-KZN!B18)/KZN!B18*100 -> 15.316923 | C18: =(KZN!D18-KZN!C18)/KZN!C18*100 -> 22.541191 | D18: =(KZN!E18-KZN!D18)/KZN!D18*100 -> 74.278888 | E18: =(KZN!F18-KZN!E18)/KZN!E18*100 -> 4.6822873 | F18: =(KZN!G18-KZN!F18)/KZN!F18*100 -> 14.704194 | G18: =(KZN!H18-KZN!G18)/KZN!G18*100 -> 4.9331782 | L18: =AVERAGE(B18:J18) -> 22.742777 | M18: =MAX(B18:J18)-MIN(B18:G18) -> 69.596601 | N18: =J18-B18 -> -15.316923
A19: Repairs and maintenance | B19: =(KZN!C19-KZN!B19)/KZN!B19*100 -> -4.7815445 | C19: =(KZN!D19-KZN!C19)/KZN!C19*100 -> 11.567123 | D19: =(KZN!E19-KZN!D19)/KZN!D19*100 -> 4.1242463 | E19: =(KZN!F19-KZN!E19)/KZN!E19*100 -> 28.417613 | F19: =(KZN!G19-KZN!F19)/KZN!F19*100 -> 28.437336 | G19: =(KZN!H19-KZN!G19)/KZN!G19*100 -> 22.010372 | L19: =AVERAGE(B19:J19) -> 14.962524 | M19: =MAX(B19:J19)-MIN(B19:G19) -> 33.218881 | N19: =J19-B19 -> 4.7815445
A20: Depreciation and amortisation | B20: =(KZN!C20-KZN!B20)/KZN!B20*100 -> 228.5632 | C20: =(KZN!D20-KZN!C20)/KZN!C20*100 -> 80.298324 | D20: =(KZN!E20-KZN!D20)/KZN!D20*100 -> 17.861761 | E20: =(KZN!F20-KZN!E20)/KZN!E20*100 -> -15.836116 | F20: =(KZN!G20-KZN!F20)/KZN!F20*100 -> 51.598691 | G20: =(KZN!H20-KZN!G20)/KZN!G20*100 -> 29.41937 | L20: =AVERAGE(B20:J20) -> 65.317539 | M20: =MAX(B20:J20)-MIN(B20:G20) -> 244.39932 | N20: =J20-B20 -> -228.5632
A21: Finance charges | B21: =(KZN!C21-KZN!B21)/KZN!B21*100 -> -30.283277 | C21: =(KZN!D21-KZN!C21)/KZN!C21*100 -> -22.775563 | D21: =(KZN!E21-KZN!D21)/KZN!D21*100 -> 2.0047609 | E21: =(KZN!F21-KZN!E21)/KZN!E21*100 -> 2.3271025 | F21: =(KZN!G21-KZN!F21)/KZN!F21*100 -> 13.733742 | G21: =(KZN!H21-KZN!G21)/KZN!G21*100 -> -19.544591 | H21: =(KZN!I21-KZN!H21)/KZN!H21*100 -> 62.912498 | I21: =(KZN!J21-KZN!I21)/KZN!I21*100 -> 8.4824173 | J21: =(KZN!K21-KZN!J21)/KZN!J21*100 -> 5.2385261 | L21: =AVERAGE(B21:J21) -> 2.4550685 | M21: =MAX(B21:J21)-MIN(B21:G21) -> 93.195774 | N21: =J21-B21 -> 35.521803
A22: Materials and bulk purchases | B22: =(KZN!C22-KZN!B22)/KZN!B22*100 -> 0.62408613 | C22: =(KZN!D22-KZN!C22)/KZN!C22*100 -> 10.433461 | D22: =(KZN!E22-KZN!D22)/KZN!D22*100 -> 11.646468 | E22: =(KZN!F22-KZN!E22)/KZN!E22*100 -> 0.1967115 | F22: =(KZN!G22-KZN!F22)/KZN!F22*100 -> 28.882496 | G22: =(KZN!H22-KZN!G22)/KZN!G22*100 -> 26.470678 | H22: =(KZN!I22-KZN!H22)/KZN!H22*100 -> 22.082771 | I22: =(KZN!J22-KZN!I22)/KZN!I22*100 -> 24.753659 | J22: =(KZN!K22-KZN!J22)/KZN!J22*100 -> 24.141865 | L22: =AVERAGE(B22:J22) -> 16.581355 | M22: =MAX(B22:J22)-MIN(B22:G22) -> 28.685784 | N22: =J22-B22 -> 23.517779
A23: Grants and subsidies | B23: =(KZN!C23-KZN!B23)/KZN!B23*100 -> 161.66955 | C23: =(KZN!D23-KZN!C23)/KZN!C23*100 -> -41.592048 | D23: =(KZN!E23-KZN!D23)/KZN!D23*100 -> -14.541784 | E23: =(KZN!F23-KZN!E23)/KZN!E23*100 -> 38.072928 | F23: =(KZN!G23-KZN!F23)/KZN!F23*100 -> 56.007398 | G23: =(KZN!H23-KZN!G23)/KZN!G23*100 -> 39.431876 | H23: =(KZN!I23-KZN!H23)/KZN!H23*100 -> -100 | L23: =AVERAGE(B23:J23) -> 19.863988 | M23: =MAX(B23:J23)-MIN(B23:G23) -> 203.26159 | N23: =J23-B23 -> -161.66955
A24: Other expenditure | B24: =(KZN!C24-KZN!B24)/KZN!B24*100 -> 48.96824 | C24: =(KZN!D24-KZN!C24)/KZN!C24*100 -> 14.606979 | D24: =(KZN!E24-KZN!D24)/KZN!D24*100 -> 19.626129 | E24: =(KZN!F24-KZN!E24)/KZN!E24*100 -> 7.5987032 | F24: =(KZN!G24-KZN!F24)/KZN!F24*100 -> 28.874544 | G24: =(KZN!H24-KZN!G24)/KZN!G24*100 -> 23.406788 | H24: =(KZN!I24-KZN!H24)/KZN!H24*100 -> 67.764649 | I24: =(KZN!J24-KZN!I24)/KZN!I24*100 -> 3.9430645 | J24: =(KZN!K24-KZN!J24)/KZN!J24*100 -> 6.109614 | L24: =AVERAGE(B24:J24) -> 24.544301 | M24: =MAX(B24:J24)-MIN(B24:G24) -> 60.165946 | N24: =J24-B24 -> -42.858626
A26: Surplus/(Deficit) | B26: =(KZN!C26-KZN!B26)/KZN!B26*100 -> 68.006469 | C26: =(KZN!D26-KZN!C26)/KZN!C26*100 -> 171.41917 | D26: =(KZN!E26-KZN!D26)/KZN!D26*100 -> 0.26923661 | E26: =(KZN!F26-KZN!E26)/KZN!E26*100 -> 194.48119 | F26: =(KZN!G26-KZN!F26)/KZN!F26*100 -> -12.167853 | G26: =(KZN!H26-KZN!G26)/KZN!G26*100 -> -100.05694 | H26: =(KZN!I26-KZN!H26)/KZN!H26*100 -> -223.36933 | I26: =(KZN!J26-KZN!I26)/KZN!I26*100 -> 304.93697 | J26: =(KZN!K26-KZN!J26)/KZN!J26*100 -> -11.050584 | L26: =AVERAGE(B26:J26) -> 43.607593 | M26: =MAX(B26:J26)-MIN(B26:G26) -> 404.99391 | N26: =J26-B26 -> -79.057052
A28: Capital Revenue and Expenditure
A29: Source of Finance | B29: =(KZN!C29-KZN!B29)/KZN!B29*100 -> 17.771925 | C29: =(KZN!D29-KZN!C29)/KZN!C29*100 -> 42.102539 | D29: =(KZN!E29-KZN!D29)/KZN!D29*100 -> -0.75573673 | E29: =(KZN!F29-KZN!E29)/KZN!E29*100 -> 52.743852 | F29: =(KZN!G29-KZN!F29)/KZN!F29*100 -> 29.061151 | G29: =(KZN!H29-KZN!G29)/KZN!G29*100 -> 10.939471 | H29: =(KZN!I29-KZN!H29)/KZN!H29*100 -> 0.97849451 | I29: =(KZN!J29-KZN!I29)/KZN!I29*100 -> -13.889582 | J29: =(KZN!K29-KZN!J29)/KZN!J29*100 -> 2.445656 | L29: =AVERAGE(B29:J29) -> 15.710863 | M29: =MAX(B29:J29)-MIN(B29:G29) -> 53.499589 | N29: =J29-B29 -> -15.326269
A30: External Loans | B30: =(KZN!C30-KZN!B30)/KZN!B30*100 -> 32.369173 | C30: =(KZN!D30-KZN!C30)/KZN!C30*100 -> 172.3272 | D30: =(KZN!E30-KZN!D30)/KZN!D30*100 -> -28.60372 | E30: =(KZN!F30-KZN!E30)/KZN!E30*100 -> 8.7269589 | F30: =(KZN!G30-KZN!F30)/KZN!F30*100 -> -3.293695 | G30: =(KZN!H30-KZN!G30)/KZN!G30*100 -> 9.8872192 | H30: =(KZN!I30-KZN!H30)/KZN!H30*100 -> -52.885489 | I30: =(KZN!J30-KZN!I30)/KZN!I30*100 -> -31.426725 | J30: =(KZN!K30-KZN!J30)/KZN!J30*100 -> 27.15787 | L30: =AVERAGE(B30:J30) -> 14.917644 | M30: =MAX(B30:J30)-MIN(B30:G30) -> 200.93092 | N30: =J30-B30 -> -5.2113034
A31: Public Contributions and Donations | B31: =(KZN!C31-KZN!B31)/KZN!B31*100 -> 4461.9128 | D31: =(KZN!E31-KZN!D31)/KZN!D31*100 -> -90.360675 | E31: =(KZN!F31-KZN!E31)/KZN!E31*100 -> 658.23778 | F31: =(KZN!G31-KZN!F31)/KZN!F31*100 -> 46.511196 | G31: =(KZN!H31-KZN!G31)/KZN!G31*100 -> -90.998316 | H31: =(KZN!I31-KZN!H31)/KZN!H31*100 -> 574.69322 | I31: =(KZN!J31-KZN!I31)/KZN!I31*100 -> 41.775247 | J31: =(KZN!K31-KZN!J31)/KZN!J31*100 -> 7.7245005 | L31: =AVERAGE(B31:J31) -> 701.18696 | M31: =MAX(B31:J31)-MIN(B31:G31) -> 4552.9111 | N31: =J31-B31 -> -4454.1883
A32: Grants and subsidies | B32: =(KZN!C32-KZN!B32)/KZN!B32*100 -> -0.90634863 | C32: =(KZN!D32-KZN!C32)/KZN!C32*100 -> 85.941219 | D32: =(KZN!E32-KZN!D32)/KZN!D32*100 -> 25.5636 | E32: =(KZN!F32-KZN!E32)/KZN!E32*100 -> 34.434607 | F32: =(KZN!G32-KZN!F32)/KZN!F32*100 -> 40.668017 | G32: =(KZN!H32-KZN!G32)/KZN!G32*100 -> 0.23161071 | H32: =(KZN!I32-KZN!H32)/KZN!H32*100 -> 19.177549 | I32: =(KZN!J32-KZN!I32)/KZN!I32*100 -> -20.482457 | J32: =(KZN!K32-KZN!J32)/KZN!J32*100 -> 10.556078 | L32: =AVERAGE(B32:J32) -> 21.687097 | M32: =MAX(B32:J32)-MIN(B32:G32) -> 86.847568 | N32: =J32-B32 -> 11.462427
A33: Other | B33: =(KZN!C33-KZN!B33)/KZN!B33*100 -> 27.519768 | C33: =(KZN!D33-KZN!C33)/KZN!C33*100 -> -40.968917 | D33: =(KZN!E33-KZN!D33)/KZN!D33*100 -> -6.1107344 | E33: =(KZN!F33-KZN!E33)/KZN!E33*100 -> 164.77803 | F33: =(KZN!G33-KZN!F33)/KZN!F33*100 -> 28.689822 | G33: =(KZN!H33-KZN!G33)/KZN!G33*100 -> 31.6342 | H33: =(KZN!I33-KZN!H33)/KZN!H33*100 -> -4.5826772 | I33: =(KZN!J33-KZN!I33)/KZN!I33*100 -> -0.7400962 | J33: =(KZN!K33-KZN!J33)/KZN!J33*100 -> -11.080616 | L33: =AVERAGE(B33:J33) -> 21.01542 | M33: =MAX(B33:J33)-MIN(B33:G33) -> 205.74695 | N33: =J33-B33 -> -38.600384
A35: Capital Expenditure | B35: =(KZN!C35-KZN!B35)/KZN!B35*100 -> 17.771933 | C35: =(KZN!D35-KZN!C35)/KZN!C35*100 -> 42.102529 | D35: =(KZN!E35-KZN!D35)/KZN!D35*100 -> -0.75537543 | E35: =(KZN!F35-KZN!E35)/KZN!E35*100 -> 53.623298 | F35: =(KZN!G35-KZN!F35)/KZN!F35*100 -> 28.676498 | G35: =(KZN!H35-KZN!G35)/KZN!G35*100 -> 10.664014 | H35: =(KZN!I35-KZN!H35)/KZN!H35*100 -> 5.3015357 | I35: =(KZN!J35-KZN!I35)/KZN!I35*100 -> -12.021057 | J35: =(KZN!K35-KZN!J35)/KZN!J35*100 -> -0.05787511 | L35: =AVERAGE(B35:J35) -> 16.145056 | M35: =MAX(B35:J35)-MIN(B35:G35) -> 54.378674 | N35: =J35-B35 -> -17.829809
A36: Water and Sanitation | B36: =(KZN!C36-KZN!B36)/KZN!B36*100 -> -5.7532623 | C36: =(KZN!D36-KZN!C36)/KZN!C36*100 -> 111.30031 | D36: =(KZN!E36-KZN!D36)/KZN!D36*100 -> 0.47645484 | E36: =(KZN!F36-KZN!E36)/KZN!E36*100 -> 32.253198 | F36: =(KZN!G36-KZN!F36)/KZN!F36*100 -> 48.013108 | G36: =(KZN!H36-KZN!G36)/KZN!G36*100 -> 18.269513 | H36: =(KZN!I36-KZN!H36)/KZN!H36*100 -> 1.1266801 | I36: =(KZN!J36-KZN!I36)/KZN!I36*100 -> -2.4233612 | J36: =(KZN!K36-KZN!J36)/KZN!J36*100 -> 0.711504 | L36: =AVERAGE(B36:J36) -> 22.663794 | M36: =MAX(B36:J36)-MIN(B36:G36) -> 117.05358 | N36: =J36-B36 -> 6.4647663
A37: Electricity | B37: =(KZN!C37-KZN!B37)/KZN!B37*100 -> 18.514494 | C37: =(KZN!D37-KZN!C37)/KZN!C37*100 -> 28.064695 | D37: =(KZN!E37-KZN!D37)/KZN!D37*100 -> 20.551037 | E37: =(KZN!F37-KZN!E37)/KZN!E37*100 -> 21.122959 | F37: =(KZN!G37-KZN!F37)/KZN!F37*100 -> 22.348066 | G37: =(KZN!H37-KZN!G37)/KZN!G37*100 -> 8.9433745 | H37: =(KZN!I37-KZN!H37)/KZN!H37*100 -> 51.003566 | I37: =(KZN!J37-KZN!I37)/KZN!I37*100 -> -1.7150074 | J37: =(KZN!K37-KZN!J37)/KZN!J37*100 -> -9.0337132 | L37: =AVERAGE(B37:J37) -> 17.755497 | M37: =MAX(B37:J37)-MIN(B37:G37) -> 42.060192 | N37: =J37-B37 -> -27.548207
A38: Housing | B38: =(KZN!C38-KZN!B38)/KZN!B38*100 -> 12.331095 | D38: =(KZN!E38-KZN!D38)/KZN!D38*100 -> 274.2451 | E38: =(KZN!F38-KZN!E38)/KZN!E38*100 -> 524.94408 | F38: =(KZN!G38-KZN!F38)/KZN!F38*100 -> -61.611253 | G38: =(KZN!H38-KZN!G38)/KZN!G38*100 -> -44.764851 | H38: =(KZN!I38-KZN!H38)/KZN!H38*100 -> 712.3651 | I38: =(KZN!J38-KZN!I38)/KZN!I38*100 -> -0.77970284 | J38: =(KZN!K38-KZN!J38)/KZN!J38*100 -> 8.6293284 | L38: =AVERAGE(B38:J38) -> 178.16986 | M38: =MAX(B38:J38)-MIN(B38:G38) -> 773.97636 | N38: =J38-B38 -> -3.7017667
A39: Roads and storm water | B39: =(KZN!C39-KZN!B39)/KZN!B39*100 -> 9.1241428 | D39: =(KZN!E39-KZN!D39)/KZN!D39*100 -> 33.09912 | E39: =(KZN!F39-KZN!E39)/KZN!E39*100 -> 46.024213 | F39: =(KZN!G39-KZN!F39)/KZN!F39*100 -> 42.633672 | G39: =(KZN!H39-KZN!G39)/KZN!G39*100 -> 58.136577 | H39: =(KZN!I39-KZN!H39)/KZN!H39*100 -> -17.426796 | I39: =(KZN!J39-KZN!I39)/KZN!I39*100 -> -22.506038 | J39: =(KZN!K39-KZN!J39)/KZN!J39*100 -> 3.9707117 | L39: =AVERAGE(B39:J39) -> 19.13195 | M39: =MAX(B39:J39)-MIN(B39:G39) -> 49.012434 | N39: =J39-B39 -> -5.1534311
A40: Other | B40: =(KZN!C40-KZN!B40)/KZN!B40*100 -> 28.990073 | C40: =(KZN!D40-KZN!C40)/KZN!C40*100 -> 5.553211 | D40: =(KZN!E40-KZN!D40)/KZN!D40*100 -> -17.917474 | E40: =(KZN!F40-KZN!E40)/KZN!E40*100 -> 45.525947 | F40: =(KZN!G40-KZN!F40)/KZN!F40*100 -> 41.60112 | G40: =(KZN!H40-KZN!G40)/KZN!G40*100 -> -6.8996312 | H40: =(KZN!I40-KZN!H40)/KZN!H40*100 -> -26.303123 | I40: =(KZN!J40-KZN!I40)/KZN!I40*100 -> -29.6314 | J40: =(KZN!K40-KZN!J40)/KZN!J40*100 -> -5.8644182 | L40: =AVERAGE(B40:J40) -> 3.8949228 | M40: =MAX(B40:J40)-MIN(B40:G40) -> 63.443421 | N40: =J40-B40 -> -34.854491
A42: Capital and Operating Expenditure
A43: Operating Expenditure | B43: =(KZN!C43-KZN!B43)/KZN!B43*100 -> 14.911692 | C43: =(KZN!D43-KZN!C43)/KZN!C43*100 -> 8.1101422 | D43: =(KZN!E43-KZN!D43)/KZN!D43*100 -> 16.208345 | E43: =(KZN!F43-KZN!E43)/KZN!E43*100 -> 5.0859604 | F43: =(KZN!G43-KZN!F43)/KZN!F43*100 -> 28.312771 | G43: =(KZN!H43-KZN!G43)/KZN!G43*100 -> 20.172838 | H43: =(KZN!I43-KZN!H43)/KZN!H43*100 -> 10.135573 | I43: =(KZN!J43-KZN!I43)/KZN!I43*100 -> 9.9548476 | J43: =(KZN!K43-KZN!J43)/KZN!J43*100 -> 11.896316 | L43: =AVERAGE(B43:J43) -> 13.865387 | M43: =MAX(B43:J43)-MIN(B43:G43) -> 23.226811 | N43: =J43-B43 -> -3.0153764
A44: Capital Expenditure | B44: =(KZN!C44-KZN!B44)/KZN!B44*100 -> 17.771933 | C44: =(KZN!D44-KZN!C44)/KZN!C44*100 -> 42.102529 | D44: =(KZN!E44-KZN!D44)/KZN!D44*100 -> -0.75537543 | E44: =(KZN!F44-KZN!E44)/KZN!E44*100 -> 53.623298 | F44: =(KZN!G44-KZN!F44)/KZN!F44*100 -> 28.676498 | G44: =(KZN!H44-KZN!G44)/KZN!G44*100 -> 10.664014 | H44: =(KZN!I44-KZN!H44)/KZN!H44*100 -> 5.3015357 | I44: =(KZN!J44-KZN!I44)/KZN!I44*100 -> -12.021057 | J44: =(KZN!K44-KZN!J44)/KZN!J44*100 -> -0.05787511 | L44: =AVERAGE(B44:J44) -> 16.145056 | M44: =MAX(B44:J44)-MIN(B44:G44) -> 54.378674 | N44: =J44-B44 -> -17.829809
A46: Total | B46: =(KZN!C46-KZN!B46)/KZN!B46*100 -> 15.391768 | C46: =(KZN!D46-KZN!C46)/KZN!C46*100 -> 13.933264 | D46: =(KZN!E46-KZN!D46)/KZN!D46*100 -> 12.583857 | E46: =(KZN!F46-KZN!E46)/KZN!E46*100 -> 14.227773 | F46: =(KZN!G46-KZN!F46)/KZN!F46*100 -> 28.404905 | G46: =(KZN!H46-KZN!G46)/KZN!G46*100 -> 17.759122 | H46: =(KZN!I46-KZN!H46)/KZN!H46*100 -> 8.9824355 | I46: =(KZN!J46-KZN!I46)/KZN!I46*100 -> 4.8896526 | J46: =(KZN!K46-KZN!J46)/KZN!J46*100 -> 9.5852319 | L46: =AVERAGE(B46:J46) -> 13.973112 | M46: =MAX(B46:J46)-MIN(B46:G46) -> 15.821047 | N46: =J46-B46 -> -5.806536

Sheet KZN Totals
A1: SUMMARY – KWAZULU-NATAL, 2003/04 – 2012/13
B3: KZN | C3: eThekwini | D3: Vulamehlo | E3: Umdoni | F3: Umzumbe | G3: uMuziwabantu | H3: Ezigolweni | I3: Herbiscus Coast | J3: Ugu | K3: uMshwati | L3: uMngeni | M3: Mpofana | N3: Impendle | O3: Msunduzi | P3: Mkhambathini | Q3: Richmond | R3: uMgungundlovu | S3: Emnambithi | T3: Indaka | U3: Umtshezi | V3: Okhahlamba | W3: Imbabazane | X3: Uthukela | Y3: Endumeni | Z3: Nquthu | AA3: Msinga | AB3: Umvoti | AC3: Umzinyathi | AD3: Newcastle | AE3: Emadlangeni | AF3: Dannhauser | AG3: Amajuba | AH3: Edumbe | AI3: Uphongolo | AJ3: Abaqulusi | AK3: Nongoma | AL3: Ulundi | AM3: Zululand | AN3: Umhlabuyalingana | AO3: Jozini | AP3: Big five | AQ3: Hlabisa | AR3: Mtubatuba | AS3: Umkhanyakude | AT3: Mbonambi | AU3: uMhlathuze | AV3: Ntambanana | AW3: Umlalazi | AX3: Mthonjaneni | AY3: Nkandla | AZ3: Uthungulu | BA3: Mandeni | BB3: KwaDukuza | BC3: Ndwedwe | BD3: Maphumulo | BE3: iLembe | BF3: Ingwe | BG3: KwaSani | BH3: Greater Kokstad | BI3: Ubuhlebezwe | BJ3: Umzimkhulu | BK3: Sisonke
A4: R thousands | B4: Outcome | C4: Outcome | D4: Outcome | E4: Outcome | F4: Outcome | G4: Outcome | H4: Outcome | I4: Outcome | J4: Outcome | K4: Outcome | L4: Outcome | M4: Outcome | N4: Outcome | O4: Outcome | P4: Outcome | Q4: Outcome | R4: Outcome | S4: Outcome | T4: Outcome | U4: Outcome | V4: Outcome | W4: Outcome | X4: Outcome | Y4: Outcome | Z4: Outcome | AA4: Outcome | AB4: Outcome | AC4: Outcome | AD4: Outcome | AE4: Outcome | AF4: Outcome | AG4: Outcome | AH4: Outcome | AI4: Outcome | AJ4: Outcome | AK4: Outcome | AL4: Outcome | AM4: Outcome | AN4: Outcome | AO4: Outcome | AP4: Outcome | AQ4: Outcome | AR4: Outcome | AS4: Outcome | AT4: Outcome | AU4: Outcome | AV4: Outcome | AW4: Outcome | AX4: Outcome | AY4: Outcome | AZ4: Outcome | BA4: Outcome | BB4: Outcome | BC4: Outcome | BD4: Outcome | BE4: Outcome | BF4: Outcome | BG4: Outcome | BH4: Outcome | BI4: Outcome | BJ4: Outcome | BK4: Outcome
A6: Operating Revenue and Expenditure
A7: Operating Revenue | B7: =SUM(C7:BK7) -> 2.7614902e+08 | C7: =SUM(C8:C14) -> 1.6857438e+08 | D7: =SUM(D8:D14) -> 286743.11 | E7: =SUM(E8:E14) -> 1429244.2 | F7: =SUM(F8:F14) -> 486900.51 | G7: =SUM(G8:G14) -> 557064.5 | H7: =SUM(H8:H14) -> 176538 | I7: =SUM(I8:I14) -> 3743603.7 | J7: =SUM(J8:J14) -> 5638427.6 | ... BK7: =SUM(BK8:BK14) -> 2409503
A8: Property rates | B8: =SUM(C8:BK8) -> 52952415 | C8: ='2003'!C8+'2004'!C8+'2005'!C8+'2006'!C8+'2007'!C8+'2008'!C8+'2009'!C8+'2010'!C8+'2011'!C8+'2012'!C8 -> 37327905 | D8: ='2003'!D8+'2004'!D8+'2005'!D8+'2006'!D8+'2007'!D8+'2008'!D8+'2009'!D8+'2010'!D8+'2011'!D8+'2012'!D8 -> 3165.201 | E8: ='2003'!E8+'2004'!E8+'2005'!E8+'2006'!E8+'2007'!E8+'2008'!E8+'2009'!E8+'2010'!E8+'2011'!E8+'2012'!E8 -> 397411.68 | F8: ='2003'!F8+'2004'!F8+'2005'!F8+'2006'!F8+'2007'!F8+'2008'!F8+'2009'!F8+'2010'!F8+'2011'!F8+'2012'!F8 -> 5613.026 | G8: ='2003'!G8+'2004'!G8+'2005'!G8+'2006'!G8+'2007'!G8+'2008'!G8+'2009'!G8+'2010'!G8+'2011'!G8+'2012'!G8 -> 55319.913 | H8: ='2003'!H8+'2004'!H8+'2005'!H8+'2006'!H8+'2007'!H8+'2008'!H8+'2009'!H8+'2010'!H8+'2011'!H8+'2012'!H8 -> 3550 | I8: ='2003'!I8+'2004'!I8+'2005'!I8+'2006'!I8+'2007'!I8+'2008'!I8+'2009'!I8+'2010'!I8+'2011'!I8+'2012'!I8 -> 1978898.6 | J8: ='2003'!J8+'2004'!J8+'2005'!J8+'2006'!J8+'2007'!J8+'2008'!J8+'2009'!J8+'2010'!J8+'2011'!J8+'2012'!J8 -> 0 | ... BK8: ='2003'!BK8+'2004'!BK8+'2005'!BK8+'2006'!BK8+'2007'!BK8+'2008'!BK8+'2009'!BK8+'2010'!BK8+'2011'!BK8+'2012'!BK8 -> 751.044
A9: Service charges | B9: =SUM(C9:BK9) -> 1.1257835e+08 | C9: ='2003'!C9+'2004'!C9+'2005'!C9+'2006'!C9+'2007'!C9+'2008'!C9+'2009'!C9+'2010'!C9+'2011'!C9+'2012'!C9 -> 75289423 | D9: ='2003'!D9+'2004'!D9+'2005'!D9+'2006'!D9+'2007'!D9+'2008'!D9+'2009'!D9+'2010'!D9+'2011'!D9+'2012'!D9 -> 0 | E9: ='2003'!E9+'2004'!E9+'2005'!E9+'2006'!E9+'2007'!E9+'2008'!E9+'2009'!E9+'2010'!E9+'2011'!E9+'2012'!E9 -> 122672.24 | F9: ='2003'!F9+'2004'!F9+'2005'!F9+'2006'!F9+'2007'!F9+'2008'!F9+'2009'!F9+'2010'!F9+'2011'!F9+'2012'!F9 -> 112 | G9: ='2003'!G9+'2004'!G9+'2005'!G9+'2006'!G9+'2007'!G9+'2008'!G9+'2009'!G9+'2010'!G9+'2011'!G9+'2012'!G9 -> 143076.64 | H9: ='2003'!H9+'2004'!H9+'2005'!H9+'2006'!H9+'2007'!H9+'2008'!H9+'2009'!H9+'2010'!H9+'2011'!H9+'2012'!H9 -> 0 | I9: ='2003'!I9+'2004'!I9+'2005'!I9+'2006'!I9+'2007'!I9+'2008'!I9+'2009'!I9+'2010'!I9+'2011'!I9+'2012'!I9 -> 645863.6 | J9: ='2003'!J9+'2004'!J9+'2005'!J9+'2006'!J9+'2007'!J9+'2008'!J9+'2009'!J9+'2010'!J9+'2011'!J9+'2012'!J9 -> 2367063.6 | ... BK9: ='2003'!BK9+'2004'!BK9+'2005'!BK9+'2006'!BK9+'2007'!BK9+'2008'!BK9+'2009'!BK9+'2010'!BK9+'2011'!BK9+'2012'!BK9 -> 284169.64
A10: Regional Service Levies | B10: =SUM(C10:BK10) -> 1974972 | C10: ='2003'!C10+'2004'!C10+'2005'!C10+'2006'!C10+'2007'!C10+'2008'!C10+'2009'!C10+'2010'!C10+'2011'!C10+'2012'!C10 -> 1086522 | D10: ='2003'!D10+'2004'!D10+'2005'!D10+'2006'!D10+'2007'!D10+'2008'!D10+'2009'!D10+'2010'!D10+'2011'!D10+'2012'!D10 -> 0 | E10: ='2003'!E10+'2004'!E10+'2005'!E10+'2006'!E10+'2007'!E10+'2008'!E10+'2009'!E10+'2010'!E10+'2011'!E10+'2012'!E10 -> 0 | F10: ='2003'!F10+'2004'!F10+'2005'!F10+'2006'!F10+'2007'!F10+'2008'!F10+'2009'!F10+'2010'!F10+'2011'!F10+'2012'!F10 -> 0 | G10: ='2003'!G10+'2004'!G10+'2005'!G10+'2006'!G10+'2007'!G10+'2008'!G10+'2009'!G10+'2010'!G10+'2011'!G10+'2012'!G10 -> 0 | H10: ='2003'!H10+'2004'!H10+'2005'!H10+'2006'!H10+'2007'!H10+'2008'!H10+'2009'!H10+'2010'!H10+'2011'!H10+'2012'!H10 -> 0 | I10: ='2003'!I10+'2004'!I10+'2005'!I10+'2006'!I10+'2007'!I10+'2008'!I10+'2009'!I10+'2010'!I10+'2011'!I10+'2012'!I10 -> 0 | J10: ='2003'!J10+'2004'!J10+'2005'!J10+'2006'!J10+'2007'!J10+'2008'!J10+'2009'!J10+'2010'!J10+'2011'!J10+'2012'!J10 -> 80133 | ... BK10: ='2003'!BK10+'2004'!BK10+'2005'!BK10+'2006'!BK10+'2007'!BK10+'2008'!BK10+'2009'!BK10+'2010'!BK10+'2011'!BK10+'2012'!BK10 -> 27449
A11: Investment revenue | B11: =SUM(C11:BK11) -> 4001815 | C11: ='2003'!C11+'2004'!C11+'2005'!C11+'2006'!C11+'2007'!C11+'2008'!C11+'2009'!C11+'2010'!C11+'2011'!C11+'2012'!C11 -> 2462743 | D11: ='2003'!D11+'2004'!D11+'2005'!D11+'2006'!D11+'2007'!D11+'2008'!D11+'2009'!D11+'2010'!D11+'2011'!D11+'2012'!D11 -> 5662 | E11: ='2003'!E11+'2004'!E11+'2005'!E11+'2006'!E11+'2007'!E11+'2008'!E11+'2009'!E11+'2010'!E11+'2011'!E11+'2012'!E11 -> 37106 | F11: ='2003'!F11+'2004'!F11+'2005'!F11+'2006'!F11+'2007'!F11+'2008'!F11+'2009'!F11+'2010'!F11+'2011'!F11+'2012'!F11 -> 7398 | G11: ='2003'!G11+'2004'!G11+'2005'!G11+'2006'!G11+'2007'!G11+'2008'!G11+'2009'!G11+'2010'!G11+'2011'!G11+'2012'!G11 -> 7453 | H11: ='2003'!H11+'2004'!H11+'2005'!H11+'2006'!H11+'2007'!H11+'2008'!H11+'2009'!H11+'2010'!H11+'2011'!H11+'2012'!H11 -> 481 | I11: ='2003'!I11+'2004'!I11+'2005'!I11+'2006'!I11+'2007'!I11+'2008'!I11+'2009'!I11+'2010'!I11+'2011'!I11+'2012'!I11 -> 53829 | J11: ='2003'!J11+'2004'!J11+'2005'!J11+'2006'!J11+'2007'!J11+'2008'!J11+'2009'!J11+'2010'!J11+'2011'!J11+'2012'!J11 -> 84402 | ... BK11: ='2003'!BK11+'2004'!BK11+'2005'!BK11+'2006'!BK11+'2007'!BK11+'2008'!BK11+'2009'!BK11+'2010'!BK11+'2011'!BK11+'2012'!BK11 -> 35722
A12: Government grants | B12: =SUM(C12:BK12) -> 66914532 | C12: ='2003'!C12+'2004'!C12+'2005'!C12+'2006'!C12+'2007'!C12+'2008'!C12+'2009'!C12+'2010'!C12+'2011'!C12+'2012'!C12 -> 26284168 | D12: ='2003'!D12+'2004'!D12+'2005'!D12+'2006'!D12+'2007'!D12+'2008'!D12+'2009'!D12+'2010'!D12+'2011'!D12+'2012'!D12 -> 269825.91 | E12: ='2003'!E12+'2004'!E12+'2005'!E12+'2006'!E12+'2007'!E12+'2008'!E12+'2009'!E12+'2010'!E12+'2011'!E12+'2012'!E12 -> 755163.97 | F12: ='2003'!F12+'2004'!F12+'2005'!F12+'2006'!F12+'2007'!F12+'2008'!F12+'2009'!F12+'2010'!F12+'2011'!F12+'2012'!F12 -> 453238.81 | G12: ='2003'!G12+'2004'!G12+'2005'!G12+'2006'!G12+'2007'!G12+'2008'!G12+'2009'!G12+'2010'!G12+'2011'!G12+'2012'!G12 -> 236577.55 | H12: ='2003'!H12+'2004'!H12+'2005'!H12+'2006'!H12+'2007'!H12+'2008'!H12+'2009'!H12+'2010'!H12+'2011'!H12+'2012'!H12 -> 166619 | I12: ='2003'!I12+'2004'!I12+'2005'!I12+'2006'!I12+'2007'!I12+'2008'!I12+'2009'!I12+'2010'!I12+'2011'!I12+'2012'!I12 -> 664912.38 | J12: ='2003'!J12+'2004'!J12+'2005'!J12+'2006'!J12+'2007'!J12+'2008'!J12+'2009'!J12+'2010'!J12+'2011'!J12+'2012'!J12 -> 2568528.5 | ... BK12: ='2003'!BK12+'2004'!BK12+'2005'!BK12+'2006'!BK12+'2007'!BK12+'2008'!BK12+'2009'!BK12+'2010'!BK12+'2011'!BK12+'2012'!BK12 -> 1800378.1
A13: Public contributions and donations | B13: =SUM(C13:BK13) -> 896008 | C13: ='2003'!C13+'2004'!C13+'2005'!C13+'2006'!C13+'2007'!C13+'2008'!C13+'2009'!C13+'2010'!C13+'2011'!C13+'2012'!C13 -> 867596 | D13: ='2003'!D13+'2004'!D13+'2005'!D13+'2006'!D13+'2007'!D13+'2008'!D13+'2009'!D13+'2010'!D13+'2011'!D13+'2012'!D13 -> 0 | E13: ='2003'!E13+'2004'!E13+'2005'!E13+'2006'!E13+'2007'!E13+'2008'!E13+'2009'!E13+'2010'!E13+'2011'!E13+'2012'!E13 -> 0 | F13: ='2003'!F13+'2004'!F13+'2005'!F13+'2006'!F13+'2007'!F13+'2008'!F13+'2009'!F13+'2010'!F13+'2011'!F13+'2012'!F13 -> 0 | G13: ='2003'!G13+'2004'!G13+'2005'!G13+'2006'!G13+'2007'!G13+'2008'!G13+'2009'!G13+'2010'!G13+'2011'!G13+'2012'!G13 -> 0 | H13: ='2003'!H13+'2004'!H13+'2005'!H13+'2006'!H13+'2007'!H13+'2008'!H13+'2009'!H13+'2010'!H13+'2011'!H13+'2012'!H13 -> 0 | I13: ='2003'!I13+'2004'!I13+'2005'!I13+'2006'!I13+'2007'!I13+'2008'!I13+'2009'!I13+'2010'!I13+'2011'!I13+'2012'!I13 -> 0 | J13: ='2003'!J13+'2004'!J13+'2005'!J13+'2006'!J13+'2007'!J13+'2008'!J13+'2009'!J13+'2010'!J13+'2011'!J13+'2012'!J13 -> 3450 | ... BK13: ='2003'!BK13+'2004'!BK13+'2005'!BK13+'2006'!BK13+'2007'!BK13+'2008'!BK13+'2009'!BK13+'2010'!BK13+'2011'!BK13+'2012'!BK13 -> 0
A14: Other own revenue | B14: =SUM(C14:BK14) -> 36830931 | C14: ='2003'!C14+'2004'!C14+'2005'!C14+'2006'!C14+'2007'!C14+'2008'!C14+'2009'!C14+'2010'!C14+'2011'!C14+'2012'!C14 -> 25256020 | D14: ='2003'!D14+'2004'!D14+'2005'!D14+'2006'!D14+'2007'!D14+'2008'!D14+'2009'!D14+'2010'!D14+'2011'!D14+'2012'!D14 -> 8090 | E14: ='2003'!E14+'2004'!E14+'2005'!E14+'2006'!E14+'2007'!E14+'2008'!E14+'2009'!E14+'2010'!E14+'2011'!E14+'2012'!E14 -> 116890.29 | F14: ='2003'!F14+'2004'!F14+'2005'!F14+'2006'!F14+'2007'!F14+'2008'!F14+'2009'!F14+'2010'!F14+'2011'!F14+'2012'!F14 -> 20538.677 | G14: ='2003'!G14+'2004'!G14+'2005'!G14+'2006'!G14+'2007'!G14+'2008'!G14+'2009'!G14+'2010'!G14+'2011'!G14+'2012'!G14 -> 114637.4 | H14: ='2003'!H14+'2004'!H14+'2005'!H14+'2006'!H14+'2007'!H14+'2008'!H14+'2009'!H14+'2010'!H14+'2011'!H14+'2012'!H14 -> 5888 | I14: ='2003'!I14+'2004'!I14+'2005'!I14+'2006'!I14+'2007'!I14+'2008'!I14+'2009'!I14+'2010'!I14+'2011'!I14+'2012'!I14 -> 400100.08 | J14: ='2003'!J14+'2004'!J14+'2005'!J14+'2006'!J14+'2007'!J14+'2008'!J14+'2009'!J14+'2010'!J14+'2011'!J14+'2012'!J14 -> 534850.45 | ... BK14: ='2003'!BK14+'2004'!BK14+'2005'!BK14+'2006'!BK14+'2007'!BK14+'2008'!BK14+'2009'!BK14+'2010'!BK14+'2011'!BK14+'2012'!BK14 -> 261033.21
A16: Operating Expenditure | B16: =SUM(C16:BK16) -> 2.5211205e+08 | C16: =SUM(C17:C24) -> 1.5071021e+08 | D16: =SUM(D17:D24) -> 258483.59 | E16: =SUM(E17:E24) -> 1265535 | F16: =SUM(F17:F24) -> 420954.51 | G16: =SUM(G17:G24) -> 495640.46 | H16: =SUM(H17:H24) -> 148462.07 | I16: =SUM(I17:I24) -> 3568073 | J16: =SUM(J17:J24) -> 5243779.5 | ... BK16: =SUM(BK17:BK24) -> 1586267
A17: Employee costs | B17: =SUM(C17:BK17) -> 67149266 | C17: ='2003'!C17+'2004'!C17+'2005'!C17+'2006'!C17+'2007'!C17+'2008'!C17+'2009'!C17+'2010'!C17+'2011'!C17+'2012'!C17 -> 40113618 | D17: ='2003'!D17+'2004'!D17+'2005'!D17+'2006'!D17+'2007'!D17+'2008'!D17+'2009'!D17+'2010'!D17+'2011'!D17+'2012'!D17 -> 64290.72 | E17: ='2003'!E17+'2004'!E17+'2005'!E17+'2006'!E17+'2007'!E17+'2008'!E17+'2009'!E17+'2010'!E17+'2011'!E17+'2012'!E17 -> 382892.41 | F17: ='2003'!F17+'2004'!F17+'2005'!F17+'2006'!F17+'2007'!F17+'2008'!F17+'2009'!F17+'2010'!F17+'2011'!F17+'2012'!F17 -> 132832.03 | G17: ='2003'!G17+'2004'!G17+'2005'!G17+'2006'!G17+'2007'!G17+'2008'!G17+'2009'!G17+'2010'!G17+'2011'!G17+'2012'!G17 -> 170106.53 | H17: ='2003'!H17+'2004'!H17+'2005'!H17+'2006'!H17+'2007'!H17+'2008'!H17+'2009'!H17+'2010'!H17+'2011'!H17+'2012'!H17 -> 38771.177 | I17: ='2003'!I17+'2004'!I17+'2005'!I17+'2006'!I17+'2007'!I17+'2008'!I17+'2009'!I17+'2010'!I17+'2011'!I17+'2012'!I17 -> 1534476.7 | J17: ='2003'!J17+'2004'!J17+'2005'!J17+'2006'!J17+'2007'!J17+'2008'!J17+'2009'!J17+'2010'!J17+'2011'!J17+'2012'!J17 -> 1541086 | ... BK17: ='2003'!BK17+'2004'!BK17+'2005'!BK17+'2006'!BK17+'2007'!BK17+'2008'!BK17+'2009'!BK17+'2010'!BK17+'2011'!BK17+'2012'!BK17 -> 479891.02
A18: Remuneration of Councillors | B18: =SUM(C18:BK18) -> 1833392 | C18: ='2003'!C18+'2004'!C18+'2005'!C18+'2006'!C18+'2007'!C18+'2008'!C18+'2009'!C18+'2010'!C18+'2011'!C18+'2012'!C18 -> 386563 | D18: ='2003'!D18+'2004'!D18+'2005'!D18+'2006'!D18+'2007'!D18+'2008'!D18+'2009'!D18+'2010'!D18+'2011'!D18+'2012'!D18 -> 17837 | E18: ='2003'!E18+'2004'!E18+'2005'!E18+'2006'!E18+'2007'!E18+'2008'!E18+'2009'!E18+'2010'!E18+'2011'!E18+'2012'!E18 -> 18895 | F18: ='2003'!F18+'2004'!F18+'2005'!F18+'2006'!F18+'2007'!F18+'2008'!F18+'2009'!F18+'2010'!F18+'2011'!F18+'2012'!F18 -> 33036 | G18: ='2003'!G18+'2004'!G18+'2005'!G18+'2006'!G18+'2007'!G18+'2008'!G18+'2009'!G18+'2010'!G18+'2011'!G18+'2012'!G18 -> 18030 | H18: ='2003'!H18+'2004'!H18+'2005'!H18+'2006'!H18+'2007'!H18+'2008'!H18+'2009'!H18+'2010'!H18+'2011'!H18+'2012'!H18 -> 7758 | I18: ='2003'!I18+'2004'!I18+'2005'!I18+'2006'!I18+'2007'!I18+'2008'!I18+'2009'!I18+'2010'!I18+'2011'!I18+'2012'!I18 -> 56997 | J18: ='2003'!J18+'2004'!J18+'2005'!J18+'2006'!J18+'2007'!J18+'2008'!J18+'2009'!J18+'2010'!J18+'2011'!J18+'2012'!J18 -> 32673 | ... BK18: ='2003'!BK18+'2004'!BK18+'2005'!BK18+'2006'!BK18+'2007'!BK18+'2008'!BK18+'2009'!BK18+'2010'!BK18+'2011'!BK18+'2012'!BK18 -> 12165
A19: Repairs and maintenance | B19: =SUM(C19:BK19) -> 10788387 | C19: ='2003'!C19+'2004'!C19+'2005'!C19+'2006'!C19+'2007'!C19+'2008'!C19+'2009'!C19+'2010'!C19+'2011'!C19+'2012'!C19 -> 8020770 | D19: ='2003'!D19+'2004'!D19+'2005'!D19+'2006'!D19+'2007'!D19+'2008'!D19+'2009'!D19+'2010'!D19+'2011'!D19+'2012'!D19 -> 3283 | E19: ='2003'!E19+'2004'!E19+'2005'!E19+'2006'!E19+'2007'!E19+'2008'!E19+'2009'!E19+'2010'!E19+'2011'!E19+'2012'!E19 -> 27372 | F19: ='2003'!F19+'2004'!F19+'2005'!F19+'2006'!F19+'2007'!F19+'2008'!F19+'2009'!F19+'2010'!F19+'2011'!F19+'2012'!F19 -> 2436 | G19: ='2003'!G19+'2004'!G19+'2005'!G19+'2006'!G19+'2007'!G19+'2008'!G19+'2009'!G19+'2010'!G19+'2011'!G19+'2012'!G19 -> 13020 | H19: ='2003'!H19+'2004'!H19+'2005'!H19+'2006'!H19+'2007'!H19+'2008'!H19+'2009'!H19+'2010'!H19+'2011'!H19+'2012'!H19 -> 1534 | I19: ='2003'!I19+'2004'!I19+'2005'!I19+'2006'!I19+'2007'!I19+'2008'!I19+'2009'!I19+'2010'!I19+'2011'!I19+'2012'!I19 -> 133146 | J19: ='2003'!J19+'2004'!J19+'2005'!J19+'2006'!J19+'2007'!J19+'2008'!J19+'2009'!J19+'2010'!J19+'2011'!J19+'2012'!J19 -> 127628 | ... BK19: ='2003'!BK19+'2004'!BK19+'2005'!BK19+'2006'!BK19+'2007'!BK19+'2008'!BK19+'2009'!BK19+'2010'!BK19+'2011'!BK19+'2012'!BK19 -> 50070
A20: Depreciation and amortisation | B20: =SUM(C20:BK20) -> 9292542 | C20: ='2003'!C20+'2004'!C20+'2005'!C20+'2006'!C20+'2007'!C20+'2008'!C20+'2009'!C20+'2010'!C20+'2011'!C20+'2012'!C20 -> 5367967 | D20: ='2003'!D20+'2004'!D20+'2005'!D20+'2006'!D20+'2007'!D20+'2008'!D20+'2009'!D20+'2010'!D20+'2011'!D20+'2012'!D20 -> 0 | E20: ='2003'!E20+'2004'!E20+'2005'!E20+'2006'!E20+'2007'!E20+'2008'!E20+'2009'!E20+'2010'!E20+'2011'!E20+'2012'!E20 -> 28395 | F20: ='2003'!F20+'2004'!F20+'2005'!F20+'2006'!F20+'2007'!F20+'2008'!F20+'2009'!F20+'2010'!F20+'2011'!F20+'2012'!F20 -> 9136 | G20: ='2003'!G20+'2004'!G20+'2005'!G20+'2006'!G20+'2007'!G20+'2008'!G20+'2009'!G20+'2010'!G20+'2011'!G20+'2012'!G20 -> 9526 | H20: ='2003'!H20+'2004'!H20+'2005'!H20+'2006'!H20+'2007'!H20+'2008'!H20+'2009'!H20+'2010'!H20+'2011'!H20+'2012'!H20 -> 0 | I20: ='2003'!I20+'2004'!I20+'2005'!I20+'2006'!I20+'2007'!I20+'2008'!I20+'2009'!I20+'2010'!I20+'2011'!I20+'2012'!I20 -> 122021 | J20: ='2003'!J20+'2004'!J20+'2005'!J20+'2006'!J20+'2007'!J20+'2008'!J20+'2009'!J20+'2010'!J20+'2011'!J20+'2012'!J20 -> 145414 | ... BK20: ='2003'!BK20+'2004'!BK20+'2005'!BK20+'2006'!BK20+'2007'!BK20+'2008'!BK20+'2009'!BK20+'2010'!BK20+'2011'!BK20+'2012'!BK20 -> 51364
A21: Finance charges | B21: =SUM(C21:BK21) -> 10206493 | C21: ='2003'!C21+'2004'!C21+'2005'!C21+'2006'!C21+'2007'!C21+'2008'!C21+'2009'!C21+'2010'!C21+'2011'!C21+'2012'!C21 -> 7824566.3 | D21: ='2003'!D21+'2004'!D21+'2005'!D21+'2006'!D21+'2007'!D21+'2008'!D21+'2009'!D21+'2010'!D21+'2011'!D21+'2012'!D21 -> 642 | E21: ='2003'!E21+'2004'!E21+'2005'!E21+'2006'!E21+'2007'!E21+'2008'!E21+'2009'!E21+'2010'!E21+'2011'!E21+'2012'!E21 -> 13878.32 | F21: ='2003'!F21+'2004'!F21+'2005'!F21+'2006'!F21+'2007'!F21+'2008'!F21+'2009'!F21+'2010'!F21+'2011'!F21+'2012'!F21 -> 0 | G21: ='2003'!G21+'2004'!G21+'2005'!G21+'2006'!G21+'2007'!G21+'2008'!G21+'2009'!G21+'2010'!G21+'2011'!G21+'2012'!G21 -> 2420.783 | H21: ='2003'!H21+'2004'!H21+'2005'!H21+'2006'!H21+'2007'!H21+'2008'!H21+'2009'!H21+'2010'!H21+'2011'!H21+'2012'!H21 -> 687 | I21: ='2003'!I21+'2004'!I21+'2005'!I21+'2006'!I21+'2007'!I21+'2008'!I21+'2009'!I21+'2010'!I21+'2011'!I21+'2012'!I21 -> 121264.08 | J21: ='2003'!J21+'2004'!J21+'2005'!J21+'2006'!J21+'2007'!J21+'2008'!J21+'2009'!J21+'2010'!J21+'2011'!J21+'2012'!J21 -> 157381.07 | ... BK21: ='2003'!BK21+'2004'!BK21+'2005'!BK21+'2006'!BK21+'2007'!BK21+'2008'!BK21+'2009'!BK21+'2010'!BK21+'2011'!BK21+'2012'!BK21 -> 15518
A22: Materials and bulk purchases | B22: =SUM(C22:BK22) -> 63875607 | C22: ='2003'!C22+'2004'!C22+'2005'!C22+'2006'!C22+'2007'!C22+'2008'!C22+'2009'!C22+'2010'!C22+'2011'!C22+'2012'!C22 -> 43282112 | D22: ='2003'!D22+'2004'!D22+'2005'!D22+'2006'!D22+'2007'!D22+'2008'!D22+'2009'!D22+'2010'!D22+'2011'!D22+'2012'!D22 -> 0 | E22: ='2003'!E22+'2004'!E22+'2005'!E22+'2006'!E22+'2007'!E22+'2008'!E22+'2009'!E22+'2010'!E22+'2011'!E22+'2012'!E22 -> 0 | F22: ='2003'!F22+'2004'!F22+'2005'!F22+'2006'!F22+'2007'!F22+'2008'!F22+'2009'!F22+'2010'!F22+'2011'!F22+'2012'!F22 -> 0 | G22: ='2003'!G22+'2004'!G22+'2005'!G22+'2006'!G22+'2007'!G22+'2008'!G22+'2009'!G22+'2010'!G22+'2011'!G22+'2012'!G22 -> 83553.356 | H22: ='2003'!H22+'2004'!H22+'2005'!H22+'2006'!H22+'2007'!H22+'2008'!H22+'2009'!H22+'2010'!H22+'2011'!H22+'2012'!H22 -> 0 | I22: ='2003'!I22+'2004'!I22+'2005'!I22+'2006'!I22+'2007'!I22+'2008'!I22+'2009'!I22+'2010'!I22+'2011'!I22+'2012'!I22 -> 267249.3 | J22: ='2003'!J22+'2004'!J22+'2005'!J22+'2006'!J22+'2007'!J22+'2008'!J22+'2009'!J22+'2010'!J22+'2011'!J22+'2012'!J22 -> 202013 | ... BK22: ='2003'!BK22+'2004'!BK22+'2005'!BK22+'2006'!BK22+'2007'!BK22+'2008'!BK22+'2009'!BK22+'2010'!BK22+'2011'!BK22+'2012'!BK22 -> 51819
A23: Grants and subsidies | B23: =SUM(C23:BK23) -> 2880980 | C23: ='2003'!C23+'2004'!C23+'2005'!C23+'2006'!C23+'2007'!C23+'2008'!C23+'2009'!C23+'2010'!C23+'2011'!C23+'2012'!C23 -> 626915 | D23: ='2003'!D23+'2004'!D23+'2005'!D23+'2006'!D23+'2007'!D23+'2008'!D23+'2009'!D23+'2010'!D23+'2011'!D23+'2012'!D23 -> 28297 | E23: ='2003'!E23+'2004'!E23+'2005'!E23+'2006'!E23+'2007'!E23+'2008'!E23+'2009'!E23+'2010'!E23+'2011'!E23+'2012'!E23 -> 737 | F23: ='2003'!F23+'2004'!F23+'2005'!F23+'2006'!F23+'2007'!F23+'2008'!F23+'2009'!F23+'2010'!F23+'2011'!F23+'2012'!F23 -> 31692 | G23: ='2003'!G23+'2004'!G23+'2005'!G23+'2006'!G23+'2007'!G23+'2008'!G23+'2009'!G23+'2010'!G23+'2011'!G23+'2012'!G23 -> 0 | H23: ='2003'!H23+'2004'!H23+'2005'!H23+'2006'!H23+'2007'!H23+'2008'!H23+'2009'!H23+'2010'!H23+'2011'!H23+'2012'!H23 -> 4460 | I23: ='2003'!I23+'2004'!I23+'2005'!I23+'2006'!I23+'2007'!I23+'2008'!I23+'2009'!I23+'2010'!I23+'2011'!I23+'2012'!I23 -> 36825 | J23: ='2003'!J23+'2004'!J23+'2005'!J23+'2006'!J23+'2007'!J23+'2008'!J23+'2009'!J23+'2010'!J23+'2011'!J23+'2012'!J23 -> 1025439 | ... BK23: ='2003'!BK23+'2004'!BK23+'2005'!BK23+'2006'!BK23+'2007'!BK23+'2008'!BK23+'2009'!BK23+'2010'!BK23+'2011'!BK23+'2012'!BK23 -> 0
A24: Other expenditure | B24: =SUM(C24:BK24) -> 86085383 | C24: ='2003'!C24+'2004'!C24+'2005'!C24+'2006'!C24+'2007'!C24+'2008'!C24+'2009'!C24+'2010'!C24+'2011'!C24+'2012'!C24 -> 45087698 | D24: ='2003'!D24+'2004'!D24+'2005'!D24+'2006'!D24+'2007'!D24+'2008'!D24+'2009'!D24+'2010'!D24+'2011'!D24+'2012'!D24 -> 144133.87 | E24: ='2003'!E24+'2004'!E24+'2005'!E24+'2006'!E24+'2007'!E24+'2008'!E24+'2009'!E24+'2010'!E24+'2011'!E24+'2012'!E24 -> 793365.31 | F24: ='2003'!F24+'2004'!F24+'2005'!F24+'2006'!F24+'2007'!F24+'2008'!F24+'2009'!F24+'2010'!F24+'2011'!F24+'2012'!F24 -> 211822.48 | G24: ='2003'!G24+'2004'!G24+'2005'!G24+'2006'!G24+'2007'!G24+'2008'!G24+'2009'!G24+'2010'!G24+'2011'!G24+'2012'!G24 -> 198983.79 | H24: ='2003'!H24+'2004'!H24+'2005'!H24+'2006'!H24+'2007'!H24+'2008'!H24+'2009'!H24+'2010'!H24+'2011'!H24+'2012'!H24 -> 95251.893 | I24: ='2003'!I24+'2004'!I24+'2005'!I24+'2006'!I24+'2007'!I24+'2008'!I24+'2009'!I24+'2010'!I24+'2011'!I24+'2012'!I24 -> 1296093.9 | J24: ='2003'!J24+'2004'!J24+'2005'!J24+'2006'!J24+'2007'!J24+'2008'!J24+'2009'!J24+'2010'!J24+'2011'!J24+'2012'!J24 -> 2012145.4 | ... BK24: ='2003'!BK24+'2004'!BK24+'2005'!BK24+'2006'!BK24+'2007'!BK24+'2008'!BK24+'2009'!BK24+'2010'!BK24+'2011'!BK24+'2012'!BK24 -> 925440.01
A26: Surplus/(Deficit) | B26: =B7-B16 -> 24036975 | C26: =C7-C16 -> 17864168 | D26: =D7-D16 -> 28259.512 | E26: =E7-E16 -> 163709.14 | F26: =F7-F16 -> 65946 | G26: =G7-G16 -> 61424.038 | H26: =H7-H16 -> 28075.93 | I26: =I7-I16 -> 175530.68 | ... BK26: =BK7-BK16 -> 823235.94
A28: Capital Revenue and Expenditure
A29: Source of Finance | B29: =SUM(C29:BK29) -> 66199475 | C29: =SUM(C30:C33) -> 40694088 | D29: =SUM(D30:D33) -> 38947 | E29: =SUM(E30:E33) -> 513834.76 | F29: =SUM(F30:F33) -> 192812.15 | G29: =SUM(G30:G33) -> 67863 | H29: =SUM(H30:H33) -> 29824 | I29: =SUM(I30:I33) -> 581797.52 | J29: =SUM(J30:J33) -> 2343578.3 | ... BK29: =SUM(BK30:BK33) -> 1162610.9
A30: External Loans | B30: =SUM(C30:BK30) -> 8767230.3 | C30: ='2003'!C30+'2004'!C30+'2005'!C30+'2006'!C30+'2007'!C30+'2008'!C30+'2009'!C30+'2010'!C30+'2011'!C30+'2012'!C30 -> 5865211 | D30: ='2003'!D30+'2004'!D30+'2005'!D30+'2006'!D30+'2007'!D30+'2008'!D30+'2009'!D30+'2010'!D30+'2011'!D30+'2012'!D30 -> 0 | E30: ='2003'!E30+'2004'!E30+'2005'!E30+'2006'!E30+'2007'!E30+'2008'!E30+'2009'!E30+'2010'!E30+'2011'!E30+'2012'!E30 -> 14782 | F30: ='2003'!F30+'2004'!F30+'2005'!F30+'2006'!F30+'2007'!F30+'2008'!F30+'2009'!F30+'2010'!F30+'2011'!F30+'2012'!F30 -> 0 | G30: ='2003'!G30+'2004'!G30+'2005'!G30+'2006'!G30+'2007'!G30+'2008'!G30+'2009'!G30+'2010'!G30+'2011'!G30+'2012'!G30 -> 0 | H30: ='2003'!H30+'2004'!H30+'2005'!H30+'2006'!H30+'2007'!H30+'2008'!H30+'2009'!H30+'2010'!H30+'2011'!H30+'2012'!H30 -> 576 | I30: ='2003'!I30+'2004'!I30+'2005'!I30+'2006'!I30+'2007'!I30+'2008'!I30+'2009'!I30+'2010'!I30+'2011'!I30+'2012'!I30 -> 71949.11 | J30: ='2003'!J30+'2004'!J30+'2005'!J30+'2006'!J30+'2007'!J30+'2008'!J30+'2009'!J30+'2010'!J30+'2011'!J30+'2012'!J30 -> 454068.23 | ... BK30: ='2003'!BK30+'2004'!BK30+'2005'!BK30+'2006'!BK30+'2007'!BK30+'2008'!BK30+'2009'!BK30+'2010'!BK30+'2011'!BK30+'2012'!BK30 -> 75665.399
A31: Public Contributions and Donations | B31: =SUM(C31:BK31) -> 314524 | C31: ='2003'!C31+'2004'!C31+'2005'!C31+'2006'!C31+'2007'!C31+'2008'!C31+'2009'!C31+'2010'!C31+'2011'!C31+'2012'!C31 -> 228 | D31: ='2003'!D31+'2004'!D31+'2005'!D31+'2006'!D31+'2007'!D31+'2008'!D31+'2009'!D31+'2010'!D31+'2011'!D31+'2012'!D31 -> 0 | E31: ='2003'!E31+'2004'!E31+'2005'!E31+'2006'!E31+'2007'!E31+'2008'!E31+'2009'!E31+'2010'!E31+'2011'!E31+'2012'!E31 -> 0 | F31: ='2003'!F31+'2004'!F31+'2005'!F31+'2006'!F31+'2007'!F31+'2008'!F31+'2009'!F31+'2010'!F31+'2011'!F31+'2012'!F31 -> 0 | G31: ='2003'!G31+'2004'!G31+'2005'!G31+'2006'!G31+'2007'!G31+'2008'!G31+'2009'!G31+'2010'!G31+'2011'!G31+'2012'!G31 -> 0 | H31: ='2003'!H31+'2004'!H31+'2005'!H31+'2006'!H31+'2007'!H31+'2008'!H31+'2009'!H31+'2010'!H31+'2011'!H31+'2012'!H31 -> 0 | I31: ='2003'!I31+'2004'!I31+'2005'!I31+'2006'!I31+'2007'!I31+'2008'!I31+'2009'!I31+'2010'!I31+'2011'!I31+'2012'!I31 -> 0 | J31: ='2003'!J31+'2004'!J31+'2005'!J31+'2006'!J31+'2007'!J31+'2008'!J31+'2009'!J31+'2010'!J31+'2011'!J31+'2012'!J31 -> 73 | ... BK31: ='2003'!BK31+'2004'!BK31+'2005'!BK31+'2006'!BK31+'2007'!BK31+'2008'!BK31+'2009'!BK31+'2010'!BK31+'2011'!BK31+'2012'!BK31 -> 0
A32: Grants and subsidies | B32: =SUM(C32:BK32) -> 34332963 | C32: ='2003'!C32+'2004'!C32+'2005'!C32+'2006'!C32+'2007'!C32+'2008'!C32+'2009'!C32+'2010'!C32+'2011'!C32+'2012'!C32 -> 16567196 | D32: ='2003'!D32+'2004'!D32+'2005'!D32+'2006'!D32+'2007'!D32+'2008'!D32+'2009'!D32+'2010'!D32+'2011'!D32+'2012'!D32 -> 1499 | E32: ='2003'!E32+'2004'!E32+'2005'!E32+'2006'!E32+'2007'!E32+'2008'!E32+'2009'!E32+'2010'!E32+'2011'!E32+'2012'!E32 -> 405652.33 | F32: ='2003'!F32+'2004'!F32+'2005'!F32+'2006'!F32+'2007'!F32+'2008'!F32+'2009'!F32+'2010'!F32+'2011'!F32+'2012'!F32 -> 191975.15 | G32: ='2003'!G32+'2004'!G32+'2005'!G32+'2006'!G32+'2007'!G32+'2008'!G32+'2009'!G32+'2010'!G32+'2011'!G32+'2012'!G32 -> 45084 | H32: ='2003'!H32+'2004'!H32+'2005'!H32+'2006'!H32+'2007'!H32+'2008'!H32+'2009'!H32+'2010'!H32+'2011'!H32+'2012'!H32 -> 29206 | I32: ='2003'!I32+'2004'!I32+'2005'!I32+'2006'!I32+'2007'!I32+'2008'!I32+'2009'!I32+'2010'!I32+'2011'!I32+'2012'!I32 -> 360002.95 | J32: ='2003'!J32+'2004'!J32+'2005'!J32+'2006'!J32+'2007'!J32+'2008'!J32+'2009'!J32+'2010'!J32+'2011'!J32+'2012'!J32 -> 1392036.6 | ... BK32: ='2003'!BK32+'2004'!BK32+'2005'!BK32+'2006'!BK32+'2007'!BK32+'2008'!BK32+'2009'!BK32+'2010'!BK32+'2011'!BK32+'2012'!BK32 -> 937486.09
A33: Other | B33: =SUM(C33:BK33) -> 22784758 | C33: ='2003'!C33+'2004'!C33+'2005'!C33+'2006'!C33+'2007'!C33+'2008'!C33+'2009'!C33+'2010'!C33+'2011'!C33+'2012'!C33 -> 18261453 | D33: ='2003'!D33+'2004'!D33+'2005'!D33+'2006'!D33+'2007'!D33+'2008'!D33+'2009'!D33+'2010'!D33+'2011'!D33+'2012'!D33 -> 37448 | E33: ='2003'!E33+'2004'!E33+'2005'!E33+'2006'!E33+'2007'!E33+'2008'!E33+'2009'!E33+'2010'!E33+'2011'!E33+'2012'!E33 -> 93400.433 | F33: ='2003'!F33+'2004'!F33+'2005'!F33+'2006'!F33+'2007'!F33+'2008'!F33+'2009'!F33+'2010'!F33+'2011'!F33+'2012'!F33 -> 837 | G33: ='2003'!G33+'2004'!G33+'2005'!G33+'2006'!G33+'2007'!G33+'2008'!G33+'2009'!G33+'2010'!G33+'2011'!G33+'2012'!G33 -> 22779 | H33: ='2003'!H33+'2004'!H33+'2005'!H33+'2006'!H33+'2007'!H33+'2008'!H33+'2009'!H33+'2010'!H33+'2011'!H33+'2012'!H33 -> 42 | I33: ='2003'!I33+'2004'!I33+'2005'!I33+'2006'!I33+'2007'!I33+'2008'!I33+'2009'!I33+'2010'!I33+'2011'!I33+'2012'!I33 -> 149845.46 | J33: ='2003'!J33+'2004'!J33+'2005'!J33+'2006'!J33+'2007'!J33+'2008'!J33+'2009'!J33+'2010'!J33+'2011'!J33+'2012'!J33 -> 497400.45 | ... BK33: ='2003'!BK33+'2004'!BK33+'2005'!BK33+'2006'!BK33+'2007'!BK33+'2008'!BK33+'2009'!BK33+'2010'!BK33+'2011'!BK33+'2012'!BK33 -> 149459.45
A35: Capital Expenditure | B35: =SUM(C35:BK35) -> 67572195 | C35: =SUM(C36:C40) -> 40964088 | D35: =SUM(D36:D40) -> 81967 | E35: =SUM(E36:E40) -> 513834.46 | F35: =SUM(F36:F40) -> 192812.15 | G35: =SUM(G36:G40) -> 143536 | H35: =SUM(H36:H40) -> 66081 | I35: =SUM(I36:I40) -> 581797.52 | J35: =SUM(J36:J40) -> 2343578.3 | ... BK35: =SUM(BK36:BK40) -> 1162608.9
A36: Water and Sanitation | B36: =SUM(C36:BK36) -> 21948236 | C36: ='2003'!C36+'2004'!C36+'2005'!C36+'2006'!C36+'2007'!C36+'2008'!C36+'2009'!C36+'2010'!C36+'2011'!C36+'2012'!C36 -> 10462270 | D36: ='2003'!D36+'2004'!D36+'2005'!D36+'2006'!D36+'2007'!D36+'2008'!D36+'2009'!D36+'2010'!D36+'2011'!D36+'2012'!D36 -> 0 | E36: ='2003'!E36+'2004'!E36+'2005'!E36+'2006'!E36+'2007'!E36+'2008'!E36+'2009'!E36+'2010'!E36+'2011'!E36+'2012'!E36 -> 125 | F36: ='2003'!F36+'2004'!F36+'2005'!F36+'2006'!F36+'2007'!F36+'2008'!F36+'2009'!F36+'2010'!F36+'2011'!F36+'2012'!F36 -> 0 | G36: ='2003'!G36+'2004'!G36+'2005'!G36+'2006'!G36+'2007'!G36+'2008'!G36+'2009'!G36+'2010'!G36+'2011'!G36+'2012'!G36 -> 0 | H36: ='2003'!H36+'2004'!H36+'2005'!H36+'2006'!H36+'2007'!H36+'2008'!H36+'2009'!H36+'2010'!H36+'2011'!H36+'2012'!H36 -> 0 | I36: ='2003'!I36+'2004'!I36+'2005'!I36+'2006'!I36+'2007'!I36+'2008'!I36+'2009'!I36+'2010'!I36+'2011'!I36+'2012'!I36 -> 100 | J36: ='2003'!J36+'2004'!J36+'2005'!J36+'2006'!J36+'2007'!J36+'2008'!J36+'2009'!J36+'2010'!J36+'2011'!J36+'2012'!J36 -> 1878200.1 | ... BK36: ='2003'!BK36+'2004'!BK36+'2005'!BK36+'2006'!BK36+'2007'!BK36+'2008'!BK36+'2009'!BK36+'2010'!BK36+'2011'!BK36+'2012'!BK36 -> 638475.96
A37: Electricity | B37: =SUM(C37:BK37) -> 7010252.8 | C37: ='2003'!C37+'2004'!C37+'2005'!C37+'2006'!C37+'2007'!C37+'2008'!C37+'2009'!C37+'2010'!C37+'2011'!C37+'2012'!C37 -> 5444746 | D37: ='2003'!D37+'2004'!D37+'2005'!D37+'2006'!D37+'2007'!D37+'2008'!D37+'2009'!D37+'2010'!D37+'2011'!D37+'2012'!D37 -> 0 | E37: ='2003'!E37+'2004'!E37+'2005'!E37+'2006'!E37+'2007'!E37+'2008'!E37+'2009'!E37+'2010'!E37+'2011'!E37+'2012'!E37 -> 750 | F37: ='2003'!F37+'2004'!F37+'2005'!F37+'2006'!F37+'2007'!F37+'2008'!F37+'2009'!F37+'2010'!F37+'2011'!F37+'2012'!F37 -> 0 | G37: ='2003'!G37+'2004'!G37+'2005'!G37+'2006'!G37+'2007'!G37+'2008'!G37+'2009'!G37+'2010'!G37+'2011'!G37+'2012'!G37 -> 22750 | H37: ='2003'!H37+'2004'!H37+'2005'!H37+'2006'!H37+'2007'!H37+'2008'!H37+'2009'!H37+'2010'!H37+'2011'!H37+'2012'!H37 -> 0 | I37: ='2003'!I37+'2004'!I37+'2005'!I37+'2006'!I37+'2007'!I37+'2008'!I37+'2009'!I37+'2010'!I37+'2011'!I37+'2012'!I37 -> 25764 | J37: ='2003'!J37+'2004'!J37+'2005'!J37+'2006'!J37+'2007'!J37+'2008'!J37+'2009'!J37+'2010'!J37+'2011'!J37+'2012'!J37 -> 0 | ... BK37: ='2003'!BK37+'2004'!BK37+'2005'!BK37+'2006'!BK37+'2007'!BK37+'2008'!BK37+'2009'!BK37+'2010'!BK37+'2011'!BK37+'2012'!BK37 -> 0
A38: Housing | B38: =SUM(C38:BK38) -> 6171540 | C38: ='2003'!C38+'2004'!C38+'2005'!C38+'2006'!C38+'2007'!C38+'2008'!C38+'2009'!C38+'2010'!C38+'2011'!C38+'2012'!C38 -> 4826587 | D38: ='2003'!D38+'2004'!D38+'2005'!D38+'2006'!D38+'2007'!D38+'2008'!D38+'2009'!D38+'2010'!D38+'2011'!D38+'2012'!D38 -> 0 | E38: ='2003'!E38+'2004'!E38+'2005'!E38+'2006'!E38+'2007'!E38+'2008'!E38+'2009'!E38+'2010'!E38+'2011'!E38+'2012'!E38 -> 797 | F38: ='2003'!F38+'2004'!F38+'2005'!F38+'2006'!F38+'2007'!F38+'2008'!F38+'2009'!F38+'2010'!F38+'2011'!F38+'2012'!F38 -> 0 | G38: ='2003'!G38+'2004'!G38+'2005'!G38+'2006'!G38+'2007'!G38+'2008'!G38+'2009'!G38+'2010'!G38+'2011'!G38+'2012'!G38 -> 2000 | H38: ='2003'!H38+'2004'!H38+'2005'!H38+'2006'!H38+'2007'!H38+'2008'!H38+'2009'!H38+'2010'!H38+'2011'!H38+'2012'!H38 -> 0 | I38: ='2003'!I38+'2004'!I38+'2005'!I38+'2006'!I38+'2007'!I38+'2008'!I38+'2009'!I38+'2010'!I38+'2011'!I38+'2012'!I38 -> 112931.23 | J38: ='2003'!J38+'2004'!J38+'2005'!J38+'2006'!J38+'2007'!J38+'2008'!J38+'2009'!J38+'2010'!J38+'2011'!J38+'2012'!J38 -> 0 | ... BK38: ='2003'!BK38+'2004'!BK38+'2005'!BK38+'2006'!BK38+'2007'!BK38+'2008'!BK38+'2009'!BK38+'2010'!BK38+'2011'!BK38+'2012'!BK38 -> 0
A39: Roads and storm water | B39: =SUM(C39:BK39) -> 9834942.2 | C39: ='2003'!C39+'2004'!C39+'2005'!C39+'2006'!C39+'2007'!C39+'2008'!C39+'2009'!C39+'2010'!C39+'2011'!C39+'2012'!C39 -> 5675159 | D39: ='2003'!D39+'2004'!D39+'2005'!D39+'2006'!D39+'2007'!D39+'2008'!D39+'2009'!D39+'2010'!D39+'2011'!D39+'2012'!D39 -> 43844 | E39: ='2003'!E39+'2004'!E39+'2005'!E39+'2006'!E39+'2007'!E39+'2008'!E39+'2009'!E39+'2010'!E39+'2011'!E39+'2012'!E39 -> 348051.54 | F39: ='2003'!F39+'2004'!F39+'2005'!F39+'2006'!F39+'2007'!F39+'2008'!F39+'2009'!F39+'2010'!F39+'2011'!F39+'2012'!F39 -> 124618.3 | G39: ='2003'!G39+'2004'!G39+'2005'!G39+'2006'!G39+'2007'!G39+'2008'!G39+'2009'!G39+'2010'!G39+'2011'!G39+'2012'!G39 -> 66744 | H39: ='2003'!H39+'2004'!H39+'2005'!H39+'2006'!H39+'2007'!H39+'2008'!H39+'2009'!H39+'2010'!H39+'2011'!H39+'2012'!H39 -> 38962 | I39: ='2003'!I39+'2004'!I39+'2005'!I39+'2006'!I39+'2007'!I39+'2008'!I39+'2009'!I39+'2010'!I39+'2011'!I39+'2012'!I39 -> 106287.63 | J39: ='2003'!J39+'2004'!J39+'2005'!J39+'2006'!J39+'2007'!J39+'2008'!J39+'2009'!J39+'2010'!J39+'2011'!J39+'2012'!J39 -> 10144.5 | ... BK39: ='2003'!BK39+'2004'!BK39+'2005'!BK39+'2006'!BK39+'2007'!BK39+'2008'!BK39+'2009'!BK39+'2010'!BK39+'2011'!BK39+'2012'!BK39 -> 14900
A40: Other | B40: =SUM(C40:BK40) -> 22607224 | C40: ='2003'!C40+'2004'!C40+'2005'!C40+'2006'!C40+'2007'!C40+'2008'!C40+'2009'!C40+'2010'!C40+'2011'!C40+'2012'!C40 -> 14555326 | D40: ='2003'!D40+'2004'!D40+'2005'!D40+'2006'!D40+'2007'!D40+'2008'!D40+'2009'!D40+'2010'!D40+'2011'!D40+'2012'!D40 -> 38123 | E40: ='2003'!E40+'2004'!E40+'2005'!E40+'2006'!E40+'2007'!E40+'2008'!E40+'2009'!E40+'2010'!E40+'2011'!E40+'2012'!E40 -> 164110.93 | F40: ='2003'!F40+'2004'!F40+'2005'!F40+'2006'!F40+'2007'!F40+'2008'!F40+'2009'!F40+'2010'!F40+'2011'!F40+'2012'!F40 -> 68193.856 | G40: ='2003'!G40+'2004'!G40+'2005'!G40+'2006'!G40+'2007'!G40+'2008'!G40+'2009'!G40+'2010'!G40+'2011'!G40+'2012'!G40 -> 52042 | H40: ='2003'!H40+'2004'!H40+'2005'!H40+'2006'!H40+'2007'!H40+'2008'!H40+'2009'!H40+'2010'!H40+'2011'!H40+'2012'!H40 -> 27119 | I40: ='2003'!I40+'2004'!I40+'2005'!I40+'2006'!I40+'2007'!I40+'2008'!I40+'2009'!I40+'2010'!I40+'2011'!I40+'2012'!I40 -> 336714.67 | J40: ='2003'!J40+'2004'!J40+'2005'!J40+'2006'!J40+'2007'!J40+'2008'!J40+'2009'!J40+'2010'!J40+'2011'!J40+'2012'!J40 -> 455233.66 | ... BK40: ='2003'!BK40+'2004'!BK40+'2005'!BK40+'2006'!BK40+'2007'!BK40+'2008'!BK40+'2009'!BK40+'2010'!BK40+'2011'!BK40+'2012'!BK40 -> 509232.98
A42: Capital and Operating Expenditure
A43: Operating Expenditure | B43: =SUM(C43:BK43) -> 2.5214159e+08 | C43: ='2003'!C43+'2004'!C43+'2005'!C43+'2006'!C43+'2007'!C43+'2008'!C43+'2009'!C43+'2010'!C43+'2011'!C43+'2012'!C43 -> 1.5071021e+08 | D43: ='2003'!D43+'2004'!D43+'2005'!D43+'2006'!D43+'2007'!D43+'2008'!D43+'2009'!D43+'2010'!D43+'2011'!D43+'2012'!D43 -> 258483.59 | E43: ='2003'!E43+'2004'!E43+'2005'!E43+'2006'!E43+'2007'!E43+'2008'!E43+'2009'!E43+'2010'!E43+'2011'!E43+'2012'!E43 -> 1265535 | F43: ='2003'!F43+'2004'!F43+'2005'!F43+'2006'!F43+'2007'!F43+'2008'!F43+'2009'!F43+'2010'!F43+'2011'!F43+'2012'!F43 -> 420954.51 | G43: ='2003'!G43+'2004'!G43+'2005'!G43+'2006'!G43+'2007'!G43+'2008'!G43+'2009'!G43+'2010'!G43+'2011'!G43+'2012'!G43 -> 495640.46 | H43: ='2003'!H43+'2004'!H43+'2005'!H43+'2006'!H43+'2007'!H43+'2008'!H43+'2009'!H43+'2010'!H43+'2011'!H43+'2012'!H43 -> 148462.07 | I43: ='2003'!I43+'2004'!I43+'2005'!I43+'2006'!I43+'2007'!I43+'2008'!I43+'2009'!I43+'2010'!I43+'2011'!I43+'2012'!I43 -> 3568073 | J43: ='2003'!J43+'2004'!J43+'2005'!J43+'2006'!J43+'2007'!J43+'2008'!J43+'2009'!J43+'2010'!J43+'2011'!J43+'2012'!J43 -> 5243779.5 | ... BK43: ='2003'!BK43+'2004'!BK43+'2005'!BK43+'2006'!BK43+'2007'!BK43+'2008'!BK43+'2009'!BK43+'2010'!BK43+'2011'!BK43+'2012'!BK43 -> 1586267
A44: Capital Expenditure | B44: =SUM(C44:BK44) -> 67540027 | C44: ='2003'!C44+'2004'!C44+'2005'!C44+'2006'!C44+'2007'!C44+'2008'!C44+'2009'!C44+'2010'!C44+'2011'!C44+'2012'!C44 -> 40964088 | D44: ='2003'!D44+'2004'!D44+'2005'!D44+'2006'!D44+'2007'!D44+'2008'!D44+'2009'!D44+'2010'!D44+'2011'!D44+'2012'!D44 -> 81967 | E44: ='2003'!E44+'2004'!E44+'2005'!E44+'2006'!E44+'2007'!E44+'2008'!E44+'2009'!E44+'2010'!E44+'2011'!E44+'2012'!E44 -> 513834.47 | F44: ='2003'!F44+'2004'!F44+'2005'!F44+'2006'!F44+'2007'!F44+'2008'!F44+'2009'!F44+'2010'!F44+'2011'!F44+'2012'!F44 -> 192812.15 | G44: ='2003'!G44+'2004'!G44+'2005'!G44+'2006'!G44+'2007'!G44+'2008'!G44+'2009'!G44+'2010'!G44+'2011'!G44+'2012'!G44 -> 143536 | H44: ='2003'!H44+'2004'!H44+'2005'!H44+'2006'!H44+'2007'!H44+'2008'!H44+'2009'!H44+'2010'!H44+'2011'!H44+'2012'!H44 -> 66081 | I44: ='2003'!I44+'2004'!I44+'2005'!I44+'2006'!I44+'2007'!I44+'2008'!I44+'2009'!I44+'2010'!I44+'2011'!I44+'2012'!I44 -> 581797.52 | J44: ='2003'!J44+'2004'!J44+'2005'!J44+'2006'!J44+'2007'!J44+'2008'!J44+'2009'!J44+'2010'!J44+'2011'!J44+'2012'!J44 -> 2343578.3 | ... BK44: ='2003'!BK44+'2004'!BK44+'2005'!BK44+'2006'!BK44+'2007'!BK44+'2008'!BK44+'2009'!BK44+'2010'!BK44+'2011'!BK44+'2012'!BK44 -> 1162608.9
A46: Total | B46: =SUM(C46:BK46) -> 3.1968162e+08 | C46: =C43+C44 -> 1.916743e+08 | D46: =D43+D44 -> 340450.59 | E46: =E43+E44 -> 1779369.5 | F46: =F43+F44 -> 613766.66 | G46: =G43+G44 -> 639176.46 | H46: =H43+H44 -> 214543.07 | I46: =I43+I44 -> 4149870.5 | J46: =J43+J44 -> 7587357.7 | ... BK46: =BK43+BK44 -> 2748876

Sheet KZN Munic Contr
A1: SUMMARY – KWAZULU-NATAL, 2003/04 – 2012/13
A2: Municipal as a % of Province
B3: KZN | C3: eThekwini | D3: Vulamehlo | E3: Umdoni | F3: Umzumbe | G3: uMuziwabantu | H3: Ezigolweni | I3: Herbiscus Coast | J3: Ugu | K3: uMshwati | L3: uMngeni | M3: Mpofana | N3: Impendle | O3: Msunduzi | P3: Mkhambathini | Q3: Richmond | R3: uMgungundlovu | S3: Emnambithi | T3: Indaka | U3: Umtshezi | V3: Okhahlamba | W3: Imbabazane | X3: Uthukela | Y3: Endumeni | Z3: Nquthu | AA3: Msinga | AB3: Umvoti | AC3: Umzinyathi | AD3: Newcastle | AE3: Emadlangeni | AF3: Dannhauser | AG3: Amajuba | AH3: Edumbe | AI3: Uphongolo | AJ3: Abaqulusi | AK3: Nongoma | AL3: Ulundi | AM3: Zululand | AN3: Umhlabuyalingana | AO3: Jozini | AP3: Big five | AQ3: Hlabisa | AR3: Mtubatuba | AS3: Umkhanyakude | AT3: Mbonambi | AU3: uMhlathuze | AV3: Ntambanana | AW3: Umlalazi | AX3: Mthonjaneni | AY3: Nkandla | AZ3: Uthungulu | BA3: Mandeni | BB3: KwaDukuza | BC3: Ndwedwe | BD3: Maphumulo | BE3: iLembe | BF3: Ingwe | BG3: KwaSani | BH3: Greater Kokstad | BI3: Ubuhlebezwe | BJ3: Umzimkhulu | BK3: Sisonke
A4: R thousands | B4: Outcome | C4: Outcome | D4: Outcome | E4: Outcome | F4: Outcome | G4: Outcome | H4: Outcome | I4: Outcome | J4: Outcome | K4: Outcome | L4: Outcome | M4: Outcome | N4: Outcome | O4: Outcome | P4: Outcome | Q4: Outcome | R4: Outcome | S4: Outcome | T4: Outcome | U4: Outcome | V4: Outcome | W4: Outcome | X4: Outcome | Y4: Outcome | Z4: Outcome | AA4: Outcome | AB4: Outcome | AC4: Outcome | AD4: Outcome | AE4: Outcome | AF4: Outcome | AG4: Outcome | AH4: Outcome | AI4: Outcome | AJ4: Outcome | AK4: Outcome | AL4: Outcome | AM4: Outcome | AN4: Outcome | AO4: Outcome | AP4: Outcome | AQ4: Outcome | AR4: Outcome | AS4: Outcome | AT4: Outcome | AU4: Outcome | AV4: Outcome | AW4: Outcome | AX4: Outcome | AY4: Outcome | AZ4: Outcome | BA4: Outcome | BB4: Outcome | BC4: Outcome | BD4: Outcome | BE4: Outcome | BF4: Outcome | BG4: Outcome | BH4: Outcome | BI4: Outcome | BJ4: Outcome | BK4: Outcome
A6: Operating Revenue and Expenditure
A7: Operating Revenue | B7: =SUM(C7:BK7) -> 100 | C7: ='KZN Totals'!C7/'KZN Totals'!$B7*100 -> 61.044712 | D7: ='KZN Totals'!D7/'KZN Totals'!$B7*100 -> 0.10383636 | E7: ='KZN Totals'!E7/'KZN Totals'!$B7*100 -> 0.51756264 | F7: ='KZN Totals'!F7/'KZN Totals'!$B7*100 -> 0.17631803 | G7: ='KZN Totals'!G7/'KZN Totals'!$B7*100 -> 0.20172604 | H7: ='KZN Totals'!H7/'KZN Totals'!$B7*100 -> 0.063928526 | I7: ='KZN Totals'!I7/'KZN Totals'!$B7*100 -> 1.3556462 | J7: ='KZN Totals'!J7/'KZN Totals'!$B7*100 -> 2.0418061 | ... BK7: ='KZN Totals'!BK7/'KZN Totals'!$B7*100 -> 0.8725372
A8: Property rates | B8: =SUM(C8:BK8) -> 100 | C8: ='KZN Totals'!C8/'KZN Totals'!$B8*100 -> 70.493301 | D8: ='KZN Totals'!D8/'KZN Totals'!$B8*100 -> 0.0059774441 | E8: ='KZN Totals'!E8/'KZN Totals'!$B8*100 -> 0.75050719 | F8: ='KZN Totals'!F8/'KZN Totals'!$B8*100 -> 0.010600132 | G8: ='KZN Totals'!G8/'KZN Totals'!$B8*100 -> 0.10447099 | H8: ='KZN Totals'!H8/'KZN Totals'!$B8*100 -> 0.0067041324 | I8: ='KZN Totals'!I8/'KZN Totals'!$B8*100 -> 3.7371263 | J8: ='KZN Totals'!J8/'KZN Totals'!$B8*100 -> 0 | ... BK8: ='KZN Totals'!BK8/'KZN Totals'!$B8*100 -> 0.0014183376
A9: Service charges | B9: =SUM(C9:BK9) -> 100 | C9: ='KZN Totals'!C9/'KZN Totals'!$B9*100 -> 66.877354 | D9: ='KZN Totals'!D9/'KZN Totals'!$B9*100 -> 0 | E9: ='KZN Totals'!E9/'KZN Totals'!$B9*100 -> 0.1089661 | F9: ='KZN Totals'!F9/'KZN Totals'!$B9*100 -> 9.9486268e-05 | G9: ='KZN Totals'!G9/'KZN Totals'!$B9*100 -> 0.12709072 | H9: ='KZN Totals'!H9/'KZN Totals'!$B9*100 -> 0 | I9: ='KZN Totals'!I9/'KZN Totals'!$B9*100 -> 0.57370142 | J9: ='KZN Totals'!J9/'KZN Totals'!$B9*100 -> 2.1025922 | ... BK9: ='KZN Totals'!BK9/'KZN Totals'!$B9*100 -> 0.25241943
A10: Regional Service Levies | B10: =SUM(C10:BK10) -> 100 | C10: ='KZN Totals'!C10/'KZN Totals'!$B10*100 -> 55.014552 | D10: ='KZN Totals'!D10/'KZN Totals'!$B10*100 -> 0 | E10: ='KZN Totals'!E10/'KZN Totals'!$B10*100 -> 0 | F10: ='KZN Totals'!F10/'KZN Totals'!$B10*100 -> 0 | G10: ='KZN Totals'!G10/'KZN Totals'!$B10*100 -> 0 | H10: ='KZN Totals'!H10/'KZN Totals'!$B10*100 -> 0 | I10: ='KZN Totals'!I10/'KZN Totals'!$B10*100 -> 0 | J10: ='KZN Totals'!J10/'KZN Totals'!$B10*100 -> 4.0574246 | ... BK10: ='KZN Totals'!BK10/'KZN Totals'!$B10*100 -> 1.3898425
A11: Investment revenue | B11: =SUM(C11:BK11) -> 100 | C11: ='KZN Totals'!C11/'KZN Totals'!$B11*100 -> 61.540651 | D11: ='KZN Totals'!D11/'KZN Totals'!$B11*100 -> 0.1414858 | E11: ='KZN Totals'!E11/'KZN Totals'!$B11*100 -> 0.92722927 | F11: ='KZN Totals'!F11/'KZN Totals'!$B11*100 -> 0.18486612 | G11: ='KZN Totals'!G11/'KZN Totals'!$B11*100 -> 0.18624049 | H11: ='KZN Totals'!H11/'KZN Totals'!$B11*100 -> 0.012019546 | I11: ='KZN Totals'!I11/'KZN Totals'!$B11*100 -> 1.3451147 | J11: ='KZN Totals'!J11/'KZN Totals'!$B11*100 -> 2.109093 | ... BK11: ='KZN Totals'!BK11/'KZN Totals'!$B11*100 -> 0.89264496
A12: Government grants | B12: =SUM(C12:BK12) -> 100 | C12: ='KZN Totals'!C12/'KZN Totals'!$B12*100 -> 39.280209 | D12: ='KZN Totals'!D12/'KZN Totals'!$B12*100 -> 0.40323962 | E12: ='KZN Totals'!E12/'KZN Totals'!$B12*100 -> 1.12855 | F12: ='KZN Totals'!F12/'KZN Totals'!$B12*100 -> 0.67733987 | G12: ='KZN Totals'!G12/'KZN Totals'!$B12*100 -> 0.35355182 | H12: ='KZN Totals'!H12/'KZN Totals'!$B12*100 -> 0.24900271 | I12: ='KZN Totals'!I12/'KZN Totals'!$B12*100 -> 0.9936741 | J12: ='KZN Totals'!J12/'KZN Totals'!$B12*100 -> 3.8385212 | ... BK12: ='KZN Totals'!BK12/'KZN Totals'!$B12*100 -> 2.6905637
A13: Public contributions and donations | B13: =SUM(C13:BK13) -> 100 | C13: ='KZN Totals'!C13/'KZN Totals'!$B13*100 -> 96.829046 | D13: ='KZN Totals'!D13/'KZN Totals'!$B13*100 -> 0 | E13: ='KZN Totals'!E13/'KZN Totals'!$B13*100 -> 0 | F13: ='KZN Totals'!F13/'KZN Totals'!$B13*100 -> 0 | G13: ='KZN Totals'!G13/'KZN Totals'!$B13*100 -> 0 | H13: ='KZN Totals'!H13/'KZN Totals'!$B13*100 -> 0 | I13: ='KZN Totals'!I13/'KZN Totals'!$B13*100 -> 0 | J13: ='KZN Totals'!J13/'KZN Totals'!$B13*100 -> 0.3850412 | ... BK13: ='KZN Totals'!BK13/'KZN Totals'!$B13*100 -> 0
A14: Other own revenue | B14: =SUM(C14:BK14) -> 100 | C14: ='KZN Totals'!C14/'KZN Totals'!$B14*100 -> 68.572853 | D14: ='KZN Totals'!D14/'KZN Totals'!$B14*100 -> 0.021965234 | E14: ='KZN Totals'!E14/'KZN Totals'!$B14*100 -> 0.3173699 | F14: ='KZN Totals'!F14/'KZN Totals'!$B14*100 -> 0.055764751 | G14: ='KZN Totals'!G14/'KZN Totals'!$B14*100 -> 0.31125306 | H14: ='KZN Totals'!H14/'KZN Totals'!$B14*100 -> 0.015986563 | I14: ='KZN Totals'!I14/'KZN Totals'!$B14*100 -> 1.0863154 | J14: ='KZN Totals'!J14/'KZN Totals'!$B14*100 -> 1.4521774 | ... BK14: ='KZN Totals'!BK14/'KZN Totals'!$B14*100 -> 0.70873366
A16: Operating Expenditure | B16: =SUM(C16:BK16) -> 100 | C16: ='KZN Totals'!C16/'KZN Totals'!$B16*100 -> 59.779059 | D16: ='KZN Totals'!D16/'KZN Totals'!$B16*100 -> 0.10252727 | E16: ='KZN Totals'!E16/'KZN Totals'!$B16*100 -> 0.50197325 | F16: ='KZN Totals'!F16/'KZN Totals'!$B16*100 -> 0.1669712 | G16: ='KZN Totals'!G16/'KZN Totals'!$B16*100 -> 0.19659531 | H16: ='KZN Totals'!H16/'KZN Totals'!$B16*100 -> 0.058887336 | I16: ='KZN Totals'!I16/'KZN Totals'!$B16*100 -> 1.4152727 | J16: ='KZN Totals'!J16/'KZN Totals'!$B16*100 -> 2.07994 | ... BK16: ='KZN Totals'!BK16/'KZN Totals'!$B16*100 -> 0.62919128
A17: Employee costs | B17: =SUM(C17:BK17) -> 100 | C17: ='KZN Totals'!C17/'KZN Totals'!$B17*100 -> 59.737984 | D17: ='KZN Totals'!D17/'KZN Totals'!$B17*100 -> 0.095742998 | E17: ='KZN Totals'!E17/'KZN Totals'!$B17*100 -> 0.57021087 | F17: ='KZN Totals'!F17/'KZN Totals'!$B17*100 -> 0.19781605 | G17: ='KZN Totals'!G17/'KZN Totals'!$B17*100 -> 0.25332597 | H17: ='KZN Totals'!H17/'KZN Totals'!$B17*100 -> 0.057738795 | I17: ='KZN Totals'!I17/'KZN Totals'!$B17*100 -> 2.2851727 | J17: ='KZN Totals'!J17/'KZN Totals'!$B17*100 -> 2.2950155 | ... BK17: ='KZN Totals'!BK17/'KZN Totals'!$B17*100 -> 0.7146631
A18: Remuneration of Councillors | B18: =SUM(C18:BK18) -> 100 | C18: ='KZN Totals'!C18/'KZN Totals'!$B18*100 -> 21.08458 | D18: ='KZN Totals'!D18/'KZN Totals'!$B18*100 -> 0.97289614 | E18: ='KZN Totals'!E18/'KZN Totals'!$B18*100 -> 1.0306034 | F18: ='KZN Totals'!F18/'KZN Totals'!$B18*100 -> 1.801906 | G18: ='KZN Totals'!G18/'KZN Totals'!$B18*100 -> 0.98342308 | H18: ='KZN Totals'!H18/'KZN Totals'!$B18*100 -> 0.4231501 | I18: ='KZN Totals'!I18/'KZN Totals'!$B18*100 -> 3.1088278 | J18: ='KZN Totals'!J18/'KZN Totals'!$B18*100 -> 1.7821066 | ... BK18: ='KZN Totals'!BK18/'KZN Totals'!$B18*100 -> 0.66352422
A19: Repairs and maintenance | B19: =SUM(C19:BK19) -> 100 | C19: ='KZN Totals'!C19/'KZN Totals'!$B19*100 -> 74.346332 | D19: ='KZN Totals'!D19/'KZN Totals'!$B19*100 -> 0.03043087 | E19: ='KZN Totals'!E19/'KZN Totals'!$B19*100 -> 0.25371726 | F19: ='KZN Totals'!F19/'KZN Totals'!$B19*100 -> 0.022579835 | G19: ='KZN Totals'!G19/'KZN Totals'!$B19*100 -> 0.12068533 | H19: ='KZN Totals'!H19/'KZN Totals'!$B19*100 -> 0.014218993 | I19: ='KZN Totals'!I19/'KZN Totals'!$B19*100 -> 1.2341604 | J19: ='KZN Totals'!J19/'KZN Totals'!$B19*100 -> 1.1830128 | ... BK19: ='KZN Totals'!BK19/'KZN Totals'!$B19*100 -> 0.46411016
... A24: Other expenditure | B24: =SUM(C24:BK24) -> 100 | C24: ='KZN Totals'!C24/'KZN Totals'!$B24*100 -> 52.375556 | D24: ='KZN Totals'!D24/'KZN Totals'!$B24*100 -> 0.1674313 | E24: ='KZN Totals'!E24/'KZN Totals'!$B24*100 -> 0.92160281 | F24: ='KZN Totals'!F24/'KZN Totals'!$B24*100 -> 0.24606092 | G24: ='KZN Totals'!G24/'KZN Totals'!$B24*100 -> 0.23114701 | H24: ='KZN Totals'!H24/'KZN Totals'!$B24*100 -> 0.11064816 | I24: ='KZN Totals'!I24/'KZN Totals'!$B24*100 -> 1.5055912 | J24: ='KZN Totals'!J24/'KZN Totals'!$B24*100 -> 2.3373833 | ... BK24: ='KZN Totals'!BK24/'KZN Totals'!$B24*100 -> 1.0750257
A26: Surplus/(Deficit) | B26: =B7-B16 -> 0 | C26: ='KZN Totals'!C26/'KZN Totals'!$B26*100 -> 74.319535 | D26: ='KZN Totals'!D26/'KZN Totals'!$B26*100 -> 0.11756684 | E26: ='KZN Totals'!E26/'KZN Totals'!$B26*100 -> 0.68107214 | F26: ='KZN Totals'!F26/'KZN Totals'!$B26*100 -> 0.27435233 | G26: ='KZN Totals'!G26/'KZN Totals'!$B26*100 -> 0.2555398 | H26: ='KZN Totals'!H26/'KZN Totals'!$B26*100 -> 0.11680309 | I26: ='KZN Totals'!I26/'KZN Totals'!$B26*100 -> 0.73025281 | J26: ='KZN Totals'!J26/'KZN Totals'!$B26*100 -> 1.6418378 | ... BK26: ='KZN Totals'!BK26/'KZN Totals'!$B26*100 -> 3.4248733
A28: Capital Revenue and Expenditure
A29: Source of Finance | B29: =SUM(C29:BK29) -> 100 | C29: ='KZN Totals'!C29/'KZN Totals'!$B29*100 -> 61.471919 | D29: ='KZN Totals'!D29/'KZN Totals'!$B29*100 -> 0.058832793 | E29: ='KZN Totals'!E29/'KZN Totals'!$B29*100 -> 0.77619159 | F29: ='KZN Totals'!F29/'KZN Totals'!$B29*100 -> 0.29125933 | G29: ='KZN Totals'!G29/'KZN Totals'!$B29*100 -> 0.1025129 | H29: ='KZN Totals'!H29/'KZN Totals'!$B29*100 -> 0.045051717 | I29: ='KZN Totals'!I29/'KZN Totals'!$B29*100 -> 0.87885519 | J29: ='KZN Totals'!J29/'KZN Totals'!$B29*100 -> 3.5401765 | ... BK29: ='KZN Totals'!BK29/'KZN Totals'!$B29*100 -> 1.7562238
A30: External Loans | B30: =SUM(C30:BK30) -> 100 | C30: ='KZN Totals'!C30/'KZN Totals'!$B30*100 -> 66.899246 | D30: ='KZN Totals'!D30/'KZN Totals'!$B30*100 -> 0 | E30: ='KZN Totals'!E30/'KZN Totals'!$B30*100 -> 0.16860513 | F30: ='KZN Totals'!F30/'KZN Totals'!$B30*100 -> 0 | G30: ='KZN Totals'!G30/'KZN Totals'!$B30*100 -> 0 | H30: ='KZN Totals'!H30/'KZN Totals'!$B30*100 -> 0.0065699198 | I30: ='KZN Totals'!I30/'KZN Totals'!$B30*100 -> 0.82065952 | J30: ='KZN Totals'!J30/'KZN Totals'!$B30*100 -> 5.1791525 | ... BK30: ='KZN Totals'!BK30/'KZN Totals'!$B30*100 -> 0.86304792
A31: Public Contributions and Donations | B31: =SUM(C31:BK31) -> 100 | C31: ='KZN Totals'!C31/'KZN Totals'!$B31*100 -> 0.072490494 | D31: ='KZN Totals'!D31/'KZN Totals'!$B31*100 -> 0 | E31: ='KZN Totals'!E31/'KZN Totals'!$B31*100 -> 0 | F31: ='KZN Totals'!F31/'KZN Totals'!$B31*100 -> 0 | G31: ='KZN Totals'!G31/'KZN Totals'!$B31*100 -> 0 | H31: ='KZN Totals'!H31/'KZN Totals'!$B31*100 -> 0 | I31: ='KZN Totals'!I31/'KZN Totals'!$B31*100 -> 0 | J31: ='KZN Totals'!J31/'KZN Totals'!$B31*100 -> 0.023209676 | ... BK31: ='KZN Totals'!BK31/'KZN Totals'!$B31*100 -> 0
A32: Grants and subsidies | B32: =SUM(C32:BK32) -> 100 | C32: ='KZN Totals'!C32/'KZN Totals'!$B32*100 -> 48.254489 | D32: ='KZN Totals'!D32/'KZN Totals'!$B32*100 -> 0.0043660665 | E32: ='KZN Totals'!E32/'KZN Totals'!$B32*100 -> 1.1815244 | F32: ='KZN Totals'!F32/'KZN Totals'!$B32*100 -> 0.55915695 | G32: ='KZN Totals'!G32/'KZN Totals'!$B32*100 -> 0.13131404 | H32: ='KZN Totals'!H32/'KZN Totals'!$B32*100 -> 0.085066937 | I32: ='KZN Totals'!I32/'KZN Totals'!$B32*100 -> 1.0485636 | J32: ='KZN Totals'!J32/'KZN Totals'!$B32*100 -> 4.0545192 | ... BK32: ='KZN Totals'!BK32/'KZN Totals'!$B32*100 -> 2.7305715
A33: Other | B33: =SUM(C33:BK33) -> 100 | C33: ='KZN Totals'!C33/'KZN Totals'!$B33*100 -> 80.147671 | D33: ='KZN Totals'!D33/'KZN Totals'!$B33*100 -> 0.16435549 | E33: ='KZN Totals'!E33/'KZN Totals'!$B33*100 -> 0.40992506 | F33: ='KZN Totals'!F33/'KZN Totals'!$B33*100 -> 0.0036735084 | G33: ='KZN Totals'!G33/'KZN Totals'!$B33*100 -> 0.099974729 | H33: ='KZN Totals'!H33/'KZN Totals'!$B33*100 -> 0.00018433375 | I33: ='KZN Totals'!I33/'KZN Totals'!$B33*100 -> 0.65765659 | J33: ='KZN Totals'!J33/'KZN Totals'!$B33*100 -> 2.1830403 | ... BK33: ='KZN Totals'!BK33/'KZN Totals'!$B33*100 -> 0.65596241
A35: Capital Expenditure | B35: =SUM(C35:BK35) -> 100 | C35: ='KZN Totals'!C35/'KZN Totals'!$B35*100 -> 60.622699 | D35: ='KZN Totals'!D35/'KZN Totals'!$B35*100 -> 0.12130285 | E35: ='KZN Totals'!E35/'KZN Totals'!$B35*100 -> 0.76042293 | F35: ='KZN Totals'!F35/'KZN Totals'!$B35*100 -> 0.28534244 | G35: ='KZN Totals'!G35/'KZN Totals'!$B35*100 -> 0.21241873 | H35: ='KZN Totals'!H35/'KZN Totals'!$B35*100 -> 0.097793183 | I35: ='KZN Totals'!I35/'KZN Totals'!$B35*100 -> 0.86100137 | J35: ='KZN Totals'!J35/'KZN Totals'!$B35*100 -> 3.4682583 | ... BK35: ='KZN Totals'!BK35/'KZN Totals'!$B35*100 -> 1.7205434
A36: Water and Sanitation | B36: =SUM(C36:BK36) -> 100 | C36: ='KZN Totals'!C36/'KZN Totals'!$B36*100 -> 47.667931 | D36: ='KZN Totals'!D36/'KZN Totals'!$B36*100 -> 0 | E36: ='KZN Totals'!E36/'KZN Totals'!$B36*100 -> 0.00056952186 | F36: ='KZN Totals'!F36/'KZN Totals'!$B36*100 -> 0 | G36: ='KZN Totals'!G36/'KZN Totals'!$B36*100 -> 0 | H36: ='KZN Totals'!H36/'KZN Totals'!$B36*100 -> 0 | I36: ='KZN Totals'!I36/'KZN Totals'!$B36*100 -> 0.00045561748 | J36: ='KZN Totals'!J36/'KZN Totals'!$B36*100 -> 8.557408 | ... BK36: ='KZN Totals'!BK36/'KZN Totals'!$B36*100 -> 2.9090081
A37: Electricity | B37: =SUM(C37:BK37) -> 100 | C37: ='KZN Totals'!C37/'KZN Totals'!$B37*100 -> 77.668326 | D37: ='KZN Totals'!D37/'KZN Totals'!$B37*100 -> 0 | E37: ='KZN Totals'!E37/'KZN Totals'!$B37*100 -> 0.010698616 | F37: ='KZN Totals'!F37/'KZN Totals'!$B37*100 -> 0 | G37: ='KZN Totals'!G37/'KZN Totals'!$B37*100 -> 0.32452467 | H37: ='KZN Totals'!H37/'KZN Totals'!$B37*100 -> 0 | I37: ='KZN Totals'!I37/'KZN Totals'!$B37*100 -> 0.36751884 | J37: ='KZN Totals'!J37/'KZN Totals'!$B37*100 -> 0 | ... BK37: ='KZN Totals'!BK37/'KZN Totals'!$B37*100 -> 0
A38: Housing | B38: =SUM(C38:BK38) -> 100 | C38: ='KZN Totals'!C38/'KZN Totals'!$B38*100 -> 78.207173 | D38: ='KZN Totals'!D38/'KZN Totals'!$B38*100 -> 0 | E38: ='KZN Totals'!E38/'KZN Totals'!$B38*100 -> 0.012914119 | F38: ='KZN Totals'!F38/'KZN Totals'!$B38*100 -> 0 | G38: ='KZN Totals'!G38/'KZN Totals'!$B38*100 -> 0.032406822 | H38: ='KZN Totals'!H38/'KZN Totals'!$B38*100 -> 0 | I38: ='KZN Totals'!I38/'KZN Totals'!$B38*100 -> 1.8298711 | J38: ='KZN Totals'!J38/'KZN Totals'!$B38*100 -> 0 | ... BK38: ='KZN Totals'!BK38/'KZN Totals'!$B38*100 -> 0
A39: Roads and storm water | B39: =SUM(C39:BK39) -> 100 | C39: ='KZN Totals'!C39/'KZN Totals'!$B39*100 -> 57.70404 | D39: ='KZN Totals'!D39/'KZN Totals'!$B39*100 -> 0.44579825 | E39: ='KZN Totals'!E39/'KZN Totals'!$B39*100 -> 3.5389281 | F39: ='KZN Totals'!F39/'KZN Totals'!$B39*100 -> 1.2670974 | G39: ='KZN Totals'!G39/'KZN Totals'!$B39*100 -> 0.6786415 | H39: ='KZN Totals'!H39/'KZN Totals'!$B39*100 -> 0.39615891 | I39: ='KZN Totals'!I39/'KZN Totals'!$B39*100 -> 1.0807143 | J39: ='KZN Totals'!J39/'KZN Totals'!$B39*100 -> 0.10314753 | ... BK39: ='KZN Totals'!BK39/'KZN Totals'!$B39*100 -> 0.15150064
A40: Other | B40: =SUM(C40:BK40) -> 100 | C40: ='KZN Totals'!C40/'KZN Totals'!$B40*100 -> 64.383518 | D40: ='KZN Totals'!D40/'KZN Totals'!$B40*100 -> 0.16863194 | E40: ='KZN Totals'!E40/'KZN Totals'!$B40*100 -> 0.72592251 | F40: ='KZN Totals'!F40/'KZN Totals'!$B40*100 -> 0.30164631 | G40: ='KZN Totals'!G40/'KZN Totals'!$B40*100 -> 0.23020076 | H40: ='KZN Totals'!H40/'KZN Totals'!$B40*100 -> 0.11995723 | I40: ='KZN Totals'!I40/'KZN Totals'!$B40*100 -> 1.4894118 | J40: ='KZN Totals'!J40/'KZN Totals'!$B40*100 -> 2.0136646 | ... BK40: ='KZN Totals'!BK40/'KZN Totals'!$B40*100 -> 2.2525233
A42: Capital and Operating Expenditure
A43: Operating Expenditure | B43: =SUM(C43:BK43) -> 100 | C43: ='KZN Totals'!C43/'KZN Totals'!$B43*100 -> 59.772055 | D43: ='KZN Totals'!D43/'KZN Totals'!$B43*100 -> 0.10251526 | E43: ='KZN Totals'!E43/'KZN Totals'!$B43*100 -> 0.50191444 | F43: ='KZN Totals'!F43/'KZN Totals'!$B43*100 -> 0.16695164 | G43: ='KZN Totals'!G43/'KZN Totals'!$B43*100 -> 0.19657228 | H43: ='KZN Totals'!H43/'KZN Totals'!$B43*100 -> 0.058880437 | I43: ='KZN Totals'!I43/'KZN Totals'!$B43*100 -> 1.4151069 | J43: ='KZN Totals'!J43/'KZN Totals'!$B43*100 -> 2.0796964 | ... BK43: ='KZN Totals'!BK43/'KZN Totals'!$B43*100 -> 0.62911757
A44: Capital Expenditure | B44: =SUM(C44:BK44) -> 100 | C44: ='KZN Totals'!C44/'KZN Totals'!$B44*100 -> 60.651572 | D44: ='KZN Totals'!D44/'KZN Totals'!$B44*100 -> 0.12136063 | E44: ='KZN Totals'!E44/'KZN Totals'!$B44*100 -> 0.7607851 | F44: ='KZN Totals'!F44/'KZN Totals'!$B44*100 -> 0.28547834 | G44: ='KZN Totals'!G44/'KZN Totals'!$B44*100 -> 0.2125199 | H44: ='KZN Totals'!H44/'KZN Totals'!$B44*100 -> 0.097839759 | I44: ='KZN Totals'!I44/'KZN Totals'!$B44*100 -> 0.86141144 | J44: ='KZN Totals'!J44/'KZN Totals'!$B44*100 -> 3.4699101 | ... BK44: ='KZN Totals'!BK44/'KZN Totals'!$B44*100 -> 1.7213628
A46: Total | B46: =SUM(C46:BK46) -> 100 | C46: ='KZN Totals'!C46/'KZN Totals'!$B46*100 -> 59.957873 | D46: ='KZN Totals'!D46/'KZN Totals'!$B46*100 -> 0.10649677 | E46: ='KZN Totals'!E46/'KZN Totals'!$B46*100 -> 0.55660677 | F46: ='KZN Totals'!F46/'KZN Totals'!$B46*100 -> 0.19199311 | G46: ='KZN Totals'!G46/'KZN Totals'!$B46*100 -> 0.19994158 | H46: ='KZN Totals'!H46/'KZN Totals'!$B46*100 -> 0.067111482 | I46: ='KZN Totals'!I46/'KZN Totals'!$B46*100 -> 1.2981261 | J46: ='KZN Totals'!J46/'KZN Totals'!$B46*100 -> 2.3734107 | ... BK46: ='KZN Totals'!BK46/'KZN Totals'!$B46*100 -> 0.85987928

Sheet KZN Munic Ratings
A1: Municipal Ratings | B1: Operating Revenue | C1: Operating Expenditure | D1: Capital Finance | E1: Capital Expenditure
A2: eThekwini | B2: 61.044712 | C2: 59.779059 | D2: 61.471919 | E2: 60.622699
A3: Vulamehlo | B3: 0.10383636 | C3: 0.10252727 | D3: 0.058832793 | E3: 0.12130285
A4: Umdoni | B4: 0.51756264 | C4: 0.50197325 | D4: 0.77619159 | E4: 0.76042293
A5: Umzumbe | B5: 0.17631803 | C5: 0.1669712 | D5: 0.29125933 | E5: 0.28534244
A6: uMuziwabantu | B6: 0.20172604 | C6: 0.19659531 | D6: 0.1025129 | E6: 0.21241873
A7: Ezigolweni | B7: 0.063928526 | C7: 0.058887336 | D7: 0.045051717 | E7: 0.097793183
A8: Herbiscus Coast | B8: 1.3556462 | C8: 1.4152727 | D8: 0.87885519 | E8: 0.86100137
A9: Ugu | B9: 2.0418061 | C9: 2.07994 | D9: 3.5401765 | E9: 3.4682583
A10: uMshwati | B10: 0.19100312 | C10: 0.20097706 | D10: 0.16707232 | E10: 0.16367827
A11: uMngeni | B11: 0.62391076 | C11: 0.67259896 | D11: 0.36487449 | E11: 0.35746212
A12: Mpofana | B12: 0.20218417 | C12: 0.22012236 | D12: 0.098609543 | E12: 0.096606304
A13: Impendle | B13: 0.068205319 | C13: 0.058042825 | D13: 0.10939078 | E13: 0.10716852
... A62: Sisonke | B62: 0.8725372 | C62: 0.62919128 | D62: 1.7562238 | E62: 1.7205434

Sheet KZN Munic Ratings Correlation
A1: Correlation Matrix | B1: Operating Revenue | C1: Operating Revenue Rating | D1: Operating Expenditure | E1: Operating Expenditure Rating | F1: Capital Finance | G1: Capital Finance Rating | H1: Capital Expenditure | I1: Capital Expenditure Rating
A2: eThekwini | B2: 61.044712 | C2: 1 | D2: 59.779059 | E2: 1 | F2: 61.471919 | G2: 1 | H2: 60.622699 | I2: 1
A3: uMhlathuze | B3: 4.505048 | C3: 3 | D3: 5.1595724 | E3: 3 | F3: 4.2683305 | G3: 2 | H3: 4.1816203 | I3: 2
A4: Ugu | B4: 2.0418061 | C4: 5 | D4: 2.07994 | E4: 5 | F4: 3.5401765 | G4: 3 | H4: 3.4682583 | I4: 3
A5: Msunduzi | B5: 7.127184 | C5: 2 | D5: 7.7359452 | E5: 2 | F5: 3.3466869 | G5: 4 | H5: 3.2786995 | I5: 4
A6: Zululand | B6: 1.3813376 | C6: 8 | D6: 1.067949 | E6: 12 | F6: 3.1861808 | G6: 5 | H6: 3.1234119 | I6: 5
A7: KwaDukuza | B7: 1.8719889 | C7: 6 | D7: 1.9035242 | E7: 6 | F7: 2.4024363 | G7: 6 | H7: 2.4108671 | I7: 6
A8: Umkhanyakude | B8: 0.8326313 | C8: 15 | D8: 0.71108326 | E8: 15 | F8: 1.332148 | G8: 11 | H8: 2.2037948 | I8: 7
A9: Uthungulu | B9: 1.4336725 | C9: 7 | D9: 1.1322406 | E9: 10 | F9: 2.0462912 | G9: 7 | H9: 2.0047211 | I9: 8
A10: Sisonke | B10: 0.8725372 | C10: 14 | D10: 0.62919128 | E10: 18 | F10: 1.7562238 | G10: 8 | H10: 1.7205434 | I10: 9
A11: Uthukela | B11: 1.2336081 | C11: 10 | D11: 1.4651332 | E11: 7 | F11: 1.7105392 | G11: 9 | H11: 1.6757898 | I11: 10
A12: iLembe | B12: 0.90616668 | C12: 13 | D12: 1.0106211 | E12: 13 | F12: 1.397999 | G12: 10 | H12: 1.3695988 | I12: 11
A13: Newcastle | B13: 2.7674429 | C13: 4 | D13: 3.0997691 | E13: 4 | F13: 1.0433617 | G13: 12 | H13: 1.022166 | I13: 12
... A62: Ntambanana | B62: 0.064835288 | C62: 59 | D62: 0.051531588 | E62: 61 | F62: 0.0393759 | G62: 61 | H62: 0.038592263 | I62: 61
A64: Operating Revenue Rating | C64: 1 | E64: =CORREL(C2:C62,E2:E62) -> 0.98910629 | F64: =CORREL(D2:D62,F2:F62) -> 0.99487765 | G64: =CORREL(C2:C62,G2:G62) -> 0.87202538 | H64: =CORREL(D2:D62,H2:H62) -> 0.99459927 | I64: =CORREL(C2:C62,I2:I62) -> 0.88133263
A65: Operating Expenditure Rating | C65: =CORREL(C2:C62,E2:E62) -> 0.98910629 | E65: 1 | G65: =CORREL(E2:E62,G2:G62) -> 0.85055526 | H65: =CORREL(F2:F62,H2:H62) -> 0.99988569 | I65: =CORREL(E2:E62,I2:I62) -> 0.86356425
A66: Capital Finance Rating | C66: =CORREL(C2:C62,G2:G62) -> 0.87202538 | D66: =CORREL(D2:D62,H2:H62) -> 0.99459927 | E66: =CORREL(G2:G62,E2:E62) -> 0.85055526 | G66: 1 | I66: =CORREL(G2:G62,I2:I62) -> 0.96652565
A67: Capital Expenditure Rating | C67: =CORREL(C2:C62,I2:I62) -> 0.88133263 | D67: =CORREL(D3:D63,H3:H63) -> 0.76707626 | E67: =CORREL(I3:I63,E3:E63) -> 0.85662684 | F67: =CORREL(J3:J63,F3:F63) -> #DIV/0! | G67: =CORREL(G2:G62,I2:I62) -> 0.96652565 | I67: 1

Sheet Conditional Grants
C2: TOTAL 2003/04 | E2: TOTAL 2004/05 | G2: TOTAL 2005/06 | I2: TOTAL 2006/07 | K2: TOTAL 2007/08 | M2: TOTAL 2008/09 | O2: TOTAL 2009/10 | Q2: TOTAL 2010/11 | S2: TOTAL 2011/12 | U2: TOTAL 2012/13
Q3: Medium-Term Estimates
A4: Number | B4: Municipality | C4: Revised allocation | D4: Actual Expenditure | E4: Revised allocation | F4: Actual Expenditure | G4: Revised allocation | H4: Actual Expenditure | I4: Revised allocation | J4: Actual Expenditure | K4: Revised allocation | L4: Actual Expenditure | M4: Revised allocation | N4: Actual Expenditure | O4: Revised allocation | P4: Actual Expenditure | Q4: Revised allocation | R4: Actual Expenditure | S4: Revised allocation | T4: Actual Expenditure | U4: Revised allocation | V4: Actual Expenditure
A7: A | B7: eThekwini | C7: 578857.09 | D7: 531255.18 | E7: 705096.73 | F7: 662872.73 | G7: 12028269 | H7: 11330028 | I7: 12548237 | J7: 13574555 | K7: 15354104 | L7: 15953219 | M7: 20703308 | N7: 20422901 | O7: 23963227 | P7: 23703928 | Q7: 25892160 | S7: 28698425 | U7: 31564961
A9: B | B9: Vulamehlo | C9: 11734.968 | D9: 11792.54 | E9: 24731.458 | F9: 24731.458 | G9: 38092.796 | H9: 27320 | I9: 36360.69 | J9: 36949 | K9: 37904 | L9: 25170 | M9: 45324 | N9: 58135 | O9: 87095.029 | P9: 47817 | Q9: 51165.508 | S9: 31087.543 | U9: 34008.543
A10: B | B10: Umdoni | C10: 5120.3411 | D10: 4293.9262 | E10: 5053.3485 | F10: 5053.3485 | G10: 64652.832 | H10: 58812 | I10: 88340.002 | J10: 86067 | K10: 138332 | L10: 104408 | M10: 130514 | N10: 171634.68 | O10: 218863.7 | P10: 241598 | Q10: 490969.39 | S10: 249262.11 | U10: 274188.32
A11: B | B11: Umzumbe | C11: 21075.542 | D11: 21866.19 | E11: 31001.436 | F11: 25751 | G11: 42224.838 | H11: 30137 | I11: 71239.215 | J11: 31214 | K11: 57587 | L11: 58390 | M11: 70521 | N11: 76222 | O11: 99123.271 | P11: 85468 | Q11: 86828.999 | S11: 93775.319 | U11: 101277.34
A12: B | B12: uMuziwabantu | C12: 20741.361 | D12: 22457.105 | E12: 29359.49 | F12: 23266 | G12: 38700 | H12: 30562 | I12: 47800 | J12: 46656 | K12: 52743 | L12: 65873 | M12: 69669 | N12: 68183 | O12: 107651.09 | P12: 84533 | Q12: 108798.94 | S12: 87912.174 | U12: 92281.343
A13: B | B13: Ezinqolweni | C13: 16836.418 | D13: 18803.858 | E13: 11127.691 | F13: 10877.691 | G13: 15350.479 | H13: 18941 | I13: 11212.075 | J13: 17183 | K13: 13582 | L13: 15247 | M13: 23977 | N13: 23580 | O13: 27752 | P13: 27347 | Q13: 26849.907 | S13: 30164.241 | U13: 34185.922
A14: B | B14: Hibiscus Coast | C14: 17099.14 | D14: 15368.186 | E14: 22834.641 | F14: 22834.641 | G14: 325435.87 | H14: 263983 | I14: 342968.52 | J14: 311621 | K14: 408829 | L14: 366434 | M14: 469454 | N14: 449964 | O14: 667103.89 | P14: 551379 | Q14: 700673.61 | S14: 484581.21 | U14: 523347.71
A15: C | B15: Ugu District Municipality | C15: 139343.85 | D15: 143788.28 | E15: 161280.97 | F15: 151371.97 | G15: 446450.03 | H15: 450795 | I15: 684198.69 | J15: 465373 | K15: 1065976 | L15: 635166 | M15: 861580 | N15: 890456 | O15: 1097068.9 | P15: 1123850 | Q15: 1032433.9 | S15: 1084055.5 | U15: 1138258.3
A16: Total: Ugu Municipalities | C16: 231951.62 | D16: 238370.09 | E16: 285389.03 | F16: 263886.1 | G16: =SUM(G9:G15) -> 970906.84 | H16: =SUM(H9:H15) -> 880550 | I16: =SUM(I9:I15) -> 1282119.2 | J16: =SUM(J9:J15) -> 995063 | K16: =SUM(K9:K15) -> 1774953 | L16: =SUM(L9:L15) -> 1270688 | M16: =SUM(M9:M15) -> 1671039 | N16: =SUM(N9:N15) -> 1738174.7 | ... Q16: =SUM(Q9:Q15) -> 2497720.2 | S16: =SUM(S9:S15) -> 2060838.1 | U16: =SUM(U9:U15) -> 2197547.5
A18: B | B18: uMshwathi | C18: 15592.872 | D18: 16626.847 | E18: 21851.135 | F18: 21601.135 | G18: 29611.13 | H18: 25977 | I18: 33446.891 | J18: 47553 | K18: 64372 | L18: 79338 | M18: 99331 | N18: 61921 | O18: 108040.08 | P18: 68621 | Q18: 103529.44 | S18: 84645.196 | U18: 91649.734
A19: B | B19: uMngeni | C19: 12076 | D19: 10257.491 | E19: 9744.7493 | F19: 9124.7493 | G19: 175763.84 | H19: 182562 | I19: 206610.79 | J19: 190926 | K19: 214861 | L19: 163457 | M19: 280733 | N19: 187669 | O19: 251783.67 | P19: 210587 | Q19: 252590.13 | S19: 250267.55 | U19: 266278.34
A20: B | B20: Mooi Mpofana | C20: 5465.6618 | D20: 4285.8524 | E20: 5298.8994 | F20: 5048.8994 | G20: 28954.435 | H20: 25765 | I20: 86192.26 | J20: 29413 | K20: 99511 | L20: 38635 | M20: 73537 | N20: 80586 | O20: 78549.265 | P20: 137697 | Q20: 87371 | S20: 81407 | U20: 90190
A21: B | B21: Impendle | C21: 8165.4859 | D21: 8931.0458 | E21: 5855.4873 | F21: 5605.4873 | G21: 15696.773 | H21: 6509 | I21: 17468.711 | J21: 7262 | K21: 12181 | L21: 8695 | M21: 22355 | N21: 28168 | O21: 33237.519 | P21: 45027 | Q21: 32163.583 | S21: 34305.097 | U21: 36363.397
A22: B | B22: Msunduzi | C22: 184358.19 | D22: 137163.88 | E22: 170435.5 | F22: 127569.5 | G22: 1414710.9 | H22: 1621496 | I22: 2022988.4 | J22: 1526181 | K22: 2035069 | L22: 1926199 | M22: 2266414 | N22: 2385166 | O22: 3016581.6 | P22: 2917609 | Q22: 2684233.6 | S22: 2984802.3 | U22: 3306238.5
A23: B | B23: Mkhambathini | C23: 6971.6327 | D23: 7896.723 | E23: 12209.675 | F23: 11959.675 | G23: 24277.595 | H23: 19945 | I23: 26874.133 | J23: 22146 | K23: 40162 | L23: 29874 | M23: 39488 | N23: 34538 | O23: 42124.701 | P23: 32287 | Q23: 37862.416 | S23: 39608.065 | U23: 43790.655
A24: B | B24: Richmond | C24: 7838.5062 | D24: 8099.7012 | E24: 10471.442 | F24: 10221.442 | G24: 25731.16 | H24: 22865 | I24: 76478.274 | J24: 29168 | K24: 51171 | L24: 38686 | M24: 39445 | N24: 36771 | O24: 59805.94 | P24: 55622 | Q24: 62610.503 | S24: 68242.531 | U24: 76706.247
A25: C | B25: uMgungundlovu District Municipality | C25: 138353 | D25: 215171.22 | E25: 84242.271 | F25: 75738.271 | G25: 262231.11 | H25: 258591 | I25: 223028.98 | J25: 242763 | K25: 274567 | L25: 295424 | M25: 359115 | N25: 451113 | O25: 423021.27 | P25: 394529 | Q25: 441948.69 | S25: 465545.8 | U25: 481979.38
A26: Total: uMgungundlovu Municipalities | C26: 378821.35 | D26: 408432.77 | E26: 320109.16 | F26: 266869.16 | G26: =SUM(G18:G25) -> 1976976.9 | H26: =SUM(H18:H25) -> 2163710 | I26: =SUM(I18:I25) -> 2693088.4 | J26: =SUM(J18:J25) -> 2095412 | K26: =SUM(K18:K25) -> 2791894 | L26: =SUM(L18:L25) -> 2580308 | M26: =SUM(M18:M25) -> 3180418 | N26: =SUM(N18:N25) -> 3265932 | ... Q26: =SUM(Q18:Q25) -> 3702309.3 | S26: =SUM(S18:S25) -> 4008823.5 | U26: =SUM(U18:U25) -> 4393196.3
A28: B | B28: Emnambithi/Ladysmith | C28: 16763.757 | D28: 13498.396 | E28: 27990.111 | F28: 24969.111 | G28: 268160.5 | H28: 280610 | I28: 288431.28 | J28: 314179 | K28: 279584 | L28: 324647 | M28: 343696 | N28: 359176 | O28: 450031.31 | P28: 474975 | Q28: 542142.05 | S28: 412408.39 | U28: 431392.76
A29: B | B29: Indaka | C29: 11690.42 | D29: 10229.009 | E29: 15570.432 | F29: 15320.432 | G29: 27971.956 | H29: 27031 | I29: 27885.862 | J29: 24518 | K29: 34746 | L29: 31373 | M29: 36111 | N29: 38102 | O29: 61478.756 | P29: 45293 | Q29: 74206.762 | S29: - | U29: -
A30: B | B30: Umtshezi | C30: 10707.097 | D30: 8952.266 | E30: 12240.305 | F30: 11363.305 | G30: 106563.64 | H30: 98989 | I30: 107028.55 | J30: 121898 | K30: 116057 | L30: 122795 | M30: 212219 | N30: 181819 | O30: 184877.5 | P30: 210308 | Q30: 235526.34 | S30: 263123.5 | U30: 308908
A31: B | B31: Okhahlamba | C31: 10128.069 | D31: 9799.6206 | E31: 19105.799 | F31: 18855.799 | G31: 33606.451 | H31: 22220 | I31: 70280.14 | J31: 35493 | K31: 83027 | L31: 48346 | M31: 80266 | N31: 114035 | O31: 54166.305 | P31: 76763 | Q31: 52911.873 | S31: - | U31: -
A32: B | B32: Imbabazane | C32: 14474.38 | D32: 15242.637 | E32: 17522.785 | F32: 17272.785 | G32: 22723.545 | H32: 21794 | I32: 32186.495 | J32: 66602 | K32: 49942 | L32: 61906 | M32: 52052 | N32: 53607 | O32: 74112.171 | P32: 53285 | Q32: 222887.37 | S32: 282192.97 | U32: 345045.1
A33: C | B33: Uthukela District Municipality | C33: 76727.503 | D33: 83234.996 | E33: 115855.66 | F33: 90287.661 | G33: 208929 | H33: 566212 | I33: 221079.55 | J33: 319906 | K33: 348205 | L33: 412303 | M33: 355976 | N33: 472147 | O33: 405805.14 | P33: 461759 | Q33: 620786.59 | S33: 721150.28 | U33: 859591.35
A34: Total:Uthukela Municipalities | C34: 140491.23 | D34: 140956.92 | E34: 208285.09 | F34: 178069.09 | G34: =SUM(G28:G33) -> 667955.09 | H34: =SUM(H28:H33) -> 1016856 | I34: =SUM(I28:I33) -> 746891.88 | J34: =SUM(J28:J33) -> 882596 | K34: =SUM(K28:K33) -> 911561 | L34: =SUM(L28:L33) -> 1001370 | M34: =SUM(M28:M33) -> 1080320 | N34: =SUM(N28:N33) -> 1218886 | ... Q34: =SUM(Q28:Q33) -> 1748461 | S34: =SUM(S28:S33) -> 1678875.1 | U34: =SUM(U28:U33) -> 1944937.2
A36: B | B36: Endumeni | C36: 6940.2184 | D36: 5902.0657 | E36: 6035.5204 | F36: 5987.5204 | G36: 82667.462 | H36: 84172 | I36: 128817.24 | J36: 93852 | K36: 133904 | L36: 140776 | M36: 140931 | N36: 124967 | O36: 144917.07 | P36: 157296 | Q36: 177629 | S36: 175485 | U36: 197751
A37: B | B37: Nquthu | C37: 23541.737 | D37: 22453.71 | E37: 26940.39 | F37: 26690.39 | G37: 19748.434 | H37: 21616 | I37: 23544.253 | J37: 40574 | K37: 38289 | L37: 39852 | M37: 34986 | N37: 42853 | O37: 63402.77 | P37: 65013 | Q37: 78398.89 | S37: 97182.885 | U37: 111900.52
A38: B | B38: Msinga | C38: 21350.653 | D38: 20154.136 | E38: 24748.414 | F38: 24498.414 | G38: 28711.09 | H38: 26002 | I38: 38970.165 | J38: 35351 | K38: 44375 | L38: 42669 | M38: 46322 | N38: 56695 | O38: 59173.552 | P38: 72866 | Q38: 73517.313 | S38: - | U38: -
A39: B | B39: Umvoti | C39: 13260.246 | D39: 13874.61 | E39: 18321.63 | F39: 18071.63 | G39: 77858.133 | H39: 51822 | I39: 83813.194 | J39: 65042 | K39: 128289 | L39: 70505 | M39: 124787 | N39: 101548 | O39: 179690.75 | P39: 128504 | Q39: 167525 | S39: 181386 | U39: 189511
A40: C | B40: Umzinyathi District Municipality | C40: 121669 | D40: 124480 | E40: 132603 | F40: 120868 | G40: 106755.83 | H40: 60144 | I40: 113981 | J40: 69222 | K40: 172885 | L40: 141765 | M40: 224938 | N40: 277313 | O40: 511374.02 | P40: 339699 | Q40: 333943 | S40: 164981 | U40: 43665.89
A41: Total: Umzinyathi Municipalities | C41: 186761.86 | D41: 186864.52 | E41: 208648.95 | F41: 196115.95 | G41: =SUM(G36:G40) -> 315740.95 | H41: =SUM(H36:H40) -> 243756 | I41: =SUM(I36:I40) -> 389125.85 | J41: =SUM(J36:J40) -> 304041 | K41: =SUM(K36:K40) -> 517742 | L41: =SUM(L36:L40) -> 435567 | M41: =SUM(M36:M40) -> 571964 | N41: =SUM(N36:N40) -> 603376 | ... Q41: =SUM(Q36:Q40) -> 831013.2 | S41: =SUM(S36:S40) -> 619034.89 | U41: =SUM(U36:U40) -> 542828.41
A43: B | B43: Newcastle | C43: 47974.442 | D43: 48981.682 | E43: 79467.646 | F43: 70273.646 | G43: 497995.85 | H43: 452835 | I43: 567543.37 | J43: 624045 | K43: 681516 | L43: 709549 | M43: 859267 | N43: 994633.34 | O43: 1090809.4 | P43: 1247899 | Q43: 1235141 | S43: 1161142 | U43: 1280949
A44: B | B44: Utrecht | C44: 4997 | D44: 3497 | E44: 4339 | F44: 4092 | G44: 19878.61 | H44: 19469 | I44: 21204.142 | J44: 17927 | K44: 20489 | L44: 23295 | M44: 29527 | N44: 24035 | O44: 22024.304 | P44: 45751 | Q44: 39403.579 | S44: 37479.875 | U44: 31472.646
A45: B | B45: Dannhauser | C45: 21893.701 | D45: 25239.79 | E45: 11106.363 | F45: 10856.363 | G45: 21220.226 | H45: 15928 | I45: 34427.101 | J45: 19094 | K45: 35149 | L45: 23217 | M45: 47398 | N45: 34291 | O45: 54488.491 | P45: 58841 | Q45: 74664.03 | S45: - | U45: -
A46: C | B46: Amajuba District Municipality | C46: 32635 | D46: 36125 | E46: 31064 | F46: 25071 | G46: 45653.042 | H46: 60095 | I46: 77126.993 | J46: 42042 | K46: 84464 | L46: 58814 | M46: 122728 | N46: 146376 | O46: 206710.42 | P46: 185570 | Q46: 193513.96 | S46: 161387.12 | U46: 179935.49
A47: Total: Amajuba Municipalities | C47: 107500.14 | D47: 113843.47 | E47: 125977.01 | F47: 110293.01 | G47: =SUM(G43:G46) -> 584747.73 | H47: =SUM(H43:H46) -> 548327 | I47: =SUM(I43:I46) -> 700301.6 | J47: =SUM(J43:J46) -> 703108 | K47: =SUM(K43:K46) -> 821618 | L47: =SUM(L43:L46) -> 814875 | M47: =SUM(M43:M46) -> 1058920 | N47: =SUM(N43:N46) -> 1199335.3 | ... Q47: =SUM(Q43:Q46) -> 1542722.6 | S47: =SUM(S43:S46) -> 1360009 | U47: =SUM(U43:U46) -> 1492357.1
A49: B | B49: eDumbe | C49: 11686.245 | D49: 11520.063 | E49: 11655.901 | F49: 10661.901 | G49: 45290.447 | H49: 35661 | I49: 40679.256 | J49: 39344 | K49: 40972 | L49: 50821 | M49: 47352 | N49: 54031 | O49: 61128.714 | P49: 87678 | Q49: 69410.533 | S49: 61455.009 | U49: 65214.179
A50: B | B50: uPhongolo | C50: 10172.92 | D50: 10154.27 | E50: 13443.102 | F50: 13245.102 | G50: 55929.249 | H50: 43757 | I50: 59827.028 | J50: 43757 | K50: 59082 | L50: 55712 | M50: 78814 | N50: 71722 | O50: 110177.26 | P50: 79245 | Q50: 143091.09 | S50: - | U50: -
A51: B | B51: Abaqulusi | C51: 20102.474 | D51: 16529.705 | E51: 24492.311 | F51: 24492.311 | G51: 172522.25 | H51: 142077 | I51: 175365.48 | J51: 151541 | K51: 279070 | L51: 154288 | M51: 374662 | N51: 314875 | O51: 241889.31 | P51: 268216 | Q51: 300213.64 | S51: 320222.91 | U51: 344236.27
A52: B | B52: Nongoma | C52: 26081.161 | D52: 25329.471 | E52: 19937.494 | F52: 19687.494 | G52: 32538.71 | H52: 30068 | I52: 78676.572 | J52: 39863 | K52: 44022 | L52: 43852 | M52: 41049 | N52: 51678 | O52: 83767.886 | P52: 63919 | Q52: 91327.85 | S52: 106331 | U52: 123046.67
A53: B | B53: Ulundi | C53: 38078.233 | D53: 36975.632 | E53: 49889.931 | F53: 33544 | G53: 100424.31 | H53: 70856 | I53: 86952.701 | J53: 96808 | K53: 93051 | L53: 96394 | M53: 123732 | N53: 117694 | O53: 139023.83 | P53: 161083 | Q53: 176032.12 | S53: 180494.12 | U53: 196419.47
A54: C | B54: Zululand District Municipality | C54: 160468.05 | D54: 184515.84 | E54: 184207.07 | F54: 155733.07 | G54: 253224.79 | H54: 493781 | I54: 231656.05 | J54: 390751 | K54: 279788 | L54: 535986 | M54: 442154 | N54: 461216 | O54: 454505.79 | P54: 432935 | Q54: 529619.28 | S54: 578216.89 | U54: 636479.89
A55: Total: Zululand Municipalities | C55: 266589.08 | D55: 285024.99 | E55: 303625.8 | F55: 257363.87 | G55: =SUM(G49:G54) -> 659929.76 | H55: =SUM(H49:H54) -> 816200 | I55: =SUM(I49:I54) -> 673157.09 | J55: =SUM(J49:J54) -> 762064 | K55: =SUM(K49:K54) -> 795985 | L55: =SUM(L49:L54) -> 937053 | M55: =SUM(M49:M54) -> 1107763 | N55: =SUM(N49:N54) -> 1071216 | ... Q55: =SUM(Q49:Q54) -> 1309694.5 | S55: =SUM(S49:S54) -> 1246719.9 | U55: =SUM(U49:U54) -> 1365396.5
A57: B | B57: Umhlabuyalingana | C57: 12578.753 | D57: 12644.66 | E57: 15032.738 | F57: 14782.738 | G57: 38949.341 | H57: 45346 | I57: 46469.998 | J57: 68211 | K57: 38970 | L57: 38427 | M57: 47173 | N57: 37359 | O57: 57723.223 | P57: 57237 | Q57: 56487.76 | S57: 63449.473 | U57: 68704.781
A58: B | B58: Jozini | C58: 16694.768 | D58: 14874.236 | E58: 17767.337 | F58: 17767.337 | G58: 25235.556 | H58: 23462 | I58: 58219.65 | J58: 48569 | K58: 43559 | L58: 63675 | M58: 48878 | N58: 56607 | O58: 65885.855 | P58: 93247 | Q58: 33346.238 | S58: 59.433 | U58: 66.18
A59: B | B59: The Big Five False Bay | C59: 4252.72 | D59: 4027 | E59: 5388.456 | F59: 5138.456 | G59: 10986.8 | H59: 11291 | I59: 18290.75 | J59: 11622 | K59: 11670 | L59: 15527 | M59: 20281 | N59: 29543 | O59: 27109.3 | P59: 47206 | Q59: 28618.21 | S59: 26677.889 | U59: 27866.491
A60: B | B60: Hlabisa | C60: 12841.213 | D60: 12473.864 | E60: 14374.478 | F60: 14124.478 | G60: 40881.552 | H60: 28309 | I60: 53962.642 | J60: 43279 | K60: 52965 | L60: 43371 | M60: 46358 | N60: 63013 | O60: 91294.262 | P60: 71537 | Q60: 62.518 | S60: 79.624 | U60: 132.234
A61: B | B61: Mtubatuba | C61: 8233.6136 | D61: 8415.1061 | E61: 18845.571 | F61: 14673.571 | G61: 33914.889 | H61: 18388 | I61: 30669.24 | J61: 21100 | K61: 38710 | L61: 35498 | M61: 33873 | N61: 36867 | O61: 47449.904 | P61: 48406 | Q61: 69663.398 | S61: 56750.318 | U61: 62512.349
A62: C | B62: Umkhanyakude District Municipality | C62: 126291 | D62: 149756 | E62: 155916 | F62: 136818 | G62: 200806.9 | H62: 400693 | I62: 187850.79 | J62: 350195 | K62: 226120 | L62: 252614 | M62: 369665 | N62: 344109 | O62: 323788.17 | P62: 316684 | Q62: 362507.13 | S62: 376698.67 | U62: 429100.27
A63: Total: Umkhanyakude Municipalities | C63: 180892.07 | D63: 202190.87 | E63: 227324.58 | F63: 203304.58 | G63: =SUM(G57:G62) -> 350775.04 | H63: =SUM(H57:H62) -> 527489 | I63: =SUM(I57:I62) -> 395463.07 | J63: =SUM(J57:J62) -> 542976 | K63: =SUM(K57:K62) -> 411994 | L63: =SUM(L57:L62) -> 449112 | M63: =SUM(M57:M62) -> 566228 | N63: =SUM(N57:N62) -> 567498 | ... Q63: =SUM(Q57:Q62) -> 550685.25 | S63: =SUM(S57:S62) -> 523715.41 | U63: =SUM(U57:U62) -> 588382.31
A65: B | B65: Mbonambi | C65: 7542 | D65: 7542 | E65: 9837 | F65: 9595 | G65: 17244.737 | H65: 15724 | I65: 46389.458 | J65: 45201 | K65: 52125 | L65: 53486 | M65: 57528 | N65: 36932 | O65: 51755.103 | P65: 48134 | Q65: 52595.134 | S65: 60000.597 | U65: 67000.019
A66: B | B66: uMhlathuze | C66: 45831.885 | D66: 34319.945 | E66: 62786.311 | F66: 61397.311 | G66: 1000805 | H66: 824293 | I66: 1220160.8 | J66: 1078686 | K66: 1321992 | L66: 1081969 | M66: 1800114 | N66: 1645308 | O66: 1729077.3 | P66: 1759793 | Q66: 1849316.3 | S66: 2083935.3 | U66: 2572119.4
A67: B | B67: Ntambanana | C67: 5912 | D67: 5912 | E67: 7018.32 | F67: 6776.32 | G67: 9684.749 | H67: 14549 | I67: 12028.461 | J67: 20114 | K67: 17312 | L67: 17977 | M67: 16791 | N67: 18933 | O67: 27380.308 | P67: 42834 | Q67: 22787.981 | S67: - | U67: -
A68: B | B68: Umlalazi | C68: 18748.548 | D68: 19107.176 | E68: 21863.12 | F68: 21863.12 | G68: 86469.947 | H68: 75163 | I68: 103413.57 | J68: 100906 | K68: 141445 | L68: 119375 | M68: 148124 | N68: 137382 | O68: 199083.18 | P68: 178626 | Q68: 206385.09 | S68: 228272.44 | U68: 250402.82
A69: B | B69: Mthonjaneni | C69: 8326.009 | D69: 9534.0898 | E69: 10032.655 | F69: 9926.6548 | G69: 24008.729 | H69: 23785 | I69: 29842.712 | J69: 29275 | K69: 35134 | L69: 37482 | M69: 39482 | N69: 42121 | O69: 52482.152 | P69: 48896 | Q69: 72699.61 | S69: - | U69: -
A70: B | B70: Nkandla | C70: 12828.266 | D70: 12954.05 | E70: 15190.399 | F70: 14940.399 | G70: 47503.561 | H70: 29164 | I70: 38428 | J70: 27737 | K70: 39767 | L70: 47067 | M70: 30834 | N70: 44630 | O70: 63739.856 | P70: 43814 | Q70: 76706.693 | S70: 87215.246 | U70: 99999.674
A71: C | B71: uThungulu District Municipality | C71: 107555.21 | D71: 146815.72 | E71: 108792 | F71: 100920 | G71: 289573 | H71: 273994 | I71: 342584 | J71: 281407 | K71: 341607 | L71: 376256 | M71: 668767 | N71: 481983 | O71: 621588.9 | P71: 650862 | Q71: 502069.31 | S71: 574227.47 | U71: 701473.24
A72: Total: uThungulu Municipalities | C72: 206743.92 | D72: 236184.98 | E72: 235519.8 | F72: 225418.8 | G72: =SUM(G65:G71) -> 1475289.7 | H72: =SUM(H65:H71) -> 1256672 | I72: =SUM(I65:I71) -> 1792847 | J72: =SUM(J65:J71) -> 1583326 | K72: =SUM(K65:K71) -> 1949382 | L72: =SUM(L65:L71) -> 1733612 | M72: =SUM(M65:M71) -> 2761640 | N72: =SUM(N65:N71) -> 2407289 | ... Q72: =SUM(Q65:Q71) -> 2782560.1 | S72: =SUM(S65:S71) -> 3033651.1 | U72: =SUM(U65:U71) -> 3690995.2
A74: B | B74: eNdondakusuka | C74: 16544.492 | D74: 15600.989 | E74: 20197.766 | F74: 20197.766 | G74: 54438.66 | H74: 51330 | I74: 108568.77 | J74: 63322 | K74: 140574 | L74: 93614 | M74: 62275 | N74: 97325 | O74: 96854.12 | P74: 159899 | Q74: 168071 | S74: 189764 | U74: 202402
A75: B | B75: KwaDukuza | C75: 24844.88 | D75: 24372.27 | E75: 36488.3 | F75: 36488.3 | G75: 323807.35 | H75: 473462 | I75: 498622.32 | J75: 395678 | K75: 701103 | L75: 471976 | M75: 846178 | N75: 525315 | O75: 895752.52 | P75: 641711 | Q75: 958193.04 | S75: 1080743.8 | U75: 1279565.2
A76: B | B76: Ndwedwe | C76: 16635.484 | D76: 16993.738 | E76: 22925.989 | F76: 22704.989 | G76: 37391.445 | H76: 21582 | I76: 52389 | J76: 33122 | K76: 39795 | L76: 46907 | M76: 36215 | N76: 56851 | O76: 75237.71 | P76: 74433 | Q76: 133153.8 | S76: 145941.11 | U76: 106960.22
A77: B | B77: Maphumulo | C77: 13725.73 | D77: 13754.349 | E77: 17262.261 | F77: 17012.261 | G77: 45173.575 | H77: 22999 | I77: 34136.376 | J77: 28887 | K77: 36814 | L77: 27160 | M77: 31818 | N77: 44557 | O77: 57125.579 | P77: 69938 | Q77: 20343 | S77: - | U77: -
A78: C | B78: iLembe District Municipality | C78: 92239.548 | D78: 98723.97 | E78: 115397.23 | F78: 98773.225 | G78: 282203.41 | H78: 235861 | I78: 213672 | J78: 249836 | K78: 280179 | L78: 261222 | M78: 360465 | N78: 365372 | O78: 548437.57 | P78: 565472 | Q78: 579489.63 | S78: 345537.3 | U78: 373011.71
A79: Total: iLembe Municipalities | C79: 163990.13 | D79: 169445.32 | E79: 212271.54 | F79: 195176.54 | G79: =SUM(G74:G78) -> 743014.44 | H79: =SUM(H74:H78) -> 805234 | I79: =SUM(I74:I78) -> 907388.47 | J79: =SUM(J74:J78) -> 770845 | K79: =SUM(K74:K78) -> 1198465 | L79: =SUM(L74:L78) -> 900879 | M79: =SUM(M74:M78) -> 1336951 | N79: =SUM(N74:N78) -> 1089420 | ... Q79: =SUM(Q74:Q78) -> 1859250.5 | S79: =SUM(S74:S78) -> 1761986.2 | U79: =SUM(U74:U78) -> 1961939.2
A81: B | B81: Ingwe | C81: 15009.089 | D81: 12964.194 | E81: 17161.227 | F81: 16911.227 | G81: 16173.458 | H81: 19451 | I81: 33416.692 | J81: 38288 | K81: 43914 | L81: 35679 | M81: 80662 | N81: 50301 | O81: 57848.764 | P81: 64957 | Q81: 69042.52 | S81: 73123.394 | U81: 74089.948
A82: B | B82: Kwa Sani | C82: 3891.5052 | D82: 4260.6891 | E82: 8240.9594 | F82: 7990.9594 | G82: 51028.287 | H82: 19351 | I82: 57618.509 | J82: 26153 | K82: 54752 | L82: 35041 | M82: 72601 | N82: 44687 | O82: 29434.691 | P82: 73824 | Q82: 40242.785 | S82: 48446.143 | U82: 56365.841
A83: B | B83: Greater Kokstad | C83: 15269.762 | D83: 14810.918 | E83: 22753.153 | F83: 17280.153 | G83: 97148.054 | H83: 89866 | I83: 123791.35 | J83: 141646 | K83: 136999 | L83: 139886 | M83: 183306 | N83: 176776 | O83: 270483.54 | P83: 220706 | Q83: 397074.49 | S83: 410379.55 | U83: 392746.18
A84: B | B84: Ubuhlebezwe | C84: 15209.804 | D84: 16140.61 | E84: 19801.788 | F84: 19551.788 | G84: 47205.937 | H84: 23216 | I84: 37316.534 | J84: 29645 | K84: 79987 | L84: 28480 | M84: 94256 | N84: 29930 | O84: 72062.269 | P84: 57907 | Q84: 96005.383 | S84: 95095.437 | U84: 107625.67
A85: B | B85: Umzimkhulu | C85: 35666.051 | D85: 34060.43 | E85: 50364.093 | F85: 48614.093 | G85: 71233.33 | H85: 52357 | I85: 67437.986 | J85: 46663 | K85: 74758 | L85: 67370 | M85: 134305 | N85: 78343 | O85: 153153.76 | P85: 115365 | Q85: 116809.52 | S85: - | U85: -
A86: C | B86: Sisonke District Municipality | C86: 62512 | D86: 82409 | E86: 66732 | F86: 59506 | G86: 113806.28 | H86: 112174 | I86: 157143.39 | J86: 158834 | K86: 201118 | L86: 211450 | M86: 261011 | N86: 254698 | O86: 528608.22 | P86: 408204 | Q86: 488188.59 | S86: 452545.09 | U86: 492587.3
A87: Total: Sisonke Municipalities | C87: 147558.21 | D87: 164645.84 | E87: 185053.22 | F87: 169854.22 | G87: =SUM(G81:G86) -> 396595.35 | H87: =SUM(H81:H86) -> 316415 | I87: =SUM(I81:I86) -> 476724.47 | J87: =SUM(J81:J86) -> 441229 | K87: =SUM(K81:K86) -> 591528 | L87: =SUM(L81:L86) -> 517906 | M87: =SUM(M81:M86) -> 826141 | N87: =SUM(N81:N86) -> 634735 | ... Q87: =SUM(Q81:Q86) -> 1207363.3 | S87: =SUM(S81:S86) -> 1079589.6 | U87: =SUM(U81:U86) -> 1123414.9
A89: Unallocated | C89: 11789.313 | D89: 11360.464 | E89: 1988.16 | F89: 1988.16 | G89: 0 | H89: 0 | I89: 0 | J89: 0 | K89: 0 | L89: 0 | M89: 0 | N89: 0 | O89: 0 | P89: 0 | Q89: 0 | S89: 0 | U89: 0
A91: Total: KwaZulu-Natal Municipalities | C91: 2601946 | D91: 2688575.4 | E91: 3019289.1 | F91: 2731212.2 | G91: =G89+G87+G79+G72+G63+G55+G47+G41+G34+G26+G16+G7 -> 20170201 | H91: =H89+H87+H79+H72+H63+H55+H47+H41+H34+H26+H16+H7 -> 19905237 | I91: =I89+I87+I79+I72+I63+I55+I47+I41+I34+I26+I16+I7 -> 22605344 | J91: =J89+J87+J79+J72+J63+J55+J47+J41+J34+J26+J16+J7 -> 22655215 | K91: =K89+K87+K79+K72+K63+K55+K47+K41+K34+K26+K16+K7 -> 27119226 | L91: =L89+L87+L79+L72+L63+L55+L47+L41+L34+L26+L16+L7 -> 26594589 | M91: =M89+M87+M79+M72+M63+M55+M47+M41+M34+M26+M16+M7 -> 34864692 | N91: =N89+N87+N79+N72+N63+N55+N47+N41+N34+N26+N16+N7 -> 34218763 | ... Q91: =Q89+Q87+Q79+Q72+Q63+Q55+Q47+Q41+Q34+Q26+Q16+Q7 -> 43923940 | S91: =S89+S87+S79+S72+S63+S55+S47+S41+S34+S26+S16+S7 -> 46071668 | U91: =U89+U87+U79+U72+U63+U55+U47+U41+U34+U26+U16+U7 -> 50865956

Sheet Conditional Grants %
C2: TOTAL 2003/04 | E2: TOTAL 2004/05 | G2: TOTAL 2005/06 | I2: TOTAL 2006/07 | K2: TOTAL 2007/08 | M2: TOTAL 2008/09 | O2: TOTAL 2009/10 | Q2: TOTAL 2010/11 | S2: TOTAL 2011/12 | U2: TOTAL 2012/13
Q3: Medium-Term Estimates
A4: Number | B4: Municipality | C4: Revised alliocation | D4: Actual Expenditure | E4: Revised alliocation | F4: Actual Expenditure | G4: Revised alliocation | H4: Actual Expenditure | I4: Revised alliocation | J4: Actual Expenditure | K4: Revised alliocation | L4: Actual Expenditure | M4: Revised alliocation | N4: Actual Expenditure | O4: Revised alliocation | P4: Actual Expenditure | Q4: Revised alliocation | R4: Actual Expenditure | S4: Revised alliocation | T4: Actual Expenditure | U4: Revised alliocation | V4: Actual Expenditure
A7: A | B7: eThekwini | C7: ='Conditional Grants'!C7/'Conditional Grants %'!C$89*100 -> 22.247083 | D7: ='Conditional Grants'!D7/'Conditional Grants %'!D$89*100 -> 19.759728 | E7: ='Conditional Grants'!E7/'Conditional Grants %'!E$89*100 -> 23.353071 | F7: ='Conditional Grants'!F7/'Conditional Grants %'!F$89*100 -> 24.270275 | G7: ='Conditional Grants'!G7/'Conditional Grants'!G$91*100 -> 59.633858 | H7: ='Conditional Grants'!H7/'Conditional Grants'!H$91*100 -> 56.919835 | I7: ='Conditional Grants'!I7/'Conditional Grants'!I$91*100 -> 55.510046 | J7: ='Conditional Grants'!J7/'Conditional Grants'!J$91*100 -> 59.918014 | K7: ='Conditional Grants'!K7/'Conditional Grants'!K$91*100 -> 56.617044 | L7: ='Conditional Grants'!L7/'Conditional Grants'!L$91*100 -> 59.98671 | M7: ='Conditional Grants'!M7/'Conditional Grants'!M$91*100 -> 59.381876 | N7: ='Conditional Grants'!N7/'Conditional Grants'!N$91*100 -> 59.683341 | ... Q7: ='Conditional Grants'!Q7/'Conditional Grants'!Q$91*100 -> 58.947717 | S7: ='Conditional Grants'!S7/'Conditional Grants'!S$91*100 -> 62.290832 | U7: ='Conditional Grants'!U7/'Conditional Grants'!U$91*100 -> 62.055182
A9: B | B9: Vulamehlo | C9: ='Conditional Grants'!C9/'Conditional Grants %'!C$89*100 -> 0.45100738 | D9: ='Conditional Grants'!D9/'Conditional Grants %'!D$89*100 -> 0.43861667 | E9: ='Conditional Grants'!E9/'Conditional Grants %'!E$89*100 -> 0.81911526 | F9: ='Conditional Grants'!F9/'Conditional Grants %'!F$89*100 -> 0.90551212 | G9: ='Conditional Grants'!G9/'Conditional Grants'!G$91*100 -> 0.1888568 | H9: ='Conditional Grants'!H9/'Conditional Grants'!H$91*100 -> 0.13725031 | I9: ='Conditional Grants'!I9/'Conditional Grants'!I$91*100 -> 0.16084997 | J9: ='Conditional Grants'!J9/'Conditional Grants'!J$91*100 -> 0.16309269 | K9: ='Conditional Grants'!K9/'Conditional Grants'!K$91*100 -> 0.139768 | L9: ='Conditional Grants'!L9/'Conditional Grants'!L$91*100 -> 0.094643313 | M9: ='Conditional Grants'!M9/'Conditional Grants'!M$91*100 -> 0.12999971 | N9: ='Conditional Grants'!N9/'Conditional Grants'!N$91*100 -> 0.16989217 | ... Q9: ='Conditional Grants'!Q9/'Conditional Grants'!Q$91*100 -> 0.11648661 | S9: ='Conditional Grants'!S9/'Conditional Grants'!S$91*100 -> 0.067476487 | U9: ='Conditional Grants'!U9/'Conditional Grants'!U$91*100 -> 0.066859145
A10: B | B10: Umdoni | C10: ='Conditional Grants'!C10/'Conditional Grants %'!C$89*100 -> 0.19678891 | D10: ='Conditional Grants'!D10/'Conditional Grants %'!D$89*100 -> 0.15971009 | E10: ='Conditional Grants'!E10/'Conditional Grants %'!E$89*100 -> 0.16736882 | F10: ='Conditional Grants'!F10/'Conditional Grants %'!F$89*100 -> 0.18502218 | G10: ='Conditional Grants'!G10/'Conditional Grants'!G$91*100 -> 0.32053639 | H10: ='Conditional Grants'!H10/'Conditional Grants'!H$91*100 -> 0.29545993 | I10: ='Conditional Grants'!I10/'Conditional Grants'!I$91*100 -> 0.39079256 | J10: ='Conditional Grants'!J10/'Conditional Grants'!J$91*100 -> 0.37989929 | K10: ='Conditional Grants'!K10/'Conditional Grants'!K$91*100 -> 0.5100883 | L10: ='Conditional Grants'!L10/'Conditional Grants'!L$91*100 -> 0.39259114 | M10: ='Conditional Grants'!M10/'Conditional Grants'!M$91*100 -> 0.37434434 | N10: ='Conditional Grants'!N10/'Conditional Grants'!N$91*100 -> 0.50158061 | ... Q10: ='Conditional Grants'!Q10/'Conditional Grants'!Q$91*100 -> 1.1177717 | S10: ='Conditional Grants'!S10/'Conditional Grants'!S$91*100 -> 0.54103123 | U10: ='Conditional Grants'!U10/'Conditional Grants'!U$91*100 -> 0.53904093
A11: B | B11: Umzumbe | C11: ='Conditional Grants'!C11/'Conditional Grants %'!C$89*100 -> 0.80999154 | D11: ='Conditional Grants'!D11/'Conditional Grants %'!D$89*100 -> 0.81330025 | E11: ='Conditional Grants'!E11/'Conditional Grants %'!E$89*100 -> 1.0267793 | F11: ='Conditional Grants'!F11/'Conditional Grants %'!F$89*100 -> 0.94284141 | G11: ='Conditional Grants'!G11/'Conditional Grants'!G$91*100 -> 0.20934268 | H11: ='Conditional Grants'!H11/'Conditional Grants'!H$91*100 -> 0.15140237 | I11: ='Conditional Grants'!I11/'Conditional Grants'!I$91*100 -> 0.31514325 | J11: ='Conditional Grants'!J11/'Conditional Grants'!J$91*100 -> 0.13777843 | K11: ='Conditional Grants'!K11/'Conditional Grants'!K$91*100 -> 0.21234751 | L11: ='Conditional Grants'!L11/'Conditional Grants'!L$91*100 -> 0.21955594 | M11: ='Conditional Grants'!M11/'Conditional Grants'!M$91*100 -> 0.20227054 | N11: ='Conditional Grants'!N11/'Conditional Grants'!N$91*100 -> 0.22274914 | ... Q11: ='Conditional Grants'!Q11/'Conditional Grants'!Q$91*100 -> 0.19768035 | S11: ='Conditional Grants'!S11/'Conditional Grants'!S$91*100 -> 0.20354227 | U11: ='Conditional Grants'!U11/'Conditional Grants'!U$91*100 -> 0.19910634
A12: B | B12: uMuziwabantu | C12: ='Conditional Grants'!C12/'Conditional Grants %'!C$89*100 -> 0.797148 | D12: ='Conditional Grants'!D12/'Conditional Grants %'!D$89*100 -> 0.83527899 | E12: ='Conditional Grants'!E12/'Conditional Grants %'!E$89*100 -> 0.97239746 | F12: ='Conditional Grants'!F12/'Conditional Grants %'!F$89*100 -> 0.85185617 | G12: ='Conditional Grants'!G12/'Conditional Grants'!G$91*100 -> 0.19186721 | H12: ='Conditional Grants'!H12/'Conditional Grants'!H$91*100 -> 0.15353748 | I12: ='Conditional Grants'!I12/'Conditional Grants'!I$91*100 -> 0.21145442 | J12: ='Conditional Grants'!J12/'Conditional Grants'!J$91*100 -> 0.20593934 | K12: ='Conditional Grants'!K12/'Conditional Grants'!K$91*100 -> 0.19448564 | L12: ='Conditional Grants'!L12/'Conditional Grants'!L$91*100 -> 0.24769324 | M12: ='Conditional Grants'!M12/'Conditional Grants'!M$91*100 -> 0.1998268 | N12: ='Conditional Grants'!N12/'Conditional Grants'!N$91*100 -> 0.19925618 | ... Q12: ='Conditional Grants'!Q12/'Conditional Grants'!Q$91*100 -> 0.2476985 | S12: ='Conditional Grants'!S12/'Conditional Grants'!S$91*100 -> 0.19081613 | U12: ='Conditional Grants'!U12/'Conditional Grants'!U$91*100 -> 0.18142064
A13: B | B13: Ezinqolweni | C13: ='Conditional Grants'!C13/'Conditional Grants %'!C$89*100 -> 0.64707022 | D13: ='Conditional Grants'!D13/'Conditional Grants %'!D$89*100 -> 0.69939856 | E13: ='Conditional Grants'!E13/'Conditional Grants %'!E$89*100 -> 0.36855334 | F13: ='Conditional Grants'!F13/'Conditional Grants %'!F$89*100 -> 0.39827337 | G13: ='Conditional Grants'!G13/'Conditional Grants'!G$91*100 -> 0.076104742 | H13: ='Conditional Grants'!H13/'Conditional Grants'!H$91*100 -> 0.095155863 | I13: ='Conditional Grants'!I13/'Conditional Grants'!I$91*100 -> 0.049599223 | J13: ='Conditional Grants'!J13/'Conditional Grants'!J$91*100 -> 0.075845672 | K13: ='Conditional Grants'!K13/'Conditional Grants'!K$91*100 -> 0.05008255 | L13: ='Conditional Grants'!L13/'Conditional Grants'!L$91*100 -> 0.057331211 | M13: ='Conditional Grants'!M13/'Conditional Grants'!M$91*100 -> 0.068771581 | N13: ='Conditional Grants'!N13/'Conditional Grants'!N$91*100 -> 0.068909563 | ... Q13: ='Conditional Grants'!Q13/'Conditional Grants'!Q$91*100 -> 0.061128184 | S13: ='Conditional Grants'!S13/'Conditional Grants'!S$91*100 -> 0.065472431 | U13: ='Conditional Grants'!U13/'Conditional Grants'!U$91*100 -> 0.067207863
A14: B | B14: Hibiscus Coast | C14: ='Conditional Grants'!C14/'Conditional Grants %'!C$89*100 -> 0.65716736 | D14: ='Conditional Grants'!D14/'Conditional Grants %'!D$89*100 -> 0.57161076 | E14: ='Conditional Grants'!E14/'Conditional Grants %'!E$89*100 -> 0.75629198 | F14: ='Conditional Grants'!F14/'Conditional Grants %'!F$89*100 -> 0.8360625 | G14: ='Conditional Grants'!G14/'Conditional Grants'!G$91*100 -> 1.6134489 | H14: ='Conditional Grants'!H14/'Conditional Grants'!H$91*100 -> 1.3261987 | I14: ='Conditional Grants'!I14/'Conditional Grants'!I$91*100 -> 1.5172011 | J14: ='Conditional Grants'!J14/'Conditional Grants'!J$91*100 -> 1.3754935 | K14: ='Conditional Grants'!K14/'Conditional Grants'!K$91*100 -> 1.5075246 | L14: ='Conditional Grants'!L14/'Conditional Grants'!L$91*100 -> 1.3778517 | M14: ='Conditional Grants'!M14/'Conditional Grants'!M$91*100 -> 1.3465026 | N14: ='Conditional Grants'!N14/'Conditional Grants'!N$91*100 -> 1.3149628 | ... Q14: ='Conditional Grants'!Q14/'Conditional Grants'!Q$91*100 -> 1.5951975 | S14: ='Conditional Grants'!S14/'Conditional Grants'!S$91*100 -> 1.0517987 | U14: ='Conditional Grants'!U14/'Conditional Grants'!U$91*100 -> 1.0288762
A15: C | B15: Ugu District Municipality | C15: ='Conditional Grants'!C15/'Conditional Grants %'!C$89*100 -> 5.3553705 | D15: ='Conditional Grants'!D15/'Conditional Grants %'!D$89*100 -> 5.3481215 | E15: ='Conditional Grants'!E15/'Conditional Grants %'!E$89*100 -> 5.3416868 | F15: ='Conditional Grants'!F15/'Conditional Grants %'!F$89*100 -> 5.5422996 | G15: ='Conditional Grants'!G15/'Conditional Grants'!G$91*100 -> 2.2134139 | H15: ='Conditional Grants'!H15/'Conditional Grants'!H$91*100 -> 2.2647055 | I15: ='Conditional Grants'!I15/'Conditional Grants'!I$91*100 -> 3.0267121 | J15: ='Conditional Grants'!J15/'Conditional Grants'!J$91*100 -> 2.054154 | K15: ='Conditional Grants'!K15/'Conditional Grants'!K$91*100 -> 3.9307022 | L15: ='Conditional Grants'!L15/'Conditional Grants'!L$91*100 -> 2.3883279 | M15: ='Conditional Grants'!M15/'Conditional Grants'!M$91*100 -> 2.4712107 | N15: ='Conditional Grants'!N15/'Conditional Grants'!N$91*100 -> 2.6022449 | ... Q15: ='Conditional Grants'!Q15/'Conditional Grants'!Q$91*100 -> 2.3505037 | S15: ='Conditional Grants'!S15/'Conditional Grants'!S$91*100 -> 2.3529765 | U15: ='Conditional Grants'!U15/'Conditional Grants'!U$91*100 -> 2.2377606
A16: Total: Ugu Municipalities | C16: ='Conditional Grants'!C16/'Conditional Grants %'!C$89*100 -> 8.9145439 | D16: ='Conditional Grants'!D16/'Conditional Grants %'!D$89*100 -> 8.8660368 | E16: ='Conditional Grants'!E16/'Conditional Grants %'!E$89*100 -> 9.452193 | F16: ='Conditional Grants'!F16/'Conditional Grants %'!F$89*100 -> 9.6618674 | G16: ='Conditional Grants'!G16/'Conditional Grants'!G$91*100 -> 4.8135706 | H16: ='Conditional Grants'!H16/'Conditional Grants'!H$91*100 -> 4.4237102 | I16: ='Conditional Grants'!I16/'Conditional Grants'!I$91*100 -> 5.6717526 | J16: ='Conditional Grants'!J16/'Conditional Grants'!J$91*100 -> 4.3922029 | K16: ='Conditional Grants'!K16/'Conditional Grants'!K$91*100 -> 6.5449987 | L16: ='Conditional Grants'!L16/'Conditional Grants'!L$91*100 -> 4.7779945 | M16: ='Conditional Grants'!M16/'Conditional Grants'!M$91*100 -> 4.7929263 | N16: ='Conditional Grants'!N16/'Conditional Grants'!N$91*100 -> 5.0795953 | ... Q16: ='Conditional Grants'!Q16/'Conditional Grants'!Q$91*100 -> 5.6864667 | S16: ='Conditional Grants'!S16/'Conditional Grants'!S$91*100 -> 4.4731138 | U16: ='Conditional Grants'!U16/'Conditional Grants'!U$91*100 -> 4.3202717
A18: B | B18: uMshwathi | C18: ='Conditional Grants'!C18/'Conditional Grants %'!C$89*100 -> 0.59927731 | D18: ='Conditional Grants'!D18/'Conditional Grants %'!D$89*100 -> 0.61842591 | E18: ='Conditional Grants'!E18/'Conditional Grants %'!E$89*100 -> 0.72371788 | F18: ='Conditional Grants'!F18/'Conditional Grants %'!F$89*100 -> 0.79089917 | G18: ='Conditional Grants'!G18/'Conditional Grants'!G$91*100 -> 0.14680632 | H18: ='Conditional Grants'!H18/'Conditional Grants'!H$91*100 -> 0.13050334 | I18: ='Conditional Grants'!I18/'Conditional Grants'!I$91*100 -> 0.14796011 | J18: ='Conditional Grants'!J18/'Conditional Grants'!J$91*100 -> 0.20989869 | K18: ='Conditional Grants'!K18/'Conditional Grants'!K$91*100 -> 0.23736666 | L18: ='Conditional Grants'!L18/'Conditional Grants'!L$91*100 -> 0.29832384 | M18: ='Conditional Grants'!M18/'Conditional Grants'!M$91*100 -> 0.28490428 | N18: ='Conditional Grants'!N18/'Conditional Grants'!N$91*100 -> 0.18095628 | ... Q18: ='Conditional Grants'!Q18/'Conditional Grants'!Q$91*100 -> 0.23570163 | S18: ='Conditional Grants'!S18/'Conditional Grants'!S$91*100 -> 0.18372505 | U18: ='Conditional Grants'!U18/'Conditional Grants'!U$91*100 -> 0.18017893
A19: B | B19: uMngeni | C19: ='Conditional Grants'!C19/'Conditional Grants %'!C$89*100 -> 0.46411417 | D19: ='Conditional Grants'!D19/'Conditional Grants %'!D$89*100 -> 0.38152141 | E19: ='Conditional Grants'!E19/'Conditional Grants %'!E$89*100 -> 0.32274979 | F19: ='Conditional Grants'!F19/'Conditional Grants %'!F$89*100 -> 0.33409155 | G19: ='Conditional Grants'!G19/'Conditional Grants'!G$91*100 -> 0.87140353 | H19: ='Conditional Grants'!H19/'Conditional Grants'!H$91*100 -> 0.91715562 | I19: ='Conditional Grants'!I19/'Conditional Grants'!I$91*100 -> 0.91399089 | J19: ='Conditional Grants'!J19/'Conditional Grants'!J$91*100 -> 0.84274636 | K19: ='Conditional Grants'!K19/'Conditional Grants'!K$91*100 -> 0.79228294 | L19: ='Conditional Grants'!L19/'Conditional Grants'!L$91*100 -> 0.61462503 | M19: ='Conditional Grants'!M19/'Conditional Grants'!M$91*100 -> 0.80520717 | N19: ='Conditional Grants'!N19/'Conditional Grants'!N$91*100 -> 0.54843888 | ... Q19: ='Conditional Grants'!Q19/'Conditional Grants'!Q$91*100 -> 0.57506256 | S19: ='Conditional Grants'!S19/'Conditional Grants'!S$91*100 -> 0.54321357 | U19: ='Conditional Grants'!U19/'Conditional Grants'!U$91*100 -> 0.52349029
A20: B | B20: Mooi Mpofana | C20: ='Conditional Grants'!C20/'Conditional Grants %'!C$89*100 -> 0.21006054 | D20: ='Conditional Grants'!D20/'Conditional Grants %'!D$89*100 -> 0.15940979 | E20: ='Conditional Grants'!E20/'Conditional Grants %'!E$89*100 -> 0.17550156 | F20: ='Conditional Grants'!F20/'Conditional Grants %'!F$89*100 -> 0.18485929 | G20: ='Conditional Grants'!G20/'Conditional Grants'!G$91*100 -> 0.14355056 | H20: ='Conditional Grants'!H20/'Conditional Grants'!H$91*100 -> 0.1294383 | I20: ='Conditional Grants'!I20/'Conditional Grants'!I$91*100 -> 0.38129152 | J20: ='Conditional Grants'!J20/'Conditional Grants'!J$91*100 -> 0.12982883 | K20: ='Conditional Grants'!K20/'Conditional Grants'!K$91*100 -> 0.36693894 | L20: ='Conditional Grants'!L20/'Conditional Grants'!L$91*100 -> 0.14527391 | M20: ='Conditional Grants'!M20/'Conditional Grants'!M$91*100 -> 0.21092112 | N20: ='Conditional Grants'!N20/'Conditional Grants'!N$91*100 -> 0.23550238 | ... Q20: ='Conditional Grants'!Q20/'Conditional Grants'!Q$91*100 -> 0.19891431 | S20: ='Conditional Grants'!S20/'Conditional Grants'!S$91*100 -> 0.17669645 | U20: ='Conditional Grants'!U20/'Conditional Grants'!U$91*100 -> 0.17730916
A21: B | B21: Impendle | C21: ='Conditional Grants'!C21/'Conditional Grants %'!C$89*100 -> 0.31382227 | D21: ='Conditional Grants'!D21/'Conditional Grants %'!D$89*100 -> 0.33218506 | E21: ='Conditional Grants'!E21/'Conditional Grants %'!E$89*100 -> 0.19393596 | F21: ='Conditional Grants'!F21/'Conditional Grants %'!F$89*100 -> 0.20523807 | G21: ='Conditional Grants'!G21/'Conditional Grants'!G$91*100 -> 0.077821601 | H21: ='Conditional Grants'!H21/'Conditional Grants'!H$91*100 -> 0.032699937 | I21: ='Conditional Grants'!I21/'Conditional Grants'!I$91*100 -> 0.077276909 | J21: ='Conditional Grants'!J21/'Conditional Grants'!J$91*100 -> 0.03205443 | K21: ='Conditional Grants'!K21/'Conditional Grants'!K$91*100 -> 0.044916474 | L21: ='Conditional Grants'!L21/'Conditional Grants'!L$91*100 -> 0.032694621 | M21: ='Conditional Grants'!M21/'Conditional Grants'!M$91*100 -> 0.06411931 | N21: ='Conditional Grants'!N21/'Conditional Grants'!N$91*100 -> 0.082317412 | ... Q21: ='Conditional Grants'!Q21/'Conditional Grants'!Q$91*100 -> 0.073225633 | S21: ='Conditional Grants'!S21/'Conditional Grants'!S$91*100 -> 0.074460289 | U21: ='Conditional Grants'!U21/'Conditional Grants'!U$91*100 -> 0.071488673
A22: B | B22: Msunduzi | C22: ='Conditional Grants'!C22/'Conditional Grants %'!C$89*100 -> 7.0853964 | D22: ='Conditional Grants'!D22/'Conditional Grants %'!D$89*100 -> 5.1017309 | E22: ='Conditional Grants'!E22/'Conditional Grants %'!E$89*100 -> 5.6448884 | F22: ='Conditional Grants'!F22/'Conditional Grants %'!F$89*100 -> 4.6708015 | G22: ='Conditional Grants'!G22/'Conditional Grants'!G$91*100 -> 7.0138661 | H22: ='Conditional Grants'!H22/'Conditional Grants'!H$91*100 -> 8.1460773 | I22: ='Conditional Grants'!I22/'Conditional Grants'!I$91*100 -> 8.9491599 | J22: ='Conditional Grants'!J22/'Conditional Grants'!J$91*100 -> 6.7365549 | K22: ='Conditional Grants'!K22/'Conditional Grants'!K$91*100 -> 7.5041559 | L22: ='Conditional Grants'!L22/'Conditional Grants'!L$91*100 -> 7.242823 | M22: ='Conditional Grants'!M22/'Conditional Grants'!M$91*100 -> 6.5005995 | N22: ='Conditional Grants'!N22/'Conditional Grants'!N$91*100 -> 6.9703455 | ... Q22: ='Conditional Grants'!Q22/'Conditional Grants'!Q$91*100 -> 6.1110947 | S22: ='Conditional Grants'!S22/'Conditional Grants'!S$91*100 -> 6.478607 | U22: ='Conditional Grants'!U22/'Conditional Grants'!U$91*100 -> 6.4999045
A23: B | B23: Mkhambathini | C23: ='Conditional Grants'!C23/'Conditional Grants %'!C$89*100 -> 0.26793917 | D23: ='Conditional Grants'!D23/'Conditional Grants %'!D$89*100 -> 0.29371402 | E23: ='Conditional Grants'!E23/'Conditional Grants %'!E$89*100 -> 0.40438908 | F23: ='Conditional Grants'!F23/'Conditional Grants %'!F$89*100 -> 0.43788891 | G23: ='Conditional Grants'!G23/'Conditional Grants'!G$91*100 -> 0.12036368 | H23: ='Conditional Grants'!H23/'Conditional Grants'!H$91*100 -> 0.10019976 | I23: ='Conditional Grants'!I23/'Conditional Grants'!I$91*100 -> 0.11888398 | J23: ='Conditional Grants'!J23/'Conditional Grants'!J$91*100 -> 0.097752328 | K23: ='Conditional Grants'!K23/'Conditional Grants'!K$91*100 -> 0.1480942 | L23: ='Conditional Grants'!L23/'Conditional Grants'!L$91*100 -> 0.11233112 | M23: ='Conditional Grants'!M23/'Conditional Grants'!M$91*100 -> 0.11326072 | N23: ='Conditional Grants'!N23/'Conditional Grants'!N$91*100 -> 0.10093293 | ... Q23: ='Conditional Grants'!Q23/'Conditional Grants'!Q$91*100 -> 0.086199954 | S23: ='Conditional Grants'!S23/'Conditional Grants'!S$91*100 -> 0.085970547 | U23: ='Conditional Grants'!U23/'Conditional Grants'!U$91*100 -> 0.086090302
A24: B | B24: Richmond | C24: ='Conditional Grants'!C24/'Conditional Grants %'!C$89*100 -> 0.30125553 | D24: ='Conditional Grants'!D24/'Conditional Grants %'!D$89*100 -> 0.30126368 | E24: ='Conditional Grants'!E24/'Conditional Grants %'!E$89*100 -> 0.34681811 | F24: ='Conditional Grants'!F24/'Conditional Grants %'!F$89*100 -> 0.3742456 | G24: ='Conditional Grants'!G24/'Conditional Grants'!G$91*100 -> 0.12757017 | H24: ='Conditional Grants'!H24/'Conditional Grants'!H$91*100 -> 0.11486927 | I24: ='Conditional Grants'!I24/'Conditional Grants'!I$91*100 -> 0.33831944 | J24: ='Conditional Grants'!J24/'Conditional Grants'!J$91*100 -> 0.1287474 | K24: ='Conditional Grants'!K24/'Conditional Grants'!K$91*100 -> 0.18868901 | L24: ='Conditional Grants'!L24/'Conditional Grants'!L$91*100 -> 0.14546568 | M24: ='Conditional Grants'!M24/'Conditional Grants'!M$91*100 -> 0.11313738 | N24: ='Conditional Grants'!N24/'Conditional Grants'!N$91*100 -> 0.10745859 | ... Q24: ='Conditional Grants'!Q24/'Conditional Grants'!Q$91*100 -> 0.142543 | S24: ='Conditional Grants'!S24/'Conditional Grants'!S$91*100 -> 0.14812255 | U24: ='Conditional Grants'!U24/'Conditional Grants'!U$91*100 -> 0.15080076
A25: C | B25: uMgungundlovu District Municipality | C25: ='Conditional Grants'!C25/'Conditional Grants %'!C$89*100 -> 5.3172894 | D25: ='Conditional Grants'!D25/'Conditional Grants %'!D$89*100 -> 8.0031686 | E25: ='Conditional Grants'!E25/'Conditional Grants %'!E$89*100 -> 2.790136 | F25: ='Conditional Grants'!F25/'Conditional Grants %'!F$89*100 -> 2.7730643 | G25: ='Conditional Grants'!G25/'Conditional Grants'!G$91*100 -> 1.3000917 | H25: ='Conditional Grants'!H25/'Conditional Grants'!H$91*100 -> 1.2991104 | I25: ='Conditional Grants'!I25/'Conditional Grants'!I$91*100 -> 0.98662059 | J25: ='Conditional Grants'!J25/'Conditional Grants'!J$91*100 -> 1.0715546 | K25: ='Conditional Grants'!K25/'Conditional Grants'!K$91*100 -> 1.0124441 | L25: ='Conditional Grants'!L25/'Conditional Grants'!L$91*100 -> 1.1108425 | M25: ='Conditional Grants'!M25/'Conditional Grants'!M$91*100 -> 1.0300249 | N25: ='Conditional Grants'!N25/'Conditional Grants'!N$91*100 -> 1.3183206 | ... Q25: ='Conditional Grants'!Q25/'Conditional Grants'!Q$91*100 -> 1.0061681 | S25: ='Conditional Grants'!S25/'Conditional Grants'!S$91*100 -> 1.0104818 | U25: ='Conditional Grants'!U25/'Conditional Grants'!U$91*100 -> 0.94754807
A26: Total: uMgungundlovu Municipalities | C26: ='Conditional Grants'!C26/'Conditional Grants %'!C$89*100 -> 14.559155 | D26: ='Conditional Grants'!D26/'Conditional Grants %'!D$89*100 -> 15.191419 | E26: ='Conditional Grants'!E26/'Conditional Grants %'!E$89*100 -> 10.602137 | F26: ='Conditional Grants'!F26/'Conditional Grants %'!F$89*100 -> 9.7710883 | G26: ='Conditional Grants'!G26/'Conditional Grants'!G$91*100 -> 9.8014737 | H26: ='Conditional Grants'!H26/'Conditional Grants'!H$91*100 -> 10.870054 | I26: ='Conditional Grants'!I26/'Conditional Grants'!I$91*100 -> 11.913503 | J26: ='Conditional Grants'!J26/'Conditional Grants'!J$91*100 -> 9.2491376 | K26: ='Conditional Grants'!K26/'Conditional Grants'!K$91*100 -> 10.294888 | L26: ='Conditional Grants'!L26/'Conditional Grants'!L$91*100 -> 9.7023797 | M26: ='Conditional Grants'!M26/'Conditional Grants'!M$91*100 -> 9.1221744 | N26: ='Conditional Grants'!N26/'Conditional Grants'!N$91*100 -> 9.5442725 | ... Q26: ='Conditional Grants'!Q26/'Conditional Grants'!Q$91*100 -> 8.4289099 | S26: ='Conditional Grants'!S26/'Conditional Grants'!S$91*100 -> 8.7012772 | U26: ='Conditional Grants'!U26/'Conditional Grants'!U$91*100 -> 8.6368106
A28: B | B28: Emnambithi/Ladysmith | C28: ='Conditional Grants'!C28/'Conditional Grants %'!C$89*100 -> 0.64427768 | D28: ='Conditional Grants'!D28/'Conditional Grants %'!D$89*100 -> 0.502065 | E28: ='Conditional Grants'!E28/'Conditional Grants %'!E$89*100 -> 0.92704309 | F28: ='Conditional Grants'!F28/'Conditional Grants %'!F$89*100 -> 0.9142135 | G28: ='Conditional Grants'!G28/'Conditional Grants'!G$91*100 -> 1.3294885 | H28: ='Conditional Grants'!H28/'Conditional Grants'!H$91*100 -> 1.4097295 | I28: ='Conditional Grants'!I28/'Conditional Grants'!I$91*100 -> 1.2759429 | J28: ='Conditional Grants'!J28/'Conditional Grants'!J$91*100 -> 1.3867845 | K28: ='Conditional Grants'!K28/'Conditional Grants'!K$91*100 -> 1.0309439 | L28: ='Conditional Grants'!L28/'Conditional Grants'!L$91*100 -> 1.2207258 | M28: ='Conditional Grants'!M28/'Conditional Grants'!M$91*100 -> 0.98579962 | N28: ='Conditional Grants'!N28/'Conditional Grants'!N$91*100 -> 1.0496464 | ... Q28: ='Conditional Grants'!Q28/'Conditional Grants'!Q$91*100 -> 1.2342746 | S28: ='Conditional Grants'!S28/'Conditional Grants'!S$91*100 -> 0.89514534 | U28: ='Conditional Grants'!U28/'Conditional Grants'!U$91*100 -> 0.84809723
A29: B | B29: Indaka | C29: ='Conditional Grants'!C29/'Conditional Grants %'!C$89*100 -> 0.44929526 | D29: ='Conditional Grants'!D29/'Conditional Grants %'!D$89*100 -> 0.38046206 | E29: ='Conditional Grants'!E29/'Conditional Grants %'!E$89*100 -> 0.5156986 | F29: ='Conditional Grants'!F29/'Conditional Grants %'!F$89*100 -> 0.56093889 | G29: ='Conditional Grants'!G29/'Conditional Grants'!G$91*100 -> 0.13867961 | H29: ='Conditional Grants'!H29/'Conditional Grants'!H$91*100 -> 0.13579843 | I29: ='Conditional Grants'!I29/'Conditional Grants'!I$91*100 -> 0.1233596 | J29: ='Conditional Grants'!J29/'Conditional Grants'!J$91*100 -> 0.10822232 | K29: ='Conditional Grants'!K29/'Conditional Grants'!K$91*100 -> 0.12812313 | L29: ='Conditional Grants'!L29/'Conditional Grants'!L$91*100 -> 0.11796761 | M29: ='Conditional Grants'!M29/'Conditional Grants'!M$91*100 -> 0.1035747 | N29: ='Conditional Grants'!N29/'Conditional Grants'!N$91*100 -> 0.11134827 | ... Q29: ='Conditional Grants'!Q29/'Conditional Grants'!Q$91*100 -> 0.16894377 | S29: - | U29: -
A30: B | B30: Umtshezi | C30: ='Conditional Grants'!C30/'Conditional Grants %'!C$89*100 -> 0.41150342 | D30: ='Conditional Grants'!D30/'Conditional Grants %'!D$89*100 -> 0.33297433 | E30: ='Conditional Grants'!E30/'Conditional Grants %'!E$89*100 -> 0.40540356 | F30: ='Conditional Grants'!F30/'Conditional Grants %'!F$89*100 -> 0.41605355 | G30: ='Conditional Grants'!G30/'Conditional Grants'!G$91*100 -> 0.52832216 | H30: ='Conditional Grants'!H30/'Conditional Grants'!H$91*100 -> 0.49730129 | I30: ='Conditional Grants'!I30/'Conditional Grants'!I$91*100 -> 0.47346569 | J30: ='Conditional Grants'!J30/'Conditional Grants'!J$91*100 -> 0.53805713 | K30: ='Conditional Grants'!K30/'Conditional Grants'!K$91*100 -> 0.427951 | L30: ='Conditional Grants'!L30/'Conditional Grants'!L$91*100 -> 0.46172926 | M30: ='Conditional Grants'!M30/'Conditional Grants'!M$91*100 -> 0.60869317 | N30: ='Conditional Grants'!N30/'Conditional Grants'!N$91*100 -> 0.53134299 | ... Q30: ='Conditional Grants'!Q30/'Conditional Grants'!Q$91*100 -> 0.53621406 | S30: ='Conditional Grants'!S30/'Conditional Grants'!S$91*100 -> 0.57111781 | U30: ='Conditional Grants'!U30/'Conditional Grants'!U$91*100 -> 0.60729813
A31: B | B31: Okhahlamba | C31: ='Conditional Grants'!C31/'Conditional Grants %'!C$89*100 -> 0.38924976 | D31: ='Conditional Grants'!D31/'Conditional Grants %'!D$89*100 -> 0.36449119 | E31: ='Conditional Grants'!E31/'Conditional Grants %'!E$89*100 -> 0.6327913 | F31: ='Conditional Grants'!F31/'Conditional Grants %'!F$89*100 -> 0.69038203 | G31: ='Conditional Grants'!G31/'Conditional Grants'!G$91*100 -> 0.16661436 | H31: ='Conditional Grants'!H31/'Conditional Grants'!H$91*100 -> 0.11162891 | I31: ='Conditional Grants'!I31/'Conditional Grants'!I$91*100 -> 0.31090056 | J31: ='Conditional Grants'!J31/'Conditional Grants'!J$91*100 -> 0.15666592 | K31: ='Conditional Grants'!K31/'Conditional Grants'!K$91*100 -> 0.30615549 | L31: ='Conditional Grants'!L31/'Conditional Grants'!L$91*100 -> 0.18178886 | M31: ='Conditional Grants'!M31/'Conditional Grants'!M$91*100 -> 0.23022145 | N31: ='Conditional Grants'!N31/'Conditional Grants'!N$91*100 -> 0.33325284 | ... Q31: ='Conditional Grants'!Q31/'Conditional Grants'!Q$91*100 -> 0.12046249 | S31: - | U31: -
A32: B | B32: Imbabazane | C32: ='Conditional Grants'!C32/'Conditional Grants %'!C$89*100 -> 0.55629055 | D32: ='Conditional Grants'!D32/'Conditional Grants %'!D$89*100 -> 0.56694101 | E32: ='Conditional Grants'!E32/'Conditional Grants %'!E$89*100 -> 0.58036129 | F32: ='Conditional Grants'!F32/'Conditional Grants %'!F$89*100 -> 0.63242193 | G32: ='Conditional Grants'!G32/'Conditional Grants'!G$91*100 -> 0.11265899 | H32: ='Conditional Grants'!H32/'Conditional Grants'!H$91*100 -> 0.10948877 | I32: ='Conditional Grants'!I32/'Conditional Grants'!I$91*100 -> 0.14238445 | J32: ='Conditional Grants'!J32/'Conditional Grants'!J$91*100 -> 0.29398088 | K32: ='Conditional Grants'!K32/'Conditional Grants'!K$91*100 -> 0.18415717 | L32: ='Conditional Grants'!L32/'Conditional Grants'!L$91*100 -> 0.23277667 | M32: ='Conditional Grants'!M32/'Conditional Grants'!M$91*100 -> 0.14929717 | N32: ='Conditional Grants'!N32/'Conditional Grants'!N$91*100 -> 0.15665967 | ... Q32: ='Conditional Grants'!Q32/'Conditional Grants'!Q$91*100 -> 0.50743938 | S32: ='Conditional Grants'!S32/'Conditional Grants'!S$91*100 -> 0.61250869 | U32: ='Conditional Grants'!U32/'Conditional Grants'!U$91*100 -> 0.67834191
A33: C | B33: Uthukela District Municipality | C33: ='Conditional Grants'!C33/'Conditional Grants %'!C$89*100 -> 2.9488507 | D33: ='Conditional Grants'!D33/'Conditional Grants %'!D$89*100 -> 3.0958773 | E33: ='Conditional Grants'!E33/'Conditional Grants %'!E$89*100 -> 3.8371834 | F33: ='Conditional Grants'!F33/'Conditional Grants %'!F$89*100 -> 3.3057724 | G33: ='Conditional Grants'!G33/'Conditional Grants'!G$91*100 -> 1.0358301 | H33: ='Conditional Grants'!H33/'Conditional Grants'!H$91*100 -> 2.8445378 | I33: ='Conditional Grants'!I33/'Conditional Grants'!I$91*100 -> 0.97799686 | J33: ='Conditional Grants'!J33/'Conditional Grants'!J$91*100 -> 1.4120634 | K33: ='Conditional Grants'!K33/'Conditional Grants'!K$91*100 -> 1.2839784 | L33: ='Conditional Grants'!L33/'Conditional Grants'!L$91*100 -> 1.5503266 | M33: ='Conditional Grants'!M33/'Conditional Grants'!M$91*100 -> 1.0210215 | N33: ='Conditional Grants'!N33/'Conditional Grants'!N$91*100 -> 1.3797898 | ... Q33: ='Conditional Grants'!Q33/'Conditional Grants'!Q$91*100 -> 1.4133217 | S33: ='Conditional Grants'!S33/'Conditional Grants'!S$91*100 -> 1.5652793 | U33: ='Conditional Grants'!U33/'Conditional Grants'!U$91*100 -> 1.6899149
A34: Total:Uthukela Municipalities | C34: ='Conditional Grants'!C34/'Conditional Grants %'!C$89*100 -> 5.3994674 | D34: ='Conditional Grants'!D34/'Conditional Grants %'!D$89*100 -> 5.2428109 | E34: ='Conditional Grants'!E34/'Conditional Grants %'!E$89*100 -> 6.8984813 | F34: ='Conditional Grants'!F34/'Conditional Grants %'!F$89*100 -> 6.5197823 | G34: ='Conditional Grants'!G34/'Conditional Grants'!G$91*100 -> 3.3115937 | H34: ='Conditional Grants'!H34/'Conditional Grants'!H$91*100 -> 5.1084848 | I34: ='Conditional Grants'!I34/'Conditional Grants'!I$91*100 -> 3.30405 | J34: ='Conditional Grants'!J34/'Conditional Grants'!J$91*100 -> 3.8957741 | K34: ='Conditional Grants'!K34/'Conditional Grants'!K$91*100 -> 3.3613091 | L34: ='Conditional Grants'!L34/'Conditional Grants'!L$91*100 -> 3.7653148 | M34: ='Conditional Grants'!M34/'Conditional Grants'!M$91*100 -> 3.0986076 | N34: ='Conditional Grants'!N34/'Conditional Grants'!N$91*100 -> 3.5620399 | ... Q34: ='Conditional Grants'!Q34/'Conditional Grants'!Q$91*100 -> 3.9806561 | S34: ='Conditional Grants'!S34/'Conditional Grants'!S$91*100 -> 3.6440511 | U34: ='Conditional Grants'!U34/'Conditional Grants'!U$91*100 -> 3.8236521
A36: B | B36: Endumeni | C36: ='Conditional Grants'!C36/'Conditional Grants %'!C$89*100 -> 0.26673184 | D36: ='Conditional Grants'!D36/'Conditional Grants %'!D$89*100 -> 0.2195239 | E36: ='Conditional Grants'!E36/'Conditional Grants %'!E$89*100 -> 0.19989872 | F36: ='Conditional Grants'!F36/'Conditional Grants %'!F$89*100 -> 0.21922575 | G36: ='Conditional Grants'!G36/'Conditional Grants'!G$91*100 -> 0.40984948 | H36: ='Conditional Grants'!H36/'Conditional Grants'!H$91*100 -> 0.42286359 | I36: ='Conditional Grants'!I36/'Conditional Grants'!I$91*100 -> 0.56985303 | J36: ='Conditional Grants'!J36/'Conditional Grants'!J$91*100 -> 0.41426223 | K36: ='Conditional Grants'!K36/'Conditional Grants'!K$91*100 -> 0.4937604 | L36: ='Conditional Grants'!L36/'Conditional Grants'!L$91*100 -> 0.52934076 | M36: ='Conditional Grants'!M36/'Conditional Grants'!M$91*100 -> 0.4042227 | N36: ='Conditional Grants'!N36/'Conditional Grants'!N$91*100 -> 0.36520023 | ... Q36: ='Conditional Grants'!Q36/'Conditional Grants'!Q$91*100 -> 0.40440134 | S36: ='Conditional Grants'!S36/'Conditional Grants'!S$91*100 -> 0.38089569 | U36: ='Conditional Grants'!U36/'Conditional Grants'!U$91*100 -> 0.38876887
A37: B | B37: Nquthu | C37: ='Conditional Grants'!C37/'Conditional Grants %'!C$89*100 -> 0.90477425 | D37: ='Conditional Grants'!D37/'Conditional Grants %'!D$89*100 -> 0.83515271 | E37: ='Conditional Grants'!E37/'Conditional Grants %'!E$89*100 -> 0.89227594 | F37: ='Conditional Grants'!F37/'Conditional Grants %'!F$89*100 -> 0.97723603 | G37: ='Conditional Grants'!G37/'Conditional Grants'!G$91*100 -> 0.097908962 | H37: ='Conditional Grants'!H37/'Conditional Grants'!H$91*100 -> 0.10859454 | I37: ='Conditional Grants'!I37/'Conditional Grants'!I$91*100 -> 0.10415348 | J37: ='Conditional Grants'!J37/'Conditional Grants'!J$91*100 -> 0.17909342 | K37: ='Conditional Grants'!K37/'Conditional Grants'!K$91*100 -> 0.14118766 | L37: ='Conditional Grants'!L37/'Conditional Grants'!L$91*100 -> 0.14985003 | M37: ='Conditional Grants'!M37/'Conditional Grants'!M$91*100 -> 0.10034794 | N37: ='Conditional Grants'!N37/'Conditional Grants'!N$91*100 -> 0.12523246 | ... Q37: ='Conditional Grants'!Q37/'Conditional Grants'!Q$91*100 -> 0.17848784 | S37: ='Conditional Grants'!S37/'Conditional Grants'!S$91*100 -> 0.2109385 | U37: ='Conditional Grants'!U37/'Conditional Grants'!U$91*100 -> 0.219991
A38: B | B38: Msinga | C38: ='Conditional Grants'!C38/'Conditional Grants %'!C$89*100 -> 0.82056481 | D38: ='Conditional Grants'!D38/'Conditional Grants %'!D$89*100 -> 0.74962136 | E38: ='Conditional Grants'!E38/'Conditional Grants %'!E$89*100 -> 0.81967686 | F38: ='Conditional Grants'!F38/'Conditional Grants %'!F$89*100 -> 0.89697951 | G38: ='Conditional Grants'!G38/'Conditional Grants'!G$91*100 -> 0.1423441 | H38: ='Conditional Grants'!H38/'Conditional Grants'!H$91*100 -> 0.13062894 | I38: ='Conditional Grants'!I38/'Conditional Grants'!I$91*100 -> 0.17239359 | J38: ='Conditional Grants'!J38/'Conditional Grants'!J$91*100 -> 0.15603913 | K38: ='Conditional Grants'!K38/'Conditional Grants'!K$91*100 -> 0.1636293 | L38: ='Conditional Grants'!L38/'Conditional Grants'!L$91*100 -> 0.16044241 | M38: ='Conditional Grants'!M38/'Conditional Grants'!M$91*100 -> 0.13286221 | N38: ='Conditional Grants'!N38/'Conditional Grants'!N$91*100 -> 0.16568396 | ... Q38: ='Conditional Grants'!Q38/'Conditional Grants'!Q$91*100 -> 0.16737413 | S38: - | U38: -
A39: B | B39: Umvoti | C39: ='Conditional Grants'!C39/'Conditional Grants %'!C$89*100 -> 0.50962804 | D39: ='Conditional Grants'!D39/'Conditional Grants %'!D$89*100 -> 0.51605805 | E39: ='Conditional Grants'!E39/'Conditional Grants %'!E$89*100 -> 0.60681934 | F39: ='Conditional Grants'!F39/'Conditional Grants %'!F$89*100 -> 0.66167066 | G39: ='Conditional Grants'!G39/'Conditional Grants'!G$91*100 -> 0.38600575 | H39: ='Conditional Grants'!H39/'Conditional Grants'!H$91*100 -> 0.26034355 | I39: ='Conditional Grants'!I39/'Conditional Grants'!I$91*100 -> 0.37076717 | J39: ='Conditional Grants'!J39/'Conditional Grants'!J$91*100 -> 0.28709505 | K39: ='Conditional Grants'!K39/'Conditional Grants'!K$91*100 -> 0.47305554 | L39: ='Conditional Grants'!L39/'Conditional Grants'!L$91*100 -> 0.26511032 | M39: ='Conditional Grants'!M39/'Conditional Grants'!M$91*100 -> 0.35791798 | N39: ='Conditional Grants'!N39/'Conditional Grants'!N$91*100 -> 0.29676117 | ... Q39: ='Conditional Grants'!Q39/'Conditional Grants'!Q$91*100 -> 0.38139794 | S39: ='Conditional Grants'!S39/'Conditional Grants'!S$91*100 -> 0.393704 | U39: ='Conditional Grants'!U39/'Conditional Grants'!U$91*100 -> 0.37256943
A40: C | B40: Umzinyathi District Municipality | C40: ='Conditional Grants'!C40/'Conditional Grants %'!C$89*100 -> 4.676077 | D40: ='Conditional Grants'!D40/'Conditional Grants %'!D$89*100 -> 4.6299613 | E40: ='Conditional Grants'!E40/'Conditional Grants %'!E$89*100 -> 4.3918617 | F40: ='Conditional Grants'!F40/'Conditional Grants %'!F$89*100 -> 4.4254342 | G40: ='Conditional Grants'!G40/'Conditional Grants'!G$91*100 -> 0.52927499 | H40: ='Conditional Grants'!H40/'Conditional Grants'!H$91*100 -> 0.30215164 | I40: ='Conditional Grants'!I40/'Conditional Grants'!I$91*100 -> 0.50422147 | J40: ='Conditional Grants'!J40/'Conditional Grants'!J$91*100 -> 0.30554554 | K40: ='Conditional Grants'!K40/'Conditional Grants'!K$91*100 -> 0.63749976 | L40: ='Conditional Grants'!L40/'Conditional Grants'!L$91*100 -> 0.53305956 | M40: ='Conditional Grants'!M40/'Conditional Grants'!M$91*100 -> 0.64517421 | N40: ='Conditional Grants'!N40/'Conditional Grants'!N$91*100 -> 0.81041211 | ... Q40: ='Conditional Grants'!Q40/'Conditional Grants'!Q$91*100 -> 0.76027561 | S40: ='Conditional Grants'!S40/'Conditional Grants'!S$91*100 -> 0.35809643 | U40: ='Conditional Grants'!U40/'Conditional Grants'!U$91*100 -> 0.08584502
A41: Total: Umzinyathi Municipalities | C41: ='Conditional Grants'!C41/'Conditional Grants %'!C$89*100 -> 7.177776 | D41: ='Conditional Grants'!D41/'Conditional Grants %'!D$89*100 -> 6.9503173 | E41: ='Conditional Grants'!E41/'Conditional Grants %'!E$89*100 -> 6.9105325 | F41: ='Conditional Grants'!F41/'Conditional Grants %'!F$89*100 -> 7.1805461 | G41: ='Conditional Grants'!G41/'Conditional Grants'!G$91*100 -> 1.5653833 | H41: ='Conditional Grants'!H41/'Conditional Grants'!H$91*100 -> 1.2245823 | I41: ='Conditional Grants'!I41/'Conditional Grants'!I$91*100 -> 1.7213887 | J41: ='Conditional Grants'!J41/'Conditional Grants'!J$91*100 -> 1.3420354 | K41: ='Conditional Grants'!K41/'Conditional Grants'!K$91*100 -> 1.9091327 | L41: ='Conditional Grants'!L41/'Conditional Grants'!L$91*100 -> 1.6378031 | M41: ='Conditional Grants'!M41/'Conditional Grants'!M$91*100 -> 1.640525 | N41: ='Conditional Grants'!N41/'Conditional Grants'!N$91*100 -> 1.7632899 | ... Q41: ='Conditional Grants'!Q41/'Conditional Grants'!Q$91*100 -> 1.8919368 | S41: ='Conditional Grants'!S41/'Conditional Grants'!S$91*100 -> 1.3436346 | U41: ='Conditional Grants'!U41/'Conditional Grants'!U$91*100 -> 1.0671743
A43: B | B43: Newcastle | C43: ='Conditional Grants'!C43/'Conditional Grants %'!C$89*100 -> 1.8437909 | D43: ='Conditional Grants'!D43/'Conditional Grants %'!D$89*100 -> 1.8218452 | E43: ='Conditional Grants'!E43/'Conditional Grants %'!E$89*100 -> 2.6319986 | F43: ='Conditional Grants'!F43/'Conditional Grants %'!F$89*100 -> 2.5729837 | G43: ='Conditional Grants'!G43/'Conditional Grants'!G$91*100 -> 2.4689683 | H43: ='Conditional Grants'!H43/'Conditional Grants'!H$91*100 -> 2.2749541 | I43: ='Conditional Grants'!I43/'Conditional Grants'!I$91*100 -> 2.5106602 | J43: ='Conditional Grants'!J43/'Conditional Grants'!J$91*100 -> 2.7545314 | K43: ='Conditional Grants'!K43/'Conditional Grants'!K$91*100 -> 2.5130363 | L43: ='Conditional Grants'!L43/'Conditional Grants'!L$91*100 -> 2.6680202 | M43: ='Conditional Grants'!M43/'Conditional Grants'!M$91*100 -> 2.4645765 | N43: ='Conditional Grants'!N43/'Conditional Grants'!N$91*100 -> 2.9066899 | ... Q43: ='Conditional Grants'!Q43/'Conditional Grants'!Q$91*100 -> 2.8119996 | S43: ='Conditional Grants'!S43/'Conditional Grants'!S$91*100 -> 2.5202951 | U43: ='Conditional Grants'!U43/'Conditional Grants'!U$91*100 -> 2.5182835
A44: B | B44: Utrecht | C44: ='Conditional Grants'!C44/'Conditional Grants %'!C$89*100 -> 0.19204857 | D44: ='Conditional Grants'!D44/'Conditional Grants %'!D$89*100 -> 0.13006888 | E44: ='Conditional Grants'!E44/'Conditional Grants %'!E$89*100 -> 0.14370933 | F44: ='Conditional Grants'!F44/'Conditional Grants %'!F$89*100 -> 0.14982358 | G44: ='Conditional Grants'!G44/'Conditional Grants'!G$91*100 -> 0.09855435 | H44: ='Conditional Grants'!H44/'Conditional Grants'!H$91*100 -> 0.097808431 | I44: ='Conditional Grants'!I44/'Conditional Grants'!I$91*100 -> 0.093801457 | J44: ='Conditional Grants'!J44/'Conditional Grants'!J$91*100 -> 0.079129684 | K44: ='Conditional Grants'!K44/'Conditional Grants'!K$91*100 -> 0.075551566 | L44: ='Conditional Grants'!L44/'Conditional Grants'!L$91*100 -> 0.087593006 | M44: ='Conditional Grants'!M44/'Conditional Grants'!M$91*100 -> 0.084690265 | N44: ='Conditional Grants'!N44/'Conditional Grants'!N$91*100 -> 0.070239243 | ... Q44: ='Conditional Grants'!Q44/'Conditional Grants'!Q$91*100 -> 0.089708662 | S44: ='Conditional Grants'!S44/'Conditional Grants'!S$91*100 -> 0.081351244 | U44: ='Conditional Grants'!U44/'Conditional Grants'!U$91*100 -> 0.061873694
